Workbook

Sheet BIL.PREV.
B1: A.V.I.S. - Associazione Volontari Italiani del Sangue | K1: 2020 | M1: =K1-1 -> 2019
A3: =" B I L A N C I O P R E V E N T I V O A N N O " &K1 -> B I L A N C I O P R E V E N T I V O A N N O 2020
A4: Cod. | B4: E N T R A T E | C4: Importo | D4: % | F4: Cod. | G4: U S C I T E | H4: Importo | I4: %
A5: =IF(C5>0.001,"ee10","") -> ee10 | B5: Contributi e Sovvenzioni Regionali | C5: 7355.84 | D5: =IF(C5>0,C5/C$35,"") -> 0.048340135 | F5: =IF(H5>0.001,"uu30","") -> uu30 | G5: Quote Associative | H5: 85527 | I5: =IF(H5>0,H5/H$35,"") -> 0.56205501
A6: =IF(C6>0.001,"ee11","") -> ee11 | B6: Altri contributi da Enti Pubblici e Privati | C6: 10960 | D6: =IF(C6>0,C6/C$35,"") -> 0.072025476 | F6: =IF(H6>0.001,"uu31","") -> uu31 | G6: Spese trasferte e rimborsi ad organi istituzionali | H6: 12000 | I6: =IF(H6>0,H6/H$35,"") -> 0.07886001
A7: =IF(C7>0.001,"ee12","") -> ee12 | B7: Quote Associative | C7: 122802.54 | D7: =IF(C7>0,C7/C$35,"") -> 0.80701746 | F7: =IF(H7>0.001,"uu32","") -> uu32 | G7: Spese x attività Avis giovani -organ.e partec.convegni-seminari- attività di formazione | H7: 3500 | I7: =IF(H7>0,H7/H$35,"") -> 0.023000836
A8: =IF(C8>0.001,"ee13","") -> ee13 | B8: Proventi da partecipazioni ad Emoservizi srl | C8: 50 | D8: =IF(C8>0,C8/C$35,"") -> 0.00032858338 | F8: =IF(H8>0.001,"uu33","") -> uu33 | G8: Spese finalità cinque per mille | H8: 500 | I8: =IF(H8>0,H8/H$35,"") -> 0.0032858338
A9: =IF(C9>0.001,"ee14","") -> ee14 | B9: Contributi cinque per mille | C9: 500 | D9: =IF(C9>0,C9/C$35,"") -> 0.0032858338 | F9: =IF(H9>0.001,"uu34","") -> uu34 | G9: Spese per pubblicità e promozione eventi | H9: 1950 | I9: =IF(H9>0,H9/H$35,"") -> 0.012814752
A10: =IF(C10>0.001,"ee15","") -> ee15 | B10: Contributi da Fondazioni | C10: 10000 | D10: =IF(C10>0,C10/C$35,"") -> 0.065716675 | F10: =IF(H10>0.001,"uu35","") -> uu35 | G10: Spese organizzazione Assemblea ed eventi | H10: 3000 | I10: =IF(H10>0,H10/H$35,"") -> 0.019715003
A11: =IF(C11>0.001,"ee16","") -> ee16 | B11: F/do Solidarietà | C11: 500 | D11: =IF(C11>0,C11/C$35,"") -> 0.0032858338 | F11: =IF(H11>0.001,"uu36","") -> uu36 | G11: Spese funzionamento segreteria-consulenza e collaborazioni professionali | H11: 1500 | I11: =IF(H11>0,H11/H$35,"") -> 0.0098575013
A12: =IF(C12>0.001,"ee17","") | D12: =IF(C12>0,C12/C$35,"") | F12: =IF(H12>0.001,"uu37","") -> uu37 | G12: Spese e Oneri Servizio Civile | H12: 2500 | I12: =IF(H12>0,H12/H$35,"") -> 0.016429169
A13: =IF(C13>0.001,"ee18","") | D13: =IF(C13>0,C13/C$35,"") | F13: =IF(H13>0.001,"uu38","") -> uu38 | G13: Spese gestione, manut. e riparazione automezzo e attrezz. | H13: 4675.57 | I13: =IF(H13>0,H13/H$35,"") -> 0.030726291
A14: =IF(C14>0.001,"ee19","") | D14: =IF(C14>0,C14/C$35,"") | F14: =IF(H14>0.001,"uu39","") -> uu39 | G14: Spese forfettarie compartecip.forniture luce, acqua e gas | H14: 100 | I14: =IF(H14>0,H14/H$35,"") -> 0.00065716675
A15: =IF(C15>0.001,"ee20","") | D15: =IF(C15>0,C15/C$35,"") | F15: =IF(H15>0.001,"uu40","") -> uu40 | G15: Spese di assicurazione | H15: 1700 | I15: =IF(H15>0,H15/H$35,"") -> 0.011171835
A16: =IF(C16>0.001,"ee21","") | D16: =IF(C16>0,C16/C$35,"") | F16: =IF(H16>0.001,"uu41","") -> uu41 | G16: Spese telefono - postali e valori bollati | H16: 2200 | I16: =IF(H16>0,H16/H$35,"") -> 0.014457669
A17: =IF(C17>0.001,"ee22","") | D17: =IF(C17>0,C17/C$35,"") | F17: =IF(H17>0.001,"uu42","") -> uu42 | G17: Spese per pulizia ed affitto locali | H17: 100 | I17: =IF(H17>0,H17/H$35,"") -> 0.00065716675
F18: =IF(H18>0.001,"uu43","") -> uu43 | G18: Spese per acquisto attrezzature e arredi | H18: 500 | I18: =IF(H18>0,H18/H$35,"") -> 0.0032858338
F19: =IF(H19>0.001,"uu44","") -> uu44 | G19: Spese di cancelleria e gestione ufficio | H19: 1500 | I19: =IF(H19>0,H19/H$35,"") -> 0.0098575013
F20: =IF(H20>0.001,"uu45","") -> uu45 | G20: Oneri fiscali e tributari | H20: 150 | I20: =IF(H20>0,H20/H$35,"") -> 0.00098575013
F21: =IF(H21>0.001,"uu46","") -> uu46 | G21: Oneri Bancari | H21: 500 | I21: =IF(H21>0,H21/H$35,"") -> 0.0032858338
F22: =IF(H22>0.001,"uu47","") -> uu47 | G22: Spese per progetti finanziati da Fondazioni e Cesv | H22: 10000 | I22: =IF(H22>0,H22/H$35,"") -> 0.065716675
F23: =IF(H23>0.001,"uu48","") -> uu48 | G23: Spese per progetti e iniziative di Solidarietà | H23: 500 | I23: =IF(H23>0,H23/H$35,"") -> 0.0032858338
F24: =IF(H24>0.001,"uu49","") -> uu49 | G24: Spese impreviste | H24: 100 | I24: =IF(H24>0,H24/H$35,"") -> 0.00065716675
F25: =IF(H25>0.001,"uu50","") -> uu50 | G25: retribuzione dipendente | H25: 2150 | I25: =IF(H25>0,H25/H$35,"") -> 0.014129085
F26: =IF(H26>0.001,"uu51","") -> uu51 | G26: oneri sociali | H26: 2200 | I26: =IF(H26>0,H26/H$35,"") -> 0.014457669
F27: =IF(H27>0.001,"uu52","") -> uu52 | G27: TFR | H27: 800 | I27: =IF(H27>0,H27/H$35,"") -> 0.005257334
F28: =IF(H28>0.001,"uu53","") -> uu53 | G28: Cofinanziamento progetto Best Choise quota corrente esercizio | H28: 14515.81 | I28: =IF(H28>0,H28/H$35,"") -> 0.095393077
F29: =IF(H29>0.001,"uu54","") | I29: =IF(H29>0,H29/H$35,"")
F30: =IF(H30>0.001,"uu55","") | I30: =IF(H30>0,H30/H$35,"")
F31: =IF(H31>0.001,"uu56","") | I31: =IF(H31>0,H31/H$35,"")
F32: =IF(H32>0.001,"uu57","") | I32: =IF(H32>0,H32/H$35,"")
B33: T O T A L E | C33: =SUM(C5:C18) -> 152168.38 | D33: =SUM(D5:D17) -> 1 | G33: T O T A L E | H33: =SUM(H5:H32) -> 152168.38 | I33: =SUM(I5:I32) -> 1
B34: =IF(K22>0,"F/Spese per progetti e iniziat. di solidarietà anno "&M1,"") | C34: =K22 -> 0 | D34: =IF(C34>0,C34/C$35,"") | G34: =IF(K30>0,"Disavanzo anno precedente - anno "&M1,"") | H34: =K30 -> 0 | I34: =IF(H34>0,H34/H$35,"")
B35: T O T A L E | C35: =SUM(C33:C34) -> 152168.38 | D35: =SUM(D33:D34) -> 1 | G35: T O T A L E | H35: =SUM(H33:H34) -> 152168.38 | I35: =SUM(I33:I34) -> 1
B36: PARTITE DI GIRO: | G36: PARTITE DI GIRO:
A37: =IF(C37>0.001,"ee24","") -> ee24 | B37: Organizzazione Assemblea Nazionale | C37: 6000 | F37: =IF(H37>0.001,"uu58","") -> uu58 | G37: Organizzazione Assemblea Nazionale | H37: =C37 -> 6000
A38: =IF(C38>0.001,"ee25","") -> ee25 | B38: Contributo da soci per partecipaz. eventi associativi | C38: 70000 | F38: =IF(H38>0.001,"uu59","") -> uu59 | G38: Spese partecipazione soci ad eventi associativi | H38: =C38 -> 70000
A39: T O T A L E E N T R A T E | C39: =SUM(C37:C38)+C35 -> 228168.38 | D39: =SUM(D35:D38) -> 1 | F39: T O T A L E U S C I T E | H39: =SUM(H37:H38)+H35 -> 228168.38 | I39: =SUM(I35:I38) -> 1
B41: Il Tesoriere | G41: Il Presidente
B42: ( ) | G42: ( )

Sheet 1^ NOTA CASSA
D5: A.V.I.S. - Associazione Volontari Italiani del Sangue
A6: =BIL.PREV.!A2:H2 -> 0
A7: PRIMA NOTA CASSA | G7: ANNO | H7: =BIL.PREV.!K1 -> 2020
A8: DATA | B8: REG. | D8: D E S C R I Z I O N E | F8: Cod. | G8: C A S S A | I8: BANCA XXXX | K8: BANCA Agricola pop | M8: S A L D O | R8: Contr. | T8: C A S S A | V8: B A N C A | X8: POSTA | AC8: Codice - Descrizione costo/ricavo | AJ8: U S C I T E
Q9: TOTALE
G10: ENTRATE | H10: USCITE | I10: ENTRATE | J10: USCITE | K10: ENTRATE | L10: USCITE | T10: ENTRATE | U10: USCITE | V10: ENTRATE | W10: USCITE | X10: ENTRATE | Y10: USCITE | AA10: Saldo bilancio | AB10: controllo | AJ10: cod | AK10: somma.più.se | AL10: cod | AM10: somma.più.se | AN10: TOTALE
A11: 39083 | B11: 1 | C11: =IF(G11+I11+K11>0,"e",IF(H11+J11+L11>0,"u",IF(G11+H11+I11+J11+K11+L11<0,""))) -> e | D11: ="Fondo Cassa al 1° gennaio "&$K$7 -> Fondo Cassa al 1° gennaio | F11: FC | G11: 434.24 | I11: 17740.45 | K11: 95.99 | M11: =+G11-H11+I11-J11+K11-L11 -> 18270.68 | N11: =(I11-J11)+(K11-L11) -> 17836.44 | O11: =IF(DISPONIBILITA!O46>=1,1,"") | P11: ee10 | Q11: =SUM(G11:L11) -> 18270.68 | AA11: =CONS.ENTR!F40-CONS.USC.!F52 -> 4218.04 | AB11: =$AA$11+M11 -> 22488.72
A12: 43837 | B12: =IF(Q12>0.00001,B11+1,"") -> 2 | C12: =IF(G12+I12+K12>0,"e",IF(H12+J12+L12>0,"u",IF(G12+H12+I12+J12+K12+L12<0,""))) -> u | D12: Competenze di chiusura anno 2019 | E12: =IF(Q12>0.0001,1) -> 1 | F12: uu46 | J12: 29.94 | M12: =IF(SUM(G12:L12)>0.00001,M11+G12-H12+I12-J12+K12-L12,"") -> 18240.74 | P12: ee11 | Q12: =SUM(G12:L12) -> 29.94 | R12: =LEFT(F12,2) -> uu | T12: =IF(R12="ee",G12,IF(R12="-u",G12,IF(R12="",G12,IF(R12="ra",G12,IF(R12="pr",G12,""))))) | U12: =IF(R12="uu",H12,IF(R12="-e",H12,IF(R12="",H12,IF(R12="rp",H12,IF(R12="ve",H12,""))))) -> 0 | V12: =IF(R12="ee",I12,IF(R12="-u",I12,IF(R12="",I12,IF(R12="ra",I12,IF(R12="ve",I12,""))))) | W12: =IF(R12="uu",J12,IF(R12="-e",J12,IF(R12="",J12,IF(R12="rp",J12,IF(R12="pr",J12,""))))) -> 29.94 | X12: =IF(R12="ee",K12,IF(R12="-u",K12,IF(R12="",K12,IF(R12="ra",K12,IF(R12="ve",K12,""))))) | Y12: =IF(R12="uu",L12,IF(R12="-e",L12,IF(R12="",L12,IF(R12="rp",L12,IF(R12="pr",L12,""))))) -> 0 | AB12: =$AA$11+M12 -> 22458.78 | AD12: =BIL.PREV.!A5 -> ee10 | AE12: =BIL.PREV.!B5 -> Contributi e Sovvenzioni Regionali | AF12: - | AG12: =CONCATENATE(AD12,AF12,AE12) -> ee10 - Contributi e Sovvenzioni Regionali | AH12: =LEFT($AC12,4) | AJ12: uu30 | AK12: =SUMIFS(Q$12:Q$1653,F$12:F$1653,"uu30") -> 0 | AL12: -u30 | AM12: =SUMIFS(Q$12:Q$1653,F$12:F$1653,"-u30") -> 0 | AN12: =AK12-AM12 -> 0
B13: =IF(Q13>0.00001,B12+1,"") | C13: =IF(G13+I13+K13>0,"e",IF(H13+J13+L13>0,"u",IF(G13+H13+I13+J13+K13+L13<0,""))) -> FALSE | E13: =IF(Q13>0.0001,1) -> FALSE | M13: =IF(SUM(G13:L13)>0.00001,M12+G13-H13+I13-J13+K13-L13,"") | P13: ee12 | Q13: =SUM(G13:L13) -> 0 | R13: =LEFT(F13,2) | T13: =IF(R13="ee",G13,IF(R13="-u",G13,IF(R13="",G13,IF(R13="ra",G13,IF(R13="pr",G13,""))))) -> 0 | U13: =IF(R13="uu",H13,IF(R13="-e",H13,IF(R13="",H13,IF(R13="rp",H13,IF(R13="ve",H13,""))))) -> 0 | V13: =IF(R13="ee",I13,IF(R13="-u",I13,IF(R13="",I13,IF(R13="ra",I13,IF(R13="ve",I13,""))))) -> 0 | W13: =IF(R13="uu",J13,IF(R13="-e",J13,IF(R13="",J13,IF(R13="rp",J13,IF(R13="pr",J13,""))))) -> 0 | X13: =IF(R13="ee",K13,IF(R13="-u",K13,IF(R13="",K13,IF(R13="ra",K13,IF(R13="ve",K13,""))))) -> 0 | Y13: =IF(R13="uu",L13,IF(R13="-e",L13,IF(R13="",L13,IF(R13="rp",L13,IF(R13="pr",L13,""))))) -> 0 | AB13: =$AA$11+M13 -> #VALUE! | AD13: =BIL.PREV.!A6 -> ee11 | AE13: =BIL.PREV.!B6 -> Altri contributi da Enti Pubblici e Privati | AF13: - | AG13: =CONCATENATE(AD13,AF13,AE13) -> ee11 - Altri contributi da Enti Pubblici e Privati | AH13: =LEFT($AC13,4) | AJ13: uu31 | AK13: =SUMIFS(Q$12:Q$1653,F$12:F$1653,"uu31") -> 0 | AL13: -u31 | AM13: =SUMIFS(Q$12:Q$1653,F$12:F$1653,"-u31") -> 0 | AN13: =AK13-AM13 -> 0
B14: =IF(Q14>0.00001,B13+1,"") | C14: =IF(G14+I14+K14>0,"e",IF(H14+J14+L14>0,"u",IF(G14+H14+I14+J14+K14+L14<0,""))) -> FALSE | E14: =IF(Q14>0.0001,1) -> FALSE | M14: =IF(SUM(G14:L14)>0.00001,M13+G14-H14+I14-J14+K14-L14,"") | P14: ee13 | Q14: =SUM(G14:L14) -> 0 | R14: =LEFT(F14,2) | T14: =IF(R14="ee",G14,IF(R14="-u",G14,IF(R14="",G14,IF(R14="ra",G14,IF(R14="pr",G14,""))))) -> 0 | U14: =IF(R14="uu",H14,IF(R14="-e",H14,IF(R14="",H14,IF(R14="rp",H14,IF(R14="ve",H14,""))))) -> 0 | V14: =IF(R14="ee",I14,IF(R14="-u",I14,IF(R14="",I14,IF(R14="ra",I14,IF(R14="ve",I14,""))))) -> 0 | W14: =IF(R14="uu",J14,IF(R14="-e",J14,IF(R14="",J14,IF(R14="rp",J14,IF(R14="pr",J14,""))))) -> 0 | X14: =IF(R14="ee",K14,IF(R14="-u",K14,IF(R14="",K14,IF(R14="ra",K14,IF(R14="ve",K14,""))))) -> 0 | Y14: =IF(R14="uu",L14,IF(R14="-e",L14,IF(R14="",L14,IF(R14="rp",L14,IF(R14="pr",L14,""))))) -> 0 | AB14: =$AA$11+M14 -> #VALUE! | AD14: =BIL.PREV.!A7 -> ee12 | AE14: =BIL.PREV.!B7 -> Quote Associative | AF14: - | AG14: =CONCATENATE(AD14,AF14,AE14) -> ee12 - Quote Associative | AH14: =LEFT($AC14,4) | AJ14: uu32 | AK14: =SUMIFS(Q$12:Q$1653,F$12:F$1653,"uu32") -> 0 | AL14: -u32 | AM14: =SUMIFS(Q$12:Q$1653,F$12:F$1653,"-u32") -> 0 | AN14: =AK14-AM14 -> 0
B15: =IF(Q15>0.00001,B14+1,"") | C15: =IF(G15+I15+K15>0,"e",IF(H15+J15+L15>0,"u",IF(G15+H15+I15+J15+K15+L15<0,""))) -> FALSE | E15: =IF(Q15>0.0001,1) -> FALSE | M15: =IF(SUM(G15:L15)>0.00001,M14+G15-H15+I15-J15+K15-L15,"") | P15: ee14 | Q15: =SUM(G15:L15) -> 0 | R15: =LEFT(F15,2) | T15: =IF(R15="ee",G15,IF(R15="-u",G15,IF(R15="",G15,IF(R15="ra",G15,IF(R15="pr",G15,""))))) -> 0 | U15: =IF(R15="uu",H15,IF(R15="-e",H15,IF(R15="",H15,IF(R15="rp",H15,IF(R15="ve",H15,""))))) -> 0 | V15: =IF(R15="ee",I15,IF(R15="-u",I15,IF(R15="",I15,IF(R15="ra",I15,IF(R15="ve",I15,""))))) -> 0 | W15: =IF(R15="uu",J15,IF(R15="-e",J15,IF(R15="",J15,IF(R15="rp",J15,IF(R15="pr",J15,""))))) -> 0 | X15: =IF(R15="ee",K15,IF(R15="-u",K15,IF(R15="",K15,IF(R15="ra",K15,IF(R15="ve",K15,""))))) -> 0 | Y15: =IF(R15="uu",L15,IF(R15="-e",L15,IF(R15="",L15,IF(R15="rp",L15,IF(R15="pr",L15,""))))) -> 0 | AB15: =$AA$11+M15 -> #VALUE! | AD15: =BIL.PREV.!A8 -> ee13 | AE15: =BIL.PREV.!B8 -> Proventi da partecipazioni ad Emoservizi srl | AF15: - | AG15: =CONCATENATE(AD15,AF15,AE15) -> ee13 - Proventi da partecipazioni ad Emoservizi srl | AH15: =LEFT($AC15,4) | AJ15: uu33 | AK15: =SUMIFS(Q$12:Q$1653,F$12:F$1653,"uu33") -> 0 | AL15: -u33 | AM15: =SUMIFS(Q$12:Q$1653,F$12:F$1653,"-u33") -> 0 | AN15: =AK15-AM15 -> 0
B16: =IF(Q16>0.00001,B15+1,"") | C16: =IF(G16+I16+K16>0,"e",IF(H16+J16+L16>0,"u",IF(G16+H16+I16+J16+K16+L16<0,""))) -> FALSE | E16: =IF(Q16>0.0001,1) -> FALSE | M16: =IF(SUM(G16:L16)>0.00001,M15+G16-H16+I16-J16+K16-L16,"") | P16: ee15 | Q16: =SUM(G16:L16) -> 0 | R16: =LEFT(F16,2) | T16: =IF(R16="ee",G16,IF(R16="-u",G16,IF(R16="",G16,IF(R16="ra",G16,IF(R16="pr",G16,""))))) -> 0 | U16: =IF(R16="uu",H16,IF(R16="-e",H16,IF(R16="",H16,IF(R16="rp",H16,IF(R16="ve",H16,""))))) -> 0 | V16: =IF(R16="ee",I16,IF(R16="-u",I16,IF(R16="",I16,IF(R16="ra",I16,IF(R16="ve",I16,""))))) -> 0 | W16: =IF(R16="uu",J16,IF(R16="-e",J16,IF(R16="",J16,IF(R16="rp",J16,IF(R16="pr",J16,""))))) -> 0 | X16: =IF(R16="ee",K16,IF(R16="-u",K16,IF(R16="",K16,IF(R16="ra",K16,IF(R16="ve",K16,""))))) -> 0 | Y16: =IF(R16="uu",L16,IF(R16="-e",L16,IF(R16="",L16,IF(R16="rp",L16,IF(R16="pr",L16,""))))) -> 0 | AB16: =$AA$11+M16 -> #VALUE! | AD16: =BIL.PREV.!A9 -> ee14 | AE16: =BIL.PREV.!B9 -> Contributi cinque per mille | AF16: - | AG16: =CONCATENATE(AD16,AF16,AE16) -> ee14 - Contributi cinque per mille | AH16: =LEFT($AC16,4) | AJ16: uu34 | AK16: =SUMIFS(Q$12:Q$1653,F$12:F$1653,"uu34") -> 0 | AL16: -u34 | AM16: =SUMIFS(Q$12:Q$1653,F$12:F$1653,"-u34") -> 0 | AN16: =AK16-AM16 -> 0
B17: =IF(Q17>0.00001,B16+1,"") | C17: =IF(G17+I17+K17>0,"e",IF(H17+J17+L17>0,"u",IF(G17+H17+I17+J17+K17+L17<0,""))) -> FALSE | E17: =IF(Q17>0.0001,1) -> FALSE | M17: =IF(SUM(G17:L17)>0.00001,M16+G17-H17+I17-J17+K17-L17,"") | P17: ee16 | Q17: =SUM(G17:L17) -> 0 | R17: =LEFT(F17,2) | T17: =IF(R17="ee",G17,IF(R17="-u",G17,IF(R17="",G17,IF(R17="ra",G17,IF(R17="pr",G17,""))))) -> 0 | U17: =IF(R17="uu",H17,IF(R17="-e",H17,IF(R17="",H17,IF(R17="rp",H17,IF(R17="ve",H17,""))))) -> 0 | V17: =IF(R17="ee",I17,IF(R17="-u",I17,IF(R17="",I17,IF(R17="ra",I17,IF(R17="ve",I17,""))))) -> 0 | W17: =IF(R17="uu",J17,IF(R17="-e",J17,IF(R17="",J17,IF(R17="rp",J17,IF(R17="pr",J17,""))))) -> 0 | X17: =IF(R17="ee",K17,IF(R17="-u",K17,IF(R17="",K17,IF(R17="ra",K17,IF(R17="ve",K17,""))))) -> 0 | Y17: =IF(R17="uu",L17,IF(R17="-e",L17,IF(R17="",L17,IF(R17="rp",L17,IF(R17="pr",L17,""))))) -> 0 | AB17: =$AA$11+M17 -> #VALUE! | AD17: =BIL.PREV.!A10 -> ee15 | AE17: =BIL.PREV.!B10 -> Contributi da Fondazioni | AF17: - | AG17: =CONCATENATE(AD17,AF17,AE17) -> ee15 - Contributi da Fondazioni | AH17: =LEFT($AC17,4) | AJ17: uu35 | AK17: =SUMIFS(Q$12:Q$1653,F$12:F$1653,"uu35") -> 0 | AL17: -u35 | AM17: =SUMIFS(Q$12:Q$1653,F$12:F$1653,"-u35") -> 0 | AN17: =AK17-AM17 -> 0
B18: =IF(Q18>0.00001,B17+1,"") | C18: =IF(G18+I18+K18>0,"e",IF(H18+J18+L18>0,"u",IF(G18+H18+I18+J18+K18+L18<0,""))) -> FALSE | E18: =IF(Q18>0.0001,1) -> FALSE | M18: =IF(SUM(G18:L18)>0.00001,M17+G18-H18+I18-J18+K18-L18,"") | P18: ee17 | Q18: =SUM(G18:L18) -> 0 | R18: =LEFT(F18,2) | T18: =IF(R18="ee",G18,IF(R18="-u",G18,IF(R18="",G18,IF(R18="ra",G18,IF(R18="pr",G18,""))))) -> 0 | U18: =IF(R18="uu",H18,IF(R18="-e",H18,IF(R18="",H18,IF(R18="rp",H18,IF(R18="ve",H18,""))))) -> 0 | V18: =IF(R18="ee",I18,IF(R18="-u",I18,IF(R18="",I18,IF(R18="ra",I18,IF(R18="ve",I18,""))))) -> 0 | W18: =IF(R18="uu",J18,IF(R18="-e",J18,IF(R18="",J18,IF(R18="rp",J18,IF(R18="pr",J18,""))))) -> 0 | X18: =IF(R18="ee",K18,IF(R18="-u",K18,IF(R18="",K18,IF(R18="ra",K18,IF(R18="ve",K18,""))))) -> 0 | Y18: =IF(R18="uu",L18,IF(R18="-e",L18,IF(R18="",L18,IF(R18="rp",L18,IF(R18="pr",L18,""))))) -> 0 | AB18: =$AA$11+M18 -> #VALUE! | AD18: =BIL.PREV.!A11 -> ee16 | AE18: =BIL.PREV.!B11 -> F/do Solidarietà | AF18: - | AG18: =CONCATENATE(AD18,AF18,AE18) -> ee16 - F/do Solidarietà | AH18: =LEFT($AC18,4) | AJ18: uu36 | AK18: =SUMIFS(Q$12:Q$1653,F$12:F$1653,"uu36") -> 0 | AL18: -u36 | AM18: =SUMIFS(Q$12:Q$1653,F$12:F$1653,"-u36") -> 0 | AN18: =AK18-AM18 -> 0
B19: =IF(Q19>0.00001,B18+1,"") | C19: =IF(G19+I19+K19>0,"e",IF(H19+J19+L19>0,"u",IF(G19+H19+I19+J19+K19+L19<0,""))) -> FALSE | E19: =IF(Q19>0.0001,1) -> FALSE | M19: =IF(SUM(G19:L19)>0.00001,M18+G19-H19+I19-J19+K19-L19,"") | P19: ee18 | Q19: =SUM(G19:L19) -> 0 | R19: =LEFT(F19,2) | T19: =IF(R19="ee",G19,IF(R19="-u",G19,IF(R19="",G19,IF(R19="ra",G19,IF(R19="pr",G19,""))))) -> 0 | U19: =IF(R19="uu",H19,IF(R19="-e",H19,IF(R19="",H19,IF(R19="rp",H19,IF(R19="ve",H19,""))))) -> 0 | V19: =IF(R19="ee",I19,IF(R19="-u",I19,IF(R19="",I19,IF(R19="ra",I19,IF(R19="ve",I19,""))))) -> 0 | W19: =IF(R19="uu",J19,IF(R19="-e",J19,IF(R19="",J19,IF(R19="rp",J19,IF(R19="pr",J19,""))))) -> 0 | X19: =IF(R19="ee",K19,IF(R19="-u",K19,IF(R19="",K19,IF(R19="ra",K19,IF(R19="ve",K19,""))))) -> 0 | Y19: =IF(R19="uu",L19,IF(R19="-e",L19,IF(R19="",L19,IF(R19="rp",L19,IF(R19="pr",L19,""))))) -> 0 | AB19: =$AA$11+M19 -> #VALUE! | AD19: =BIL.PREV.!A12 | AE19: =BIL.PREV.!B12 -> 0 | AF19: - | AG19: =CONCATENATE(AD19,AF19,AE19) -> - 0 | AH19: =LEFT($AC19,4) | AJ19: uu37 | AK19: =SUMIFS(Q$12:Q$1653,F$12:F$1653,"uu37") -> 0 | AL19: -u37 | AM19: =SUMIFS(Q$12:Q$1653,F$12:F$1653,"-u37") -> 0 | AN19: =AK19-AM19 -> 0
B20: =IF(Q20>0.00001,B19+1,"") | C20: =IF(G20+I20+K20>0,"e",IF(H20+J20+L20>0,"u",IF(G20+H20+I20+J20+K20+L20<0,""))) -> FALSE | E20: =IF(Q20>0.0001,1) -> FALSE | M20: =IF(SUM(G20:L20)>0.00001,M19+G20-H20+I20-J20+K20-L20,"") | P20: ee19 | Q20: =SUM(G20:L20) -> 0 | R20: =LEFT(F20,2) | T20: =IF(R20="ee",G20,IF(R20="-u",G20,IF(R20="",G20,IF(R20="ra",G20,IF(R20="pr",G20,""))))) -> 0 | U20: =IF(R20="uu",H20,IF(R20="-e",H20,IF(R20="",H20,IF(R20="rp",H20,IF(R20="ve",H20,""))))) -> 0 | V20: =IF(R20="ee",I20,IF(R20="-u",I20,IF(R20="",I20,IF(R20="ra",I20,IF(R20="ve",I20,""))))) -> 0 | W20: =IF(R20="uu",J20,IF(R20="-e",J20,IF(R20="",J20,IF(R20="rp",J20,IF(R20="pr",J20,""))))) -> 0 | X20: =IF(R20="ee",K20,IF(R20="-u",K20,IF(R20="",K20,IF(R20="ra",K20,IF(R20="ve",K20,""))))) -> 0 | Y20: =IF(R20="uu",L20,IF(R20="-e",L20,IF(R20="",L20,IF(R20="rp",L20,IF(R20="pr",L20,""))))) -> 0 | AB20: =$AA$11+M20 -> #VALUE! | AD20: =BIL.PREV.!A13 | AE20: =BIL.PREV.!B13 -> 0 | AF20: - | AG20: =CONCATENATE(AD20,AF20,AE20) -> - 0 | AH20: =LEFT($AC20,4) | AJ20: uu38 | AK20: =SUMIFS(Q$12:Q$1653,F$12:F$1653,"uu38") -> 0 | AL20: -u38 | AM20: =SUMIFS(Q$12:Q$1653,F$12:F$1653,"-u38") -> 0 | AN20: =AK20-AM20 -> 0
B21: =IF(Q21>0.00001,B20+1,"") | C21: =IF(G21+I21+K21>0,"e",IF(H21+J21+L21>0,"u",IF(G21+H21+I21+J21+K21+L21<0,""))) -> FALSE | E21: =IF(Q21>0.0001,1) -> FALSE | M21: =IF(SUM(G21:L21)>0.00001,M20+G21-H21+I21-J21+K21-L21,"") | P21: ee20 | Q21: =SUM(G21:L21) -> 0 | R21: =LEFT(F21,2) | T21: =IF(R21="ee",G21,IF(R21="-u",G21,IF(R21="",G21,IF(R21="ra",G21,IF(R21="pr",G21,""))))) -> 0 | U21: =IF(R21="uu",H21,IF(R21="-e",H21,IF(R21="",H21,IF(R21="rp",H21,IF(R21="ve",H21,""))))) -> 0 | V21: =IF(R21="ee",I21,IF(R21="-u",I21,IF(R21="",I21,IF(R21="ra",I21,IF(R21="ve",I21,""))))) -> 0 | W21: =IF(R21="uu",J21,IF(R21="-e",J21,IF(R21="",J21,IF(R21="rp",J21,IF(R21="pr",J21,""))))) -> 0 | X21: =IF(R21="ee",K21,IF(R21="-u",K21,IF(R21="",K21,IF(R21="ra",K21,IF(R21="ve",K21,""))))) -> 0 | Y21: =IF(R21="uu",L21,IF(R21="-e",L21,IF(R21="",L21,IF(R21="rp",L21,IF(R21="pr",L21,""))))) -> 0 | AB21: =$AA$11+M21 -> #VALUE! | AD21: =BIL.PREV.!A14 | AE21: =BIL.PREV.!B14 -> 0 | AF21: - | AG21: =CONCATENATE(AD21,AF21,AE21) -> - 0 | AH21: =LEFT($AC21,4) | AJ21: uu39 | AK21: =SUMIFS(Q$12:Q$1653,F$12:F$1653,"uu39") -> 0 | AL21: -u39 | AM21: =SUMIFS(Q$12:Q$1653,F$12:F$1653,"-u39") -> 0 | AN21: =AK21-AM21 -> 0
B22: =IF(Q22>0.00001,B21+1,"") | C22: =IF(G22+I22+K22>0,"e",IF(H22+J22+L22>0,"u",IF(G22+H22+I22+J22+K22+L22<0,""))) -> FALSE | E22: =IF(Q22>0.0001,1) -> FALSE | M22: =IF(SUM(G22:L22)>0.00001,M21+G22-H22+I22-J22+K22-L22,"") | P22: ee21 | Q22: =SUM(G22:L22) -> 0 | R22: =LEFT(F22,2) | T22: =IF(R22="ee",G22,IF(R22="-u",G22,IF(R22="",G22,IF(R22="ra",G22,IF(R22="pr",G22,""))))) -> 0 | U22: =IF(R22="uu",H22,IF(R22="-e",H22,IF(R22="",H22,IF(R22="rp",H22,IF(R22="ve",H22,""))))) -> 0 | V22: =IF(R22="ee",I22,IF(R22="-u",I22,IF(R22="",I22,IF(R22="ra",I22,IF(R22="ve",I22,""))))) -> 0 | W22: =IF(R22="uu",J22,IF(R22="-e",J22,IF(R22="",J22,IF(R22="rp",J22,IF(R22="pr",J22,""))))) -> 0 | X22: =IF(R22="ee",K22,IF(R22="-u",K22,IF(R22="",K22,IF(R22="ra",K22,IF(R22="ve",K22,""))))) -> 0 | Y22: =IF(R22="uu",L22,IF(R22="-e",L22,IF(R22="",L22,IF(R22="rp",L22,IF(R22="pr",L22,""))))) -> 0 | AB22: =$AA$11+M22 -> #VALUE! | AD22: =BIL.PREV.!A15 | AE22: =BIL.PREV.!B15 -> 0 | AF22: - | AG22: =CONCATENATE(AD22,AF22,AE22) -> - 0 | AH22: =LEFT($AC22,4) | AJ22: uu40 | AK22: =SUMIFS(Q$12:Q$1653,F$12:F$1653,"uu40") -> 0 | AL22: -u40 | AM22: =SUMIFS(Q$12:Q$1653,F$12:F$1653,"-u40") -> 0 | AN22: =AK22-AM22 -> 0
B23: =IF(Q23>0.00001,B22+1,"") | C23: =IF(G23+I23+K23>0,"e",IF(H23+J23+L23>0,"u",IF(G23+H23+I23+J23+K23+L23<0,""))) -> FALSE | E23: =IF(Q23>0.0001,1) -> FALSE | M23: =IF(SUM(G23:L23)>0.00001,M22+G23-H23+I23-J23+K23-L23,"") | P23: ee22 | Q23: =SUM(G23:L23) -> 0 | R23: =LEFT(F23,2) | T23: =IF(R23="ee",G23,IF(R23="-u",G23,IF(R23="",G23,IF(R23="ra",G23,IF(R23="pr",G23,""))))) -> 0 | U23: =IF(R23="uu",H23,IF(R23="-e",H23,IF(R23="",H23,IF(R23="rp",H23,IF(R23="ve",H23,""))))) -> 0 | V23: =IF(R23="ee",I23,IF(R23="-u",I23,IF(R23="",I23,IF(R23="ra",I23,IF(R23="ve",I23,""))))) -> 0 | W23: =IF(R23="uu",J23,IF(R23="-e",J23,IF(R23="",J23,IF(R23="rp",J23,IF(R23="pr",J23,""))))) -> 0 | X23: =IF(R23="ee",K23,IF(R23="-u",K23,IF(R23="",K23,IF(R23="ra",K23,IF(R23="ve",K23,""))))) -> 0 | Y23: =IF(R23="uu",L23,IF(R23="-e",L23,IF(R23="",L23,IF(R23="rp",L23,IF(R23="pr",L23,""))))) -> 0 | AB23: =$AA$11+M23 -> #VALUE! | AD23: =BIL.PREV.!A16 | AE23: =BIL.PREV.!B16 -> 0 | AF23: - | AG23: =CONCATENATE(AD23,AF23,AE23) -> - 0 | AH23: =LEFT($AC23,4) | AJ23: uu41 | AK23: =SUMIFS(Q$12:Q$1653,F$12:F$1653,"uu41") -> 0 | AL23: -u41 | AM23: =SUMIFS(Q$12:Q$1653,F$12:F$1653,"-u41") -> 0 | AN23: =AK23-AM23 -> 0 | AT23: 1
B24: =IF(Q24>0.00001,B23+1,"") | C24: =IF(G24+I24+K24>0,"e",IF(H24+J24+L24>0,"u",IF(G24+H24+I24+J24+K24+L24<0,""))) -> FALSE | E24: =IF(Q24>0.0001,1) -> FALSE | M24: =IF(SUM(G24:L24)>0.00001,M23+G24-H24+I24-J24+K24-L24,"") | P24: ee23 | Q24: =SUM(G24:L24) -> 0 | R24: =LEFT(F24,2) | T24: =IF(R24="ee",G24,IF(R24="-u",G24,IF(R24="",G24,IF(R24="ra",G24,IF(R24="pr",G24,""))))) -> 0 | U24: =IF(R24="uu",H24,IF(R24="-e",H24,IF(R24="",H24,IF(R24="rp",H24,IF(R24="ve",H24,""))))) -> 0 | V24: =IF(R24="ee",I24,IF(R24="-u",I24,IF(R24="",I24,IF(R24="ra",I24,IF(R24="ve",I24,""))))) -> 0 | W24: =IF(R24="uu",J24,IF(R24="-e",J24,IF(R24="",J24,IF(R24="rp",J24,IF(R24="pr",J24,""))))) -> 0 | X24: =IF(R24="ee",K24,IF(R24="-u",K24,IF(R24="",K24,IF(R24="ra",K24,IF(R24="ve",K24,""))))) -> 0 | Y24: =IF(R24="uu",L24,IF(R24="-e",L24,IF(R24="",L24,IF(R24="rp",L24,IF(R24="pr",L24,""))))) -> 0 | AB24: =$AA$11+M24 -> #VALUE! | AD24: =BIL.PREV.!A17 | AE24: =BIL.PREV.!B17 -> 0 | AF24: - | AG24: =CONCATENATE(AD24,AF24,AE24) -> - 0 | AH24: =LEFT($AC24,4) | AJ24: uu42 | AK24: =SUMIFS(Q$12:Q$1653,F$12:F$1653,"uu42") -> 0 | AL24: -u42 | AM24: =SUMIFS(Q$12:Q$1653,F$12:F$1653,"-u42") -> 0 | AN24: =AK24-AM24 -> 0
B25: =IF(Q25>0.00001,B24+1,"") | C25: =IF(G25+I25+K25>0,"e",IF(H25+J25+L25>0,"u",IF(G25+H25+I25+J25+K25+L25<0,""))) -> FALSE | E25: =IF(Q25>0.0001,1) -> FALSE | M25: =IF(SUM(G25:L25)>0.00001,M24+G25-H25+I25-J25+K25-L25,"") | P25: ee24 | Q25: =SUM(G25:L25) -> 0 | R25: =LEFT(F25,2) | T25: =IF(R25="ee",G25,IF(R25="-u",G25,IF(R25="",G25,IF(R25="ra",G25,IF(R25="pr",G25,""))))) -> 0 | U25: =IF(R25="uu",H25,IF(R25="-e",H25,IF(R25="",H25,IF(R25="rp",H25,IF(R25="ve",H25,""))))) -> 0 | V25: =IF(R25="ee",I25,IF(R25="-u",I25,IF(R25="",I25,IF(R25="ra",I25,IF(R25="ve",I25,""))))) -> 0 | W25: =IF(R25="uu",J25,IF(R25="-e",J25,IF(R25="",J25,IF(R25="rp",J25,IF(R25="pr",J25,""))))) -> 0 | X25: =IF(R25="ee",K25,IF(R25="-u",K25,IF(R25="",K25,IF(R25="ra",K25,IF(R25="ve",K25,""))))) -> 0 | Y25: =IF(R25="uu",L25,IF(R25="-e",L25,IF(R25="",L25,IF(R25="rp",L25,IF(R25="pr",L25,""))))) -> 0 | AB25: =$AA$11+M25 -> #VALUE! | AD25: =BIL.PREV.!A18 -> 0 | AE25: =BIL.PREV.!B18 -> 0 | AF25: - | AG25: =CONCATENATE(AD25,AF25,AE25) -> 0 - 0 | AH25: =LEFT($AC25,4) | AJ25: uu43 | AK25: =SUMIFS(Q$12:Q$1653,F$12:F$1653,"uu43") -> 0 | AL25: -u43 | AM25: =SUMIFS(Q$12:Q$1653,F$12:F$1653,"-u43") -> 0 | AN25: =AK25-AM25 -> 0
B26: =IF(Q26>0.00001,B25+1,"") | C26: =IF(G26+I26+K26>0,"e",IF(H26+J26+L26>0,"u",IF(G26+H26+I26+J26+K26+L26<0,""))) -> FALSE | E26: =IF(Q26>0.0001,1) -> FALSE | M26: =IF(SUM(G26:L26)>0.00001,M25+G26-H26+I26-J26+K26-L26,"") | P26: ee25 | Q26: =SUM(G26:L26) -> 0 | R26: =LEFT(F26,2) | T26: =IF(R26="ee",G26,IF(R26="-u",G26,IF(R26="",G26,IF(R26="ra",G26,IF(R26="pr",G26,""))))) -> 0 | U26: =IF(R26="uu",H26,IF(R26="-e",H26,IF(R26="",H26,IF(R26="rp",H26,IF(R26="ve",H26,""))))) -> 0 | V26: =IF(R26="ee",I26,IF(R26="-u",I26,IF(R26="",I26,IF(R26="ra",I26,IF(R26="ve",I26,""))))) -> 0 | W26: =IF(R26="uu",J26,IF(R26="-e",J26,IF(R26="",J26,IF(R26="rp",J26,IF(R26="pr",J26,""))))) -> 0 | X26: =IF(R26="ee",K26,IF(R26="-u",K26,IF(R26="",K26,IF(R26="ra",K26,IF(R26="ve",K26,""))))) -> 0 | Y26: =IF(R26="uu",L26,IF(R26="-e",L26,IF(R26="",L26,IF(R26="rp",L26,IF(R26="pr",L26,""))))) -> 0 | AB26: =$AA$11+M26 -> #VALUE! | AD26: =BIL.PREV.!A19 -> 0 | AE26: =BIL.PREV.!B19 -> 0 | AF26: - | AG26: =CONCATENATE(AD26,AF26,AE26) -> 0 - 0 | AH26: =LEFT($AC26,4) | AJ26: uu44 | AK26: =SUMIFS(Q$12:Q$1653,F$12:F$1653,"uu44") -> 0 | AL26: -u44 | AM26: =SUMIFS(Q$12:Q$1653,F$12:F$1653,"-u44") -> 0 | AN26: =AK26-AM26 -> 0
B27: =IF(Q27>0.00001,B26+1,"") | C27: =IF(G27+I27+K27>0,"e",IF(H27+J27+L27>0,"u",IF(G27+H27+I27+J27+K27+L27<0,""))) -> FALSE | E27: =IF(Q27>0.0001,1) -> FALSE | M27: =IF(SUM(G27:L27)>0.00001,M26+G27-H27+I27-J27+K27-L27,"") | Q27: =SUM(G27:L27) -> 0 | R27: =LEFT(F27,2) | T27: =IF(R27="ee",G27,IF(R27="-u",G27,IF(R27="",G27,IF(R27="ra",G27,IF(R27="pr",G27,""))))) -> 0 | U27: =IF(R27="uu",H27,IF(R27="-e",H27,IF(R27="",H27,IF(R27="rp",H27,IF(R27="ve",H27,""))))) -> 0 | V27: =IF(R27="ee",I27,IF(R27="-u",I27,IF(R27="",I27,IF(R27="ra",I27,IF(R27="ve",I27,""))))) -> 0 | W27: =IF(R27="uu",J27,IF(R27="-e",J27,IF(R27="",J27,IF(R27="rp",J27,IF(R27="pr",J27,""))))) -> 0 | X27: =IF(R27="ee",K27,IF(R27="-u",K27,IF(R27="",K27,IF(R27="ra",K27,IF(R27="ve",K27,""))))) -> 0 | Y27: =IF(R27="uu",L27,IF(R27="-e",L27,IF(R27="",L27,IF(R27="rp",L27,IF(R27="pr",L27,""))))) -> 0 | AB27: =$AA$11+M27 -> #VALUE! | AD27: =BIL.PREV.!A20 -> 0 | AE27: =BIL.PREV.!B20 -> 0 | AF27: - | AG27: =CONCATENATE(AD27,AF27,AE27) -> 0 - 0 | AH27: =LEFT($AC27,4) | AJ27: uu45 | AK27: =SUMIFS(Q$12:Q$1653,F$12:F$1653,"uu45") -> 0 | AL27: -u45 | AM27: =SUMIFS(Q$12:Q$1653,F$12:F$1653,"-u45") -> 0 | AN27: =AK27-AM27 -> 0
B28: =IF(Q28>0.00001,B27+1,"") | C28: =IF(G28+I28+K28>0,"e",IF(H28+J28+L28>0,"u",IF(G28+H28+I28+J28+K28+L28<0,""))) -> FALSE | E28: =IF(Q28>0.0001,1) -> FALSE | M28: =IF(SUM(G28:L28)>0.00001,M27+G28-H28+I28-J28+K28-L28,"") | Q28: =SUM(G28:L28) -> 0 | R28: =LEFT(F28,2) | T28: =IF(R28="ee",G28,IF(R28="-u",G28,IF(R28="",G28,IF(R28="ra",G28,IF(R28="pr",G28,""))))) -> 0 | U28: =IF(R28="uu",H28,IF(R28="-e",H28,IF(R28="",H28,IF(R28="rp",H28,IF(R28="ve",H28,""))))) -> 0 | V28: =IF(R28="ee",I28,IF(R28="-u",I28,IF(R28="",I28,IF(R28="ra",I28,IF(R28="ve",I28,""))))) -> 0 | W28: =IF(R28="uu",J28,IF(R28="-e",J28,IF(R28="",J28,IF(R28="rp",J28,IF(R28="pr",J28,""))))) -> 0 | X28: =IF(R28="ee",K28,IF(R28="-u",K28,IF(R28="",K28,IF(R28="ra",K28,IF(R28="ve",K28,""))))) -> 0 | Y28: =IF(R28="uu",L28,IF(R28="-e",L28,IF(R28="",L28,IF(R28="rp",L28,IF(R28="pr",L28,""))))) -> 0 | AB28: =$AA$11+M28 -> #VALUE! | AD28: =BIL.PREV.!A21 -> 0 | AE28: =BIL.PREV.!B21 -> 0 | AF28: - | AG28: =CONCATENATE(AD28,AF28,AE28) -> 0 - 0 | AH28: =LEFT($AC28,4) | AJ28: uu46 | AK28: =SUMIFS(Q$12:Q$1653,F$12:F$1653,"uu46") -> 29.94 | AL28: -u46 | AM28: =SUMIFS(Q$12:Q$1653,F$12:F$1653,"-u46") -> 0 | AN28: =AK28-AM28 -> 29.94
B29: =IF(Q29>0.00001,B28+1,"") | C29: =IF(G29+I29+K29>0,"e",IF(H29+J29+L29>0,"u",IF(G29+H29+I29+J29+K29+L29<0,""))) -> FALSE | E29: =IF(Q29>0.0001,1) -> FALSE | M29: =IF(SUM(G29:L29)>0.00001,M28+G29-H29+I29-J29+K29-L29,"") | P29: -e10 | Q29: =SUM(G29:L29) -> 0 | R29: =LEFT(F29,2) | T29: =IF(R29="ee",G29,IF(R29="-u",G29,IF(R29="",G29,IF(R29="ra",G29,IF(R29="pr",G29,""))))) -> 0 | U29: =IF(R29="uu",H29,IF(R29="-e",H29,IF(R29="",H29,IF(R29="rp",H29,IF(R29="ve",H29,""))))) -> 0 | V29: =IF(R29="ee",I29,IF(R29="-u",I29,IF(R29="",I29,IF(R29="ra",I29,IF(R29="ve",I29,""))))) -> 0 | W29: =IF(R29="uu",J29,IF(R29="-e",J29,IF(R29="",J29,IF(R29="rp",J29,IF(R29="pr",J29,""))))) -> 0 | X29: =IF(R29="ee",K29,IF(R29="-u",K29,IF(R29="",K29,IF(R29="ra",K29,IF(R29="ve",K29,""))))) -> 0 | Y29: =IF(R29="uu",L29,IF(R29="-e",L29,IF(R29="",L29,IF(R29="rp",L29,IF(R29="pr",L29,""))))) -> 0 | AB29: =$AA$11+M29 -> #VALUE! | AD29: =BIL.PREV.!A22 -> 0 | AE29: =BIL.PREV.!B22 -> 0 | AF29: - | AG29: =CONCATENATE(AD29,AF29,AE29) -> 0 - 0 | AH29: =LEFT($AC29,4) | AJ29: uu47 | AK29: =SUMIFS(Q$12:Q$1653,F$12:F$1653,"uu47") -> 0 | AL29: -u47 | AM29: =SUMIFS(Q$12:Q$1653,F$12:F$1653,"-u47") -> 0 | AN29: =AK29-AM29 -> 0
B30: =IF(Q30>0.00001,B29+1,"") | C30: =IF(G30+I30+K30>0,"e",IF(H30+J30+L30>0,"u",IF(G30+H30+I30+J30+K30+L30<0,""))) -> FALSE | E30: =IF(Q30>0.0001,1) -> FALSE | M30: =IF(SUM(G30:L30)>0.00001,M29+G30-H30+I30-J30+K30-L30,"") | P30: -e11 | Q30: =SUM(G30:L30) -> 0 | R30: =LEFT(F30,2) | T30: =IF(R30="ee",G30,IF(R30="-u",G30,IF(R30="",G30,IF(R30="ra",G30,IF(R30="pr",G30,""))))) -> 0 | U30: =IF(R30="uu",H30,IF(R30="-e",H30,IF(R30="",H30,IF(R30="rp",H30,IF(R30="ve",H30,""))))) -> 0 | V30: =IF(R30="ee",I30,IF(R30="-u",I30,IF(R30="",I30,IF(R30="ra",I30,IF(R30="ve",I30,""))))) -> 0 | W30: =IF(R30="uu",J30,IF(R30="-e",J30,IF(R30="",J30,IF(R30="rp",J30,IF(R30="pr",J30,""))))) -> 0 | X30: =IF(R30="ee",K30,IF(R30="-u",K30,IF(R30="",K30,IF(R30="ra",K30,IF(R30="ve",K30,""))))) -> 0 | Y30: =IF(R30="uu",L30,IF(R30="-e",L30,IF(R30="",L30,IF(R30="rp",L30,IF(R30="pr",L30,""))))) -> 0 | AB30: =$AA$11+M30 -> #VALUE! | AD30: -e10 | AE30: =AE12 -> Contributi e Sovvenzioni Regionali | AF30: - Addeb. somme per | AG30: =CONCATENATE(AD30,AF30,AE30) -> -e10 - Addeb. somme per Contributi e Sovvenzioni Regionali | AH30: =LEFT($AC30,4) | AJ30: uu48 | AK30: =SUMIFS(Q$12:Q$1653,F$12:F$1653,"uu48") -> 0 | AL30: -u48 | AM30: =SUMIFS(Q$12:Q$1653,F$12:F$1653,"-u48") -> 0 | AN30: =AK30-AM30 -> 0
B31: =IF(Q31>0.00001,B30+1,"") | C31: =IF(G31+I31+K31>0,"e",IF(H31+J31+L31>0,"u",IF(G31+H31+I31+J31+K31+L31<0,""))) -> FALSE | E31: =IF(Q31>0.0001,1) -> FALSE | M31: =IF(SUM(G31:L31)>0.00001,M30+G31-H31+I31-J31+K31-L31,"") | P31: -e12 | Q31: =SUM(G31:L31) -> 0 | R31: =LEFT(F31,2) | T31: =IF(R31="ee",G31,IF(R31="-u",G31,IF(R31="",G31,IF(R31="ra",G31,IF(R31="pr",G31,""))))) -> 0 | U31: =IF(R31="uu",H31,IF(R31="-e",H31,IF(R31="",H31,IF(R31="rp",H31,IF(R31="ve",H31,""))))) -> 0 | V31: =IF(R31="ee",I31,IF(R31="-u",I31,IF(R31="",I31,IF(R31="ra",I31,IF(R31="ve",I31,""))))) -> 0 | W31: =IF(R31="uu",J31,IF(R31="-e",J31,IF(R31="",J31,IF(R31="rp",J31,IF(R31="pr",J31,""))))) -> 0 | X31: =IF(R31="ee",K31,IF(R31="-u",K31,IF(R31="",K31,IF(R31="ra",K31,IF(R31="ve",K31,""))))) -> 0 | Y31: =IF(R31="uu",L31,IF(R31="-e",L31,IF(R31="",L31,IF(R31="rp",L31,IF(R31="pr",L31,""))))) -> 0 | AB31: =$AA$11+M31 -> #VALUE! | AD31: -e11 | AE31: =AE13 -> Altri contributi da Enti Pubblici e Privati | AF31: - Addeb. somme per | AG31: =CONCATENATE(AD31,AF31,AE31) -> -e11 - Addeb. somme per Altri contributi da Enti Pubblici e Privati | AH31: =LEFT($AC31,4) | AJ31: uu49 | AK31: =SUMIFS(Q$12:Q$1653,F$12:F$1653,"uu49") -> 0 | AL31: -u49 | AM31: =SUMIFS(Q$12:Q$1653,F$12:F$1653,"-u49") -> 0 | AN31: =AK31-AM31 -> 0
B32: =IF(Q32>0.00001,B31+1,"") | C32: =IF(G32+I32+K32>0,"e",IF(H32+J32+L32>0,"u",IF(G32+H32+I32+J32+K32+L32<0,""))) -> FALSE | E32: =IF(Q32>0.0001,1) -> FALSE | M32: =IF(SUM(G32:L32)>0.00001,M31+G32-H32+I32-J32+K32-L32,"") | P32: -e13 | Q32: =SUM(G32:L32) -> 0 | R32: =LEFT(F32,2) | T32: =IF(R32="ee",G32,IF(R32="-u",G32,IF(R32="",G32,IF(R32="ra",G32,IF(R32="pr",G32,""))))) -> 0 | U32: =IF(R32="uu",H32,IF(R32="-e",H32,IF(R32="",H32,IF(R32="rp",H32,IF(R32="ve",H32,""))))) -> 0 | V32: =IF(R32="ee",I32,IF(R32="-u",I32,IF(R32="",I32,IF(R32="ra",I32,IF(R32="ve",I32,""))))) -> 0 | W32: =IF(R32="uu",J32,IF(R32="-e",J32,IF(R32="",J32,IF(R32="rp",J32,IF(R32="pr",J32,""))))) -> 0 | X32: =IF(R32="ee",K32,IF(R32="-u",K32,IF(R32="",K32,IF(R32="ra",K32,IF(R32="ve",K32,""))))) -> 0 | Y32: =IF(R32="uu",L32,IF(R32="-e",L32,IF(R32="",L32,IF(R32="rp",L32,IF(R32="pr",L32,""))))) -> 0 | AB32: =$AA$11+M32 -> #VALUE! | AD32: -e12 | AE32: =AE14 -> Quote Associative | AF32: - Addeb. somme per | AG32: =CONCATENATE(AD32,AF32,AE32) -> -e12 - Addeb. somme per Quote Associative | AH32: =LEFT($AC32,4) | AJ32: uu50 | AK32: =SUMIFS(Q$12:Q$1653,F$12:F$1653,"uu50") -> 0 | AL32: -u50 | AM32: =SUMIFS(Q$12:Q$1653,F$12:F$1653,"-u50") -> 0 | AN32: =AK32-AM32 -> 0
B33: =IF(Q33>0.00001,B32+1,"") | C33: =IF(G33+I33+K33>0,"e",IF(H33+J33+L33>0,"u",IF(G33+H33+I33+J33+K33+L33<0,""))) -> FALSE | E33: =IF(Q33>0.0001,1) -> FALSE | M33: =IF(SUM(G33:L33)>0.00001,M32+G33-H33+I33-J33+K33-L33,"") | P33: -e14 | Q33: =SUM(G33:L33) -> 0 | R33: =LEFT(F33,2) | T33: =IF(R33="ee",G33,IF(R33="-u",G33,IF(R33="",G33,IF(R33="ra",G33,IF(R33="pr",G33,""))))) -> 0 | U33: =IF(R33="uu",H33,IF(R33="-e",H33,IF(R33="",H33,IF(R33="rp",H33,IF(R33="ve",H33,""))))) -> 0 | V33: =IF(R33="ee",I33,IF(R33="-u",I33,IF(R33="",I33,IF(R33="ra",I33,IF(R33="ve",I33,""))))) -> 0 | W33: =IF(R33="uu",J33,IF(R33="-e",J33,IF(R33="",J33,IF(R33="rp",J33,IF(R33="pr",J33,""))))) -> 0 | X33: =IF(R33="ee",K33,IF(R33="-u",K33,IF(R33="",K33,IF(R33="ra",K33,IF(R33="ve",K33,""))))) -> 0 | Y33: =IF(R33="uu",L33,IF(R33="-e",L33,IF(R33="",L33,IF(R33="rp",L33,IF(R33="pr",L33,""))))) -> 0 | AB33: =$AA$11+M33 -> #VALUE! | AD33: -e13 | AE33: =AE15 -> Proventi da partecipazioni ad Emoservizi srl | AF33: - Addeb. somme per | AG33: =CONCATENATE(AD33,AF33,AE33) -> -e13 - Addeb. somme per Proventi da partecipazioni ad Emoservizi srl | AH33: =LEFT($AC33,4) | AJ33: uu51 | AK33: =SUMIFS(Q$12:Q$1653,F$12:F$1653,"uu51") -> 0 | AL33: -u51 | AM33: =SUMIFS(Q$12:Q$1653,F$12:F$1653,"-u51") -> 0 | AN33: =AK33-AM33 -> 0
B34: =IF(Q34>0.00001,B33+1,"") | C34: =IF(G34+I34+K34>0,"e",IF(H34+J34+L34>0,"u",IF(G34+H34+I34+J34+K34+L34<0,""))) -> FALSE | E34: =IF(Q34>0.0001,1) -> FALSE | M34: =IF(SUM(G34:L34)>0.00001,M33+G34-H34+I34-J34+K34-L34,"") | P34: -e15 | Q34: =SUM(G34:L34) -> 0 | R34: =LEFT(F34,2) | T34: =IF(R34="ee",G34,IF(R34="-u",G34,IF(R34="",G34,IF(R34="ra",G34,IF(R34="pr",G34,""))))) -> 0 | U34: =IF(R34="uu",H34,IF(R34="-e",H34,IF(R34="",H34,IF(R34="rp",H34,IF(R34="ve",H34,""))))) -> 0 | V34: =IF(R34="ee",I34,IF(R34="-u",I34,IF(R34="",I34,IF(R34="ra",I34,IF(R34="ve",I34,""))))) -> 0 | W34: =IF(R34="uu",J34,IF(R34="-e",J34,IF(R34="",J34,IF(R34="rp",J34,IF(R34="pr",J34,""))))) -> 0 | X34: =IF(R34="ee",K34,IF(R34="-u",K34,IF(R34="",K34,IF(R34="ra",K34,IF(R34="ve",K34,""))))) -> 0 | Y34: =IF(R34="uu",L34,IF(R34="-e",L34,IF(R34="",L34,IF(R34="rp",L34,IF(R34="pr",L34,""))))) -> 0 | AB34: =$AA$11+M34 -> #VALUE! | AD34: -e14 | AE34: =AE16 -> Contributi cinque per mille | AF34: - Addeb. somme per | AG34: =CONCATENATE(AD34,AF34,AE34) -> -e14 - Addeb. somme per Contributi cinque per mille | AH34: =LEFT($AC34,4) | AJ34: uu52 | AK34: =SUMIFS(Q$12:Q$1653,F$12:F$1653,"uu52") -> 0 | AL34: -u52 | AM34: =SUMIFS(Q$12:Q$1653,F$12:F$1653,"-u52") -> 0 | AN34: =AK34-AM34 -> 0
B35: =IF(Q35>0.00001,B34+1,"") | C35: =IF(G35+I35+K35>0,"e",IF(H35+J35+L35>0,"u",IF(G35+H35+I35+J35+K35+L35<0,""))) -> FALSE | E35: =IF(Q35>0.0001,1) -> FALSE | M35: =IF(SUM(G35:L35)>0.00001,M34+G35-H35+I35-J35+K35-L35,"") | P35: -e16 | Q35: =SUM(G35:L35) -> 0 | R35: =LEFT(F35,2) | T35: =IF(R35="ee",G35,IF(R35="-u",G35,IF(R35="",G35,IF(R35="ra",G35,IF(R35="pr",G35,""))))) -> 0 | U35: =IF(R35="uu",H35,IF(R35="-e",H35,IF(R35="",H35,IF(R35="rp",H35,IF(R35="ve",H35,""))))) -> 0 | V35: =IF(R35="ee",I35,IF(R35="-u",I35,IF(R35="",I35,IF(R35="ra",I35,IF(R35="ve",I35,""))))) -> 0 | W35: =IF(R35="uu",J35,IF(R35="-e",J35,IF(R35="",J35,IF(R35="rp",J35,IF(R35="pr",J35,""))))) -> 0 | X35: =IF(R35="ee",K35,IF(R35="-u",K35,IF(R35="",K35,IF(R35="ra",K35,IF(R35="ve",K35,""))))) -> 0 | Y35: =IF(R35="uu",L35,IF(R35="-e",L35,IF(R35="",L35,IF(R35="rp",L35,IF(R35="pr",L35,""))))) -> 0 | AB35: =$AA$11+M35 -> #VALUE! | AD35: -e15 | AE35: =AE17 -> Contributi da Fondazioni | AF35: - Addeb. somme per | AG35: =CONCATENATE(AD35,AF35,AE35) -> -e15 - Addeb. somme per Contributi da Fondazioni | AH35: =LEFT($AC35,4) | AJ35: uu53 | AK35: =SUMIFS(Q$12:Q$1653,F$12:F$1653,"uu53") -> 0 | AL35: -u53 | AM35: =SUMIFS(Q$12:Q$1653,F$12:F$1653,"-u53") -> 0 | AN35: =AK35-AM35 -> 0
B36: =IF(Q36>0.00001,B35+1,"") | C36: =IF(G36+I36+K36>0,"e",IF(H36+J36+L36>0,"u",IF(G36+H36+I36+J36+K36+L36<0,""))) -> FALSE | E36: =IF(Q36>0.0001,1) -> FALSE | M36: =IF(SUM(G36:L36)>0.00001,M35+G36-H36+I36-J36+K36-L36,"") | P36: -e17 | Q36: =SUM(G36:L36) -> 0 | R36: =LEFT(F36,2) | T36: =IF(R36="ee",G36,IF(R36="-u",G36,IF(R36="",G36,IF(R36="ra",G36,IF(R36="pr",G36,""))))) -> 0 | U36: =IF(R36="uu",H36,IF(R36="-e",H36,IF(R36="",H36,IF(R36="rp",H36,IF(R36="ve",H36,""))))) -> 0 | V36: =IF(R36="ee",I36,IF(R36="-u",I36,IF(R36="",I36,IF(R36="ra",I36,IF(R36="ve",I36,""))))) -> 0 | W36: =IF(R36="uu",J36,IF(R36="-e",J36,IF(R36="",J36,IF(R36="rp",J36,IF(R36="pr",J36,""))))) -> 0 | X36: =IF(R36="ee",K36,IF(R36="-u",K36,IF(R36="",K36,IF(R36="ra",K36,IF(R36="ve",K36,""))))) -> 0 | Y36: =IF(R36="uu",L36,IF(R36="-e",L36,IF(R36="",L36,IF(R36="rp",L36,IF(R36="pr",L36,""))))) -> 0 | AB36: =$AA$11+M36 -> #VALUE! | AD36: -e16 | AE36: =AE18 -> F/do Solidarietà | AF36: - Addeb. somme per | AG36: =CONCATENATE(AD36,AF36,AE36) -> -e16 - Addeb. somme per F/do Solidarietà | AH36: =LEFT($AC36,4) | AJ36: uu54 | AK36: =SUMIFS(Q$12:Q$1653,F$12:F$1653,"uu54") -> 0 | AL36: -u54 | AM36: =SUMIFS(Q$12:Q$1653,F$12:F$1653,"-u54") -> 0 | AN36: =AK36-AM36 -> 0
B37: =IF(Q37>0.00001,B36+1,"") | C37: =IF(G37+I37+K37>0,"e",IF(H37+J37+L37>0,"u",IF(G37+H37+I37+J37+K37+L37<0,""))) -> FALSE | E37: =IF(Q37>0.0001,1) -> FALSE | M37: =IF(SUM(G37:L37)>0.00001,M36+G37-H37+I37-J37+K37-L37,"") | P37: -e18 | Q37: =SUM(G37:L37) -> 0 | R37: =LEFT(F37,2) | T37: =IF(R37="ee",G37,IF(R37="-u",G37,IF(R37="",G37,IF(R37="ra",G37,IF(R37="pr",G37,""))))) -> 0 | U37: =IF(R37="uu",H37,IF(R37="-e",H37,IF(R37="",H37,IF(R37="rp",H37,IF(R37="ve",H37,""))))) -> 0 | V37: =IF(R37="ee",I37,IF(R37="-u",I37,IF(R37="",I37,IF(R37="ra",I37,IF(R37="ve",I37,""))))) -> 0 | W37: =IF(R37="uu",J37,IF(R37="-e",J37,IF(R37="",J37,IF(R37="rp",J37,IF(R37="pr",J37,""))))) -> 0 | X37: =IF(R37="ee",K37,IF(R37="-u",K37,IF(R37="",K37,IF(R37="ra",K37,IF(R37="ve",K37,""))))) -> 0 | Y37: =IF(R37="uu",L37,IF(R37="-e",L37,IF(R37="",L37,IF(R37="rp",L37,IF(R37="pr",L37,""))))) -> 0 | AB37: =$AA$11+M37 -> #VALUE! | AD37: -e17 | AE37: =AE19 -> 0 | AF37: - Addeb. somme per | AG37: =CONCATENATE(AD37,AF37,AE37) -> -e17 - Addeb. somme per 0 | AH37: =LEFT($AC37,4) | AJ37: uu55 | AK37: =SUMIFS(Q$12:Q$1653,F$12:F$1653,"uu55") -> 0 | AL37: -u55 | AM37: =SUMIFS(Q$12:Q$1653,F$12:F$1653,"-u55") -> 0 | AN37: =AK37-AM37 -> 0
B38: =IF(Q38>0.00001,B37+1,"") | C38: =IF(G38+I38+K38>0,"e",IF(H38+J38+L38>0,"u",IF(G38+H38+I38+J38+K38+L38<0,""))) -> FALSE | E38: =IF(Q38>0.0001,1) -> FALSE | M38: =IF(SUM(G38:L38)>0.00001,M37+G38-H38+I38-J38+K38-L38,"") | P38: -e19 | Q38: =SUM(G38:L38) -> 0 | R38: =LEFT(F38,2) | T38: =IF(R38="ee",G38,IF(R38="-u",G38,IF(R38="",G38,IF(R38="ra",G38,IF(R38="pr",G38,""))))) -> 0 | U38: =IF(R38="uu",H38,IF(R38="-e",H38,IF(R38="",H38,IF(R38="rp",H38,IF(R38="ve",H38,""))))) -> 0 | V38: =IF(R38="ee",I38,IF(R38="-u",I38,IF(R38="",I38,IF(R38="ra",I38,IF(R38="ve",I38,""))))) -> 0 | W38: =IF(R38="uu",J38,IF(R38="-e",J38,IF(R38="",J38,IF(R38="rp",J38,IF(R38="pr",J38,""))))) -> 0 | X38: =IF(R38="ee",K38,IF(R38="-u",K38,IF(R38="",K38,IF(R38="ra",K38,IF(R38="ve",K38,""))))) -> 0 | Y38: =IF(R38="uu",L38,IF(R38="-e",L38,IF(R38="",L38,IF(R38="rp",L38,IF(R38="pr",L38,""))))) -> 0 | AB38: =$AA$11+M38 -> #VALUE! | AD38: -e18 | AE38: =AE20 -> 0 | AF38: - Addeb. somme per | AG38: =CONCATENATE(AD38,AF38,AE38) -> -e18 - Addeb. somme per 0 | AH38: =LEFT($AC38,4) | AJ38: uu56 | AK38: =SUMIFS(Q$12:Q$1653,F$12:F$1653,"uu56") -> 0 | AL38: -u56 | AM38: =SUMIFS(Q$12:Q$1653,F$12:F$1653,"-u56") -> 0 | AN38: =AK38-AM38 -> 0
B39: =IF(Q39>0.00001,#REF!+1,"") | P39: -e20 | T39: =IF(R39="ee",G39,IF(R39="-u",G39,IF(R39="",G39,IF(R39="ra",G39,IF(R39="pr",G39,""))))) -> 0 | U39: =IF(R39="uu",H39,IF(R39="-e",H39,IF(R39="",H39,IF(R39="rp",H39,IF(R39="ve",H39,""))))) -> 0 | V39: =IF(R39="ee",I39,IF(R39="-u",I39,IF(R39="",I39,IF(R39="ra",I39,IF(R39="ve",I39,""))))) -> 0 | W39: =IF(R39="uu",J39,IF(R39="-e",J39,IF(R39="",J39,IF(R39="rp",J39,IF(R39="pr",J39,""))))) -> 0 | X39: =IF(R39="ee",K39,IF(R39="-u",K39,IF(R39="",K39,IF(R39="ra",K39,IF(R39="ve",K39,""))))) -> 0 | Y39: =IF(R39="uu",L39,IF(R39="-e",L39,IF(R39="",L39,IF(R39="rp",L39,IF(R39="pr",L39,""))))) -> 0 | AD39: -e19 | AE39: =AE21 -> 0 | AF39: - Addeb. somme per | AG39: =CONCATENATE(AD39,AF39,AE39) -> -e19 - Addeb. somme per 0 | AH39: =LEFT($AC39,4) | AJ39: uu57 | AK39: =SUMIFS(Q$12:Q$1653,F$12:F$1653,"uu57") -> 0 | AL39: -u57 | AM39: =SUMIFS(Q$12:Q$1653,F$12:F$1653,"-u57") -> 0 | AN39: =AK39-AM39 -> 0
A40: R I E P I L O G H I | G40: C A S S A | I40: =I8 -> BANCA XXXX | K40: =K8 -> BANCA Agricola pop | M40: S A L D O | P40: -e21 | T40: =IF(R40="ee",G40,IF(R40="-u",G40,IF(R40="",G40,IF(R40="ra",G40,IF(R40="pr",G40,""))))) -> C A S S A | U40: =IF(R40="uu",H40,IF(R40="-e",H40,IF(R40="",H40,IF(R40="rp",H40,IF(R40="ve",H40,""))))) -> 0 | V40: =IF(R40="ee",I40,IF(R40="-u",I40,IF(R40="",I40,IF(R40="ra",I40,IF(R40="ve",I40,""))))) -> BANCA XXXX | W40: =IF(R40="uu",J40,IF(R40="-e",J40,IF(R40="",J40,IF(R40="rp",J40,IF(R40="pr",J40,""))))) -> 0 | X40: =IF(R40="ee",K40,IF(R40="-u",K40,IF(R40="",K40,IF(R40="ra",K40,IF(R40="ve",K40,""))))) -> BANCA Agricola pop | Y40: =IF(R40="uu",L40,IF(R40="-e",L40,IF(R40="",L40,IF(R40="rp",L40,IF(R40="pr",L40,""))))) -> 0 | AD40: -e20 | AE40: =AE22 -> 0 | AF40: - Addeb. somme per | AG40: =CONCATENATE(AD40,AF40,AE40) -> -e20 - Addeb. somme per 0 | AH40: =LEFT($AC40,4) | AJ40: uu58 | AK40: =SUMIFS(Q$12:Q$1653,F$12:F$1653,"uu58") -> 0 | AL40: -u58 | AM40: =SUMIFS(Q$12:Q$1653,F$12:F$1653,"-u58") -> 0 | AN40: =AK40-AM40 -> 0
G41: ENTRATE | H41: USCITE | I41: ENTRATE | J41: USCITE | K41: ENTRATE | L41: USCITE | P41: -e22 | T41: =IF(R41="ee",G41,IF(R41="-u",G41,IF(R41="",G41,IF(R41="ra",G41,IF(R41="pr",G41,""))))) -> ENTRATE | U41: =IF(R41="uu",H41,IF(R41="-e",H41,IF(R41="",H41,IF(R41="rp",H41,IF(R41="ve",H41,""))))) -> USCITE | V41: =IF(R41="ee",I41,IF(R41="-u",I41,IF(R41="",I41,IF(R41="ra",I41,IF(R41="ve",I41,""))))) -> ENTRATE | W41: =IF(R41="uu",J41,IF(R41="-e",J41,IF(R41="",J41,IF(R41="rp",J41,IF(R41="pr",J41,""))))) -> USCITE | X41: =IF(R41="ee",K41,IF(R41="-u",K41,IF(R41="",K41,IF(R41="ra",K41,IF(R41="ve",K41,""))))) -> ENTRATE | Y41: =IF(R41="uu",L41,IF(R41="-e",L41,IF(R41="",L41,IF(R41="rp",L41,IF(R41="pr",L41,""))))) -> USCITE | AD41: -e21 | AE41: =AE23 -> 0 | AF41: - Addeb. somme per | AG41: =CONCATENATE(AD41,AF41,AE41) -> -e21 - Addeb. somme per 0 | AH41: =LEFT($AC41,4) | AJ41: uu59 | AK41: =SUMIFS(Q$12:Q$1653,F$12:F$1653,"uu59") -> 0 | AL41: -u59 | AM41: =SUMIFS(Q$12:Q$1653,F$12:F$1653,"-u59") -> 0 | AN41: =AK41-AM41 -> 0
A42: Totali della pagina ………………………………. | G42: =SUM(G11:G38) -> 434.24 | H42: =SUM(H11:H38) -> 0 | I42: =SUM(I11:I38) -> 17740.45 | J42: =SUM(J11:J38) -> 29.94 | K42: =SUM(K11:K38) -> 95.99 | L42: =SUM(L11:L38) -> 0 | M42: =G42-H42+I42-J42+K42-L42 -> 18240.74 | P42: -e23 | T42: =IF(R42="ee",G42,IF(R42="-u",G42,IF(R42="",G42,IF(R42="ra",G42,IF(R42="pr",G42,""))))) -> 434.24 | U42: =IF(R42="uu",H42,IF(R42="-e",H42,IF(R42="",H42,IF(R42="rp",H42,IF(R42="ve",H42,""))))) -> 0 | V42: =IF(R42="ee",I42,IF(R42="-u",I42,IF(R42="",I42,IF(R42="ra",I42,IF(R42="ve",I42,""))))) -> 17740.45 | W42: =IF(R42="uu",J42,IF(R42="-e",J42,IF(R42="",J42,IF(R42="rp",J42,IF(R42="pr",J42,""))))) -> 29.94 | X42: =IF(R42="ee",K42,IF(R42="-u",K42,IF(R42="",K42,IF(R42="ra",K42,IF(R42="ve",K42,""))))) -> 95.99 | Y42: =IF(R42="uu",L42,IF(R42="-e",L42,IF(R42="",L42,IF(R42="rp",L42,IF(R42="pr",L42,""))))) -> 0 | AD42: -e22 | AE42: =AE24 -> 0 | AF42: - Addeb. somme per | AG42: =CONCATENATE(AD42,AF42,AE42) -> -e22 - Addeb. somme per 0 | AH42: =LEFT($AC42,4)
A43: S A L D I ………………………………….…..…. | G43: =G42-H42 -> 434.24 | I43: =I42-J42 -> 17710.51 | K43: =K42-L42 -> 95.99 | M43: =G43+I43+K43 -> 18240.74 | P43: -e24 | T43: =IF(R43="ee",G43,IF(R43="-u",G43,IF(R43="",G43,IF(R43="ra",G43,IF(R43="pr",G43,""))))) -> 434.24 | U43: =IF(R43="uu",H43,IF(R43="-e",H43,IF(R43="",H43,IF(R43="rp",H43,IF(R43="ve",H43,""))))) -> 0 | V43: =IF(R43="ee",I43,IF(R43="-u",I43,IF(R43="",I43,IF(R43="ra",I43,IF(R43="ve",I43,""))))) -> 17710.51 | W43: =IF(R43="uu",J43,IF(R43="-e",J43,IF(R43="",J43,IF(R43="rp",J43,IF(R43="pr",J43,""))))) -> 0 | X43: =IF(R43="ee",K43,IF(R43="-u",K43,IF(R43="",K43,IF(R43="ra",K43,IF(R43="ve",K43,""))))) -> 95.99 | Y43: =IF(R43="uu",L43,IF(R43="-e",L43,IF(R43="",L43,IF(R43="rp",L43,IF(R43="pr",L43,""))))) -> 0 | AD43: -e23 | AE43: =AE25 -> 0 | AF43: - Addeb. somme per | AG43: =CONCATENATE(AD43,AF43,AE43) -> -e23 - Addeb. somme per 0 | AH43: =LEFT($AC43,4)
B44: =IF(Q44>0.00001,B38+1,"") | C44: =IF(G44+I44+K44>0,"e",IF(H44+J44+L44>0,"u",IF(G44+H44+I44+J44+K44+L44<0,""))) -> FALSE | E44: =IF(Q44>0.0001,1) -> FALSE | M44: =IF(SUM(G44:L44)>0.00001,M43+G44-H44+I44-J44+K44-L44,"") | P44: -e25 | Q44: =SUM(G44:L44) -> 0 | R44: =LEFT(F44,2) | T44: =IF(R44="ee",G44,IF(R44="-u",G44,IF(R44="",G44,IF(R44="ra",G44,IF(R44="pr",G44,""))))) -> 0 | U44: =IF(R44="uu",H44,IF(R44="-e",H44,IF(R44="",H44,IF(R44="rp",H44,IF(R44="ve",H44,""))))) -> 0 | V44: =IF(R44="ee",I44,IF(R44="-u",I44,IF(R44="",I44,IF(R44="ra",I44,IF(R44="ve",I44,""))))) -> 0 | W44: =IF(R44="uu",J44,IF(R44="-e",J44,IF(R44="",J44,IF(R44="rp",J44,IF(R44="pr",J44,""))))) -> 0 | X44: =IF(R44="ee",K44,IF(R44="-u",K44,IF(R44="",K44,IF(R44="ra",K44,IF(R44="ve",K44,""))))) -> 0 | Y44: =IF(R44="uu",L44,IF(R44="-e",L44,IF(R44="",L44,IF(R44="rp",L44,IF(R44="pr",L44,""))))) -> 0 | AB44: =$AA$11+M44 -> #VALUE! | AD44: -e24 | AE44: =AE26 -> 0 | AF44: - Addeb. somme per | AG44: =CONCATENATE(AD44,AF44,AE44) -> -e24 - Addeb. somme per 0 | AH44: =LEFT($AC44,4)
B45: =IF(Q45>0.00001,B44+1,"") | C45: =IF(G45+I45+K45>0,"e",IF(H45+J45+L45>0,"u",IF(G45+H45+I45+J45+K45+L45<0,""))) -> FALSE | E45: =IF(Q45>0.0001,1) -> FALSE | M45: =IF(SUM(G45:L45)>0.00001,M44+G45-H45+I45-J45+K45-L45,"") | Q45: =SUM(G45:L45) -> 0 | R45: =LEFT(F45,2) | T45: =IF(R45="ee",G45,IF(R45="-u",G45,IF(R45="",G45,IF(R45="ra",G45,IF(R45="pr",G45,""))))) -> 0 | U45: =IF(R45="uu",H45,IF(R45="-e",H45,IF(R45="",H45,IF(R45="rp",H45,IF(R45="ve",H45,""))))) -> 0 | V45: =IF(R45="ee",I45,IF(R45="-u",I45,IF(R45="",I45,IF(R45="ra",I45,IF(R45="ve",I45,""))))) -> 0 | W45: =IF(R45="uu",J45,IF(R45="-e",J45,IF(R45="",J45,IF(R45="rp",J45,IF(R45="pr",J45,""))))) -> 0 | X45: =IF(R45="ee",K45,IF(R45="-u",K45,IF(R45="",K45,IF(R45="ra",K45,IF(R45="ve",K45,""))))) -> 0 | Y45: =IF(R45="uu",L45,IF(R45="-e",L45,IF(R45="",L45,IF(R45="rp",L45,IF(R45="pr",L45,""))))) -> 0 | AB45: =$AA$11+M45 -> #VALUE! | AD45: -e25 | AE45: =AE27 -> 0 | AF45: - Addeb. somme per | AG45: =CONCATENATE(AD45,AF45,AE45) -> -e25 - Addeb. somme per 0 | AH45: =LEFT($AC45,4) | AJ45: E N T R A T E
B46: =IF(Q46>0.00001,B45+1,"") | C46: =IF(G46+I46+K46>0,"e",IF(H46+J46+L46>0,"u",IF(G46+H46+I46+J46+K46+L46<0,""))) -> FALSE | E46: =IF(Q46>0.0001,1) -> FALSE | M46: =IF(SUM(G46:L46)>0.00001,M45+G46-H46+I46-J46+K46-L46,"") | Q46: =SUM(G46:L46) -> 0 | R46: =LEFT(F46,2) | T46: =IF(R46="ee",G46,IF(R46="-u",G46,IF(R46="",G46,IF(R46="ra",G46,IF(R46="pr",G46,""))))) -> 0 | U46: =IF(R46="uu",H46,IF(R46="-e",H46,IF(R46="",H46,IF(R46="rp",H46,IF(R46="ve",H46,""))))) -> 0 | V46: =IF(R46="ee",I46,IF(R46="-u",I46,IF(R46="",I46,IF(R46="ra",I46,IF(R46="ve",I46,""))))) -> 0 | W46: =IF(R46="uu",J46,IF(R46="-e",J46,IF(R46="",J46,IF(R46="rp",J46,IF(R46="pr",J46,""))))) -> 0 | X46: =IF(R46="ee",K46,IF(R46="-u",K46,IF(R46="",K46,IF(R46="ra",K46,IF(R46="ve",K46,""))))) -> 0 | Y46: =IF(R46="uu",L46,IF(R46="-e",L46,IF(R46="",L46,IF(R46="rp",L46,IF(R46="pr",L46,""))))) -> 0 | AB46: =$AA$11+M46 -> #VALUE! | AD46: -e26 | AE46: =AE28 -> 0 | AF46: - Addeb. somme per | AG46: =CONCATENATE(AD46,AF46,AE46) -> -e26 - Addeb. somme per 0 | AH46: =LEFT($AC46,4) | AJ46: ee10 | AK46: =SUMIFS(Q$12:Q$1653,F$12:F$1653,"ee10") -> 0 | AL46: -e10 | AM46: =SUMIFS(Q$12:Q$1653,F$12:F$1653,"-e10") -> 0 | AN46: =AK46-AM46 -> 0
B47: =IF(Q47>0.00001,B46+1,"") | C47: =IF(G47+I47+K47>0,"e",IF(H47+J47+L47>0,"u",IF(G47+H47+I47+J47+K47+L47<0,""))) -> FALSE | E47: =IF(Q47>0.0001,1) -> FALSE | M47: =IF(SUM(G47:L47)>0.00001,M46+G47-H47+I47-J47+K47-L47,"") | Q47: =SUM(G47:L47) -> 0 | R47: =LEFT(F47,2) | T47: =IF(R47="ee",G47,IF(R47="-u",G47,IF(R47="",G47,IF(R47="ra",G47,IF(R47="pr",G47,""))))) -> 0 | U47: =IF(R47="uu",H47,IF(R47="-e",H47,IF(R47="",H47,IF(R47="rp",H47,IF(R47="ve",H47,""))))) -> 0 | V47: =IF(R47="ee",I47,IF(R47="-u",I47,IF(R47="",I47,IF(R47="ra",I47,IF(R47="ve",I47,""))))) -> 0 | W47: =IF(R47="uu",J47,IF(R47="-e",J47,IF(R47="",J47,IF(R47="rp",J47,IF(R47="pr",J47,""))))) -> 0 | X47: =IF(R47="ee",K47,IF(R47="-u",K47,IF(R47="",K47,IF(R47="ra",K47,IF(R47="ve",K47,""))))) -> 0 | Y47: =IF(R47="uu",L47,IF(R47="-e",L47,IF(R47="",L47,IF(R47="rp",L47,IF(R47="pr",L47,""))))) -> 0 | AB47: =$AA$11+M47 -> #VALUE! | AD47: -e27 | AE47: =AE29 -> 0 | AF47: - Addeb. somme per | AG47: =CONCATENATE(AD47,AF47,AE47) -> -e27 - Addeb. somme per 0 | AH47: =LEFT($AC47,4) | AJ47: ee11 | AK47: =SUMIFS(Q$12:Q$1653,F$12:F$1653,"ee11") -> 0 | AL47: -e11 | AM47: =SUMIFS(Q$12:Q$1653,F$12:F$1653,"-e11") -> 0 | AN47: =AK47-AM47 -> 0
B48: =IF(Q48>0.00001,B47+1,"") | C48: =IF(G48+I48+K48>0,"e",IF(H48+J48+L48>0,"u",IF(G48+H48+I48+J48+K48+L48<0,""))) -> FALSE | E48: =IF(Q48>0.0001,1) -> FALSE | M48: =IF(SUM(G48:L48)>0.00001,M47+G48-H48+I48-J48+K48-L48,"") | P48: uu30 | Q48: =SUM(G48:L48) -> 0 | R48: =LEFT(F48,2) | T48: =IF(R48="ee",G48,IF(R48="-u",G48,IF(R48="",G48,IF(R48="ra",G48,IF(R48="pr",G48,""))))) -> 0 | U48: =IF(R48="uu",H48,IF(R48="-e",H48,IF(R48="",H48,IF(R48="rp",H48,IF(R48="ve",H48,""))))) -> 0 | V48: =IF(R48="ee",I48,IF(R48="-u",I48,IF(R48="",I48,IF(R48="ra",I48,IF(R48="ve",I48,""))))) -> 0 | W48: =IF(R48="uu",J48,IF(R48="-e",J48,IF(R48="",J48,IF(R48="rp",J48,IF(R48="pr",J48,""))))) -> 0 | X48: =IF(R48="ee",K48,IF(R48="-u",K48,IF(R48="",K48,IF(R48="ra",K48,IF(R48="ve",K48,""))))) -> 0 | Y48: =IF(R48="uu",L48,IF(R48="-e",L48,IF(R48="",L48,IF(R48="rp",L48,IF(R48="pr",L48,""))))) -> 0 | AB48: =$AA$11+M48 -> #VALUE! | AD48: ra | AE48: residuo attivo | AF48: - | AG48: =CONCATENATE(AD48,AF48,AE48) -> ra - residuo attivo | AH48: =LEFT($AC48,4) | AJ48: ee12 | AK48: =SUMIFS(Q$12:Q$1653,F$12:F$1653,"ee12") -> 0 | AL48: -e12 | AM48: =SUMIFS(Q$12:Q$1653,F$12:F$1653,"-e12") -> 0 | AN48: =AK48-AM48 -> 0
B49: =IF(Q49>0.00001,B48+1,"") | C49: =IF(G49+I49+K49>0,"e",IF(H49+J49+L49>0,"u",IF(G49+H49+I49+J49+K49+L49<0,""))) -> FALSE | E49: =IF(Q49>0.0001,1) -> FALSE | M49: =IF(SUM(G49:L49)>0.00001,M48+G49-H49+I49-J49+K49-L49,"") | P49: uu31 | Q49: =SUM(G49:L49) -> 0 | R49: =LEFT(F49,2) | T49: =IF(R49="ee",G49,IF(R49="-u",G49,IF(R49="",G49,IF(R49="ra",G49,IF(R49="pr",G49,""))))) -> 0 | U49: =IF(R49="uu",H49,IF(R49="-e",H49,IF(R49="",H49,IF(R49="rp",H49,IF(R49="ve",H49,""))))) -> 0 | V49: =IF(R49="ee",I49,IF(R49="-u",I49,IF(R49="",I49,IF(R49="ra",I49,IF(R49="ve",I49,""))))) -> 0 | W49: =IF(R49="uu",J49,IF(R49="-e",J49,IF(R49="",J49,IF(R49="rp",J49,IF(R49="pr",J49,""))))) -> 0 | X49: =IF(R49="ee",K49,IF(R49="-u",K49,IF(R49="",K49,IF(R49="ra",K49,IF(R49="ve",K49,""))))) -> 0 | Y49: =IF(R49="uu",L49,IF(R49="-e",L49,IF(R49="",L49,IF(R49="rp",L49,IF(R49="pr",L49,""))))) -> 0 | AB49: =$AA$11+M49 -> #VALUE! | AD49: rp | AE49: residuo passivo | AF49: - | AG49: =CONCATENATE(AD49,AF49,AE49) -> rp - residuo passivo | AH49: =LEFT($AC49,4) | AJ49: ee13 | AK49: =SUMIFS(Q$12:Q$1653,F$12:F$1653,"ee13") -> 0 | AL49: -e13 | AM49: =SUMIFS(Q$12:Q$1653,F$12:F$1653,"-e13") -> 0 | AN49: =AK49-AM49 -> 0
B50: =IF(Q50>0.00001,B49+1,"") | C50: =IF(G50+I50+K50>0,"e",IF(H50+J50+L50>0,"u",IF(G50+H50+I50+J50+K50+L50<0,""))) -> FALSE | E50: =IF(Q50>0.0001,1) -> FALSE | M50: =IF(SUM(G50:L50)>0.00001,M49+G50-H50+I50-J50+K50-L50,"") | P50: uu32 | Q50: =SUM(G50:L50) -> 0 | R50: =LEFT(F50,2) | T50: =IF(R50="ee",G50,IF(R50="-u",G50,IF(R50="",G50,IF(R50="ra",G50,IF(R50="pr",G50,""))))) -> 0 | U50: =IF(R50="uu",H50,IF(R50="-e",H50,IF(R50="",H50,IF(R50="rp",H50,IF(R50="ve",H50,""))))) -> 0 | V50: =IF(R50="ee",I50,IF(R50="-u",I50,IF(R50="",I50,IF(R50="ra",I50,IF(R50="ve",I50,""))))) -> 0 | W50: =IF(R50="uu",J50,IF(R50="-e",J50,IF(R50="",J50,IF(R50="rp",J50,IF(R50="pr",J50,""))))) -> 0 | X50: =IF(R50="ee",K50,IF(R50="-u",K50,IF(R50="",K50,IF(R50="ra",K50,IF(R50="ve",K50,""))))) -> 0 | Y50: =IF(R50="uu",L50,IF(R50="-e",L50,IF(R50="",L50,IF(R50="rp",L50,IF(R50="pr",L50,""))))) -> 0 | AB50: =$AA$11+M50 -> #VALUE! | AG50: =CONCATENATE(AD50,AF50,AE50) | AH50: =LEFT($AC50,4) | AJ50: ee14 | AK50: =SUMIFS(Q$12:Q$1653,F$12:F$1653,"ee14") -> 0 | AL50: -e14 | AM50: =SUMIFS(Q$12:Q$1653,F$12:F$1653,"-e14") -> 0 | AN50: =AK50-AM50 -> 0
B51: =IF(Q51>0.00001,B50+1,"") | C51: =IF(G51+I51+K51>0,"e",IF(H51+J51+L51>0,"u",IF(G51+H51+I51+J51+K51+L51<0,""))) -> FALSE | E51: =IF(Q51>0.0001,1) -> FALSE | M51: =IF(SUM(G51:L51)>0.00001,M50+G51-H51+I51-J51+K51-L51,"") | P51: uu33 | Q51: =SUM(G51:L51) -> 0 | R51: =LEFT(F51,2) | T51: =IF(R51="ee",G51,IF(R51="-u",G51,IF(R51="",G51,IF(R51="ra",G51,IF(R51="pr",G51,""))))) -> 0 | U51: =IF(R51="uu",H51,IF(R51="-e",H51,IF(R51="",H51,IF(R51="rp",H51,IF(R51="ve",H51,""))))) -> 0 | V51: =IF(R51="ee",I51,IF(R51="-u",I51,IF(R51="",I51,IF(R51="ra",I51,IF(R51="ve",I51,""))))) -> 0 | W51: =IF(R51="uu",J51,IF(R51="-e",J51,IF(R51="",J51,IF(R51="rp",J51,IF(R51="pr",J51,""))))) -> 0 | X51: =IF(R51="ee",K51,IF(R51="-u",K51,IF(R51="",K51,IF(R51="ra",K51,IF(R51="ve",K51,""))))) -> 0 | Y51: =IF(R51="uu",L51,IF(R51="-e",L51,IF(R51="",L51,IF(R51="rp",L51,IF(R51="pr",L51,""))))) -> 0 | AB51: =$AA$11+M51 -> #VALUE! | AD51: =BIL.PREV.!F5 -> uu30 | AE51: =BIL.PREV.!G5 -> Quote Associative | AF51: - | AG51: =CONCATENATE(AD51,AF51,AE51) -> uu30 - Quote Associative | AH51: =LEFT($AC51,4) | AJ51: ee15 | AK51: =SUMIFS(Q$12:Q$1653,F$12:F$1653,"ee15") -> 0 | AL51: -e15 | AM51: =SUMIFS(Q$12:Q$1653,F$12:F$1653,"-e15") -> 0 | AN51: =AK51-AM51 -> 0
B52: =IF(Q52>0.00001,B51+1,"") | C52: =IF(G52+I52+K52>0,"e",IF(H52+J52+L52>0,"u",IF(G52+H52+I52+J52+K52+L52<0,""))) -> FALSE | E52: =IF(Q52>0.0001,1) -> FALSE | M52: =IF(SUM(G52:L52)>0.00001,M51+G52-H52+I52-J52+K52-L52,"") | P52: uu34 | Q52: =SUM(G52:L52) -> 0 | R52: =LEFT(F52,2) | T52: =IF(R52="ee",G52,IF(R52="-u",G52,IF(R52="",G52,IF(R52="ra",G52,IF(R52="pr",G52,""))))) -> 0 | U52: =IF(R52="uu",H52,IF(R52="-e",H52,IF(R52="",H52,IF(R52="rp",H52,IF(R52="ve",H52,""))))) -> 0 | V52: =IF(R52="ee",I52,IF(R52="-u",I52,IF(R52="",I52,IF(R52="ra",I52,IF(R52="ve",I52,""))))) -> 0 | W52: =IF(R52="uu",J52,IF(R52="-e",J52,IF(R52="",J52,IF(R52="rp",J52,IF(R52="pr",J52,""))))) -> 0 | X52: =IF(R52="ee",K52,IF(R52="-u",K52,IF(R52="",K52,IF(R52="ra",K52,IF(R52="ve",K52,""))))) -> 0 | Y52: =IF(R52="uu",L52,IF(R52="-e",L52,IF(R52="",L52,IF(R52="rp",L52,IF(R52="pr",L52,""))))) -> 0 | AB52: =$AA$11+M52 -> #VALUE! | AD52: =BIL.PREV.!F6 -> uu31 | AE52: =BIL.PREV.!G6 -> Spese trasferte e rimborsi ad organi istituzionali | AF52: - | AG52: =CONCATENATE(AD52,AF52,AE52) -> uu31 - Spese trasferte e rimborsi ad organi istituzionali | AH52: =LEFT($AC52,4) | AJ52: ee16 | AK52: =SUMIFS(Q$12:Q$1653,F$12:F$1653,"ee16") -> 0 | AL52: -e16 | AM52: =SUMIFS(Q$12:Q$1653,F$12:F$1653,"-e16") -> 0 | AN52: =AK52-AM52 -> 0
B53: =IF(Q53>0.00001,B52+1,"") | C53: =IF(G53+I53+K53>0,"e",IF(H53+J53+L53>0,"u",IF(G53+H53+I53+J53+K53+L53<0,""))) -> FALSE | E53: =IF(Q53>0.0001,1) -> FALSE | M53: =IF(SUM(G53:L53)>0.00001,M52+G53-H53+I53-J53+K53-L53,"") | P53: uu35 | Q53: =SUM(G53:L53) -> 0 | R53: =LEFT(F53,2) | T53: =IF(R53="ee",G53,IF(R53="-u",G53,IF(R53="",G53,IF(R53="ra",G53,IF(R53="pr",G53,""))))) -> 0 | U53: =IF(R53="uu",H53,IF(R53="-e",H53,IF(R53="",H53,IF(R53="rp",H53,IF(R53="ve",H53,""))))) -> 0 | V53: =IF(R53="ee",I53,IF(R53="-u",I53,IF(R53="",I53,IF(R53="ra",I53,IF(R53="ve",I53,""))))) -> 0 | W53: =IF(R53="uu",J53,IF(R53="-e",J53,IF(R53="",J53,IF(R53="rp",J53,IF(R53="pr",J53,""))))) -> 0 | X53: =IF(R53="ee",K53,IF(R53="-u",K53,IF(R53="",K53,IF(R53="ra",K53,IF(R53="ve",K53,""))))) -> 0 | Y53: =IF(R53="uu",L53,IF(R53="-e",L53,IF(R53="",L53,IF(R53="rp",L53,IF(R53="pr",L53,""))))) -> 0 | AB53: =$AA$11+M53 -> #VALUE! | AD53: =BIL.PREV.!F7 -> uu32 | AE53: =BIL.PREV.!G7 -> Spese x attività Avis giovani -organ.e partec.convegni-seminari- attività di formazione | AF53: - | AG53: =CONCATENATE(AD53,AF53,AE53) -> uu32 - Spese x attività Avis giovani -organ.e partec.convegni-seminari- attività di formazione | AH53: =LEFT($AC53,4) | AJ53: ee17 | AK53: =SUMIFS(Q$12:Q$1653,F$12:F$1653,"ee17") -> 0 | AL53: -e17 | AM53: =SUMIFS(Q$12:Q$1653,F$12:F$1653,"-e17") -> 0 | AN53: =AK53-AM53 -> 0
B54: =IF(Q54>0.00001,B53+1,"") | C54: =IF(G54+I54+K54>0,"e",IF(H54+J54+L54>0,"u",IF(G54+H54+I54+J54+K54+L54<0,""))) -> FALSE | E54: =IF(Q54>0.0001,1) -> FALSE | M54: =IF(SUM(G54:L54)>0.00001,M53+G54-H54+I54-J54+K54-L54,"") | P54: uu36 | Q54: =SUM(G54:L54) -> 0 | R54: =LEFT(F54,2) | T54: =IF(R54="ee",G54,IF(R54="-u",G54,IF(R54="",G54,IF(R54="ra",G54,IF(R54="pr",G54,""))))) -> 0 | U54: =IF(R54="uu",H54,IF(R54="-e",H54,IF(R54="",H54,IF(R54="rp",H54,IF(R54="ve",H54,""))))) -> 0 | V54: =IF(R54="ee",I54,IF(R54="-u",I54,IF(R54="",I54,IF(R54="ra",I54,IF(R54="ve",I54,""))))) -> 0 | W54: =IF(R54="uu",J54,IF(R54="-e",J54,IF(R54="",J54,IF(R54="rp",J54,IF(R54="pr",J54,""))))) -> 0 | X54: =IF(R54="ee",K54,IF(R54="-u",K54,IF(R54="",K54,IF(R54="ra",K54,IF(R54="ve",K54,""))))) -> 0 | Y54: =IF(R54="uu",L54,IF(R54="-e",L54,IF(R54="",L54,IF(R54="rp",L54,IF(R54="pr",L54,""))))) -> 0 | AB54: =$AA$11+M54 -> #VALUE! | AD54: =BIL.PREV.!F8 -> uu33 | AE54: =BIL.PREV.!G8 -> Spese finalità cinque per mille | AF54: - | AG54: =CONCATENATE(AD54,AF54,AE54) -> uu33 - Spese finalità cinque per mille | AH54: =LEFT($AC54,4) | AJ54: ee18 | AK54: =SUMIFS(Q$12:Q$1653,F$12:F$1653,"ee18") -> 0 | AL54: -e18 | AM54: =SUMIFS(Q$12:Q$1653,F$12:F$1653,"-e18") -> 0 | AN54: =AK54-AM54 -> 0
B55: =IF(Q55>0.00001,B54+1,"") | C55: =IF(G55+I55+K55>0,"e",IF(H55+J55+L55>0,"u",IF(G55+H55+I55+J55+K55+L55<0,""))) -> FALSE | E55: =IF(Q55>0.0001,1) -> FALSE | M55: =IF(SUM(G55:L55)>0.00001,M54+G55-H55+I55-J55+K55-L55,"") | P55: uu37 | Q55: =SUM(G55:L55) -> 0 | R55: =LEFT(F55,2) | T55: =IF(R55="ee",G55,IF(R55="-u",G55,IF(R55="",G55,IF(R55="ra",G55,IF(R55="pr",G55,""))))) -> 0 | U55: =IF(R55="uu",H55,IF(R55="-e",H55,IF(R55="",H55,IF(R55="rp",H55,IF(R55="ve",H55,""))))) -> 0 | V55: =IF(R55="ee",I55,IF(R55="-u",I55,IF(R55="",I55,IF(R55="ra",I55,IF(R55="ve",I55,""))))) -> 0 | W55: =IF(R55="uu",J55,IF(R55="-e",J55,IF(R55="",J55,IF(R55="rp",J55,IF(R55="pr",J55,""))))) -> 0 | X55: =IF(R55="ee",K55,IF(R55="-u",K55,IF(R55="",K55,IF(R55="ra",K55,IF(R55="ve",K55,""))))) -> 0 | Y55: =IF(R55="uu",L55,IF(R55="-e",L55,IF(R55="",L55,IF(R55="rp",L55,IF(R55="pr",L55,""))))) -> 0 | AB55: =$AA$11+M55 -> #VALUE! | AD55: =BIL.PREV.!F9 -> uu34 | AE55: =BIL.PREV.!G9 -> Spese per pubblicità e promozione eventi | AF55: - | AG55: =CONCATENATE(AD55,AF55,AE55) -> uu34 - Spese per pubblicità e promozione eventi | AH55: =LEFT($AC55,4) | AJ55: ee19 | AK55: =SUMIFS(Q$12:Q$1653,F$12:F$1653,"ee19") -> 0 | AL55: -e19 | AM55: =SUMIFS(Q$12:Q$1653,F$12:F$1653,"-e19") -> 0 | AN55: =AK55-AM55 -> 0
B56: =IF(Q56>0.00001,B55+1,"") | C56: =IF(G56+I56+K56>0,"e",IF(H56+J56+L56>0,"u",IF(G56+H56+I56+J56+K56+L56<0,""))) -> FALSE | E56: =IF(Q56>0.0001,1) -> FALSE | M56: =IF(SUM(G56:L56)>0.00001,M55+G56-H56+I56-J56+K56-L56,"") | P56: uu38 | Q56: =SUM(G56:L56) -> 0 | R56: =LEFT(F56,2) | T56: =IF(R56="ee",G56,IF(R56="-u",G56,IF(R56="",G56,IF(R56="ra",G56,IF(R56="pr",G56,""))))) -> 0 | U56: =IF(R56="uu",H56,IF(R56="-e",H56,IF(R56="",H56,IF(R56="rp",H56,IF(R56="ve",H56,""))))) -> 0 | V56: =IF(R56="ee",I56,IF(R56="-u",I56,IF(R56="",I56,IF(R56="ra",I56,IF(R56="ve",I56,""))))) -> 0 | W56: =IF(R56="uu",J56,IF(R56="-e",J56,IF(R56="",J56,IF(R56="rp",J56,IF(R56="pr",J56,""))))) -> 0 | X56: =IF(R56="ee",K56,IF(R56="-u",K56,IF(R56="",K56,IF(R56="ra",K56,IF(R56="ve",K56,""))))) -> 0 | Y56: =IF(R56="uu",L56,IF(R56="-e",L56,IF(R56="",L56,IF(R56="rp",L56,IF(R56="pr",L56,""))))) -> 0 | AB56: =$AA$11+M56 -> #VALUE! | AD56: =BIL.PREV.!F10 -> uu35 | AE56: =BIL.PREV.!G10 -> Spese organizzazione Assemblea ed eventi | AF56: - | AG56: =CONCATENATE(AD56,AF56,AE56) -> uu35 - Spese organizzazione Assemblea ed eventi | AH56: =LEFT($AC56,4) | AJ56: ee20 | AK56: =SUMIFS(Q$12:Q$1653,F$12:F$1653,"ee20") -> 0 | AL56: -e20 | AM56: =SUMIFS(Q$12:Q$1653,F$12:F$1653,"-e20") -> 0 | AN56: =AK56-AM56 -> 0
B57: =IF(Q57>0.00001,B56+1,"") | C57: =IF(G57+I57+K57>0,"e",IF(H57+J57+L57>0,"u",IF(G57+H57+I57+J57+K57+L57<0,""))) -> FALSE | E57: =IF(Q57>0.0001,1) -> FALSE | M57: =IF(SUM(G57:L57)>0.00001,M56+G57-H57+I57-J57+K57-L57,"") | P57: uu39 | Q57: =SUM(G57:L57) -> 0 | R57: =LEFT(F57,2) | T57: =IF(R57="ee",G57,IF(R57="-u",G57,IF(R57="",G57,IF(R57="ra",G57,IF(R57="pr",G57,""))))) -> 0 | U57: =IF(R57="uu",H57,IF(R57="-e",H57,IF(R57="",H57,IF(R57="rp",H57,IF(R57="ve",H57,""))))) -> 0 | V57: =IF(R57="ee",I57,IF(R57="-u",I57,IF(R57="",I57,IF(R57="ra",I57,IF(R57="ve",I57,""))))) -> 0 | W57: =IF(R57="uu",J57,IF(R57="-e",J57,IF(R57="",J57,IF(R57="rp",J57,IF(R57="pr",J57,""))))) -> 0 | X57: =IF(R57="ee",K57,IF(R57="-u",K57,IF(R57="",K57,IF(R57="ra",K57,IF(R57="ve",K57,""))))) -> 0 | Y57: =IF(R57="uu",L57,IF(R57="-e",L57,IF(R57="",L57,IF(R57="rp",L57,IF(R57="pr",L57,""))))) -> 0 | AB57: =$AA$11+M57 -> #VALUE! | AD57: =BIL.PREV.!F11 -> uu36 | AE57: =BIL.PREV.!G11 -> Spese funzionamento segreteria-consulenza e collaborazioni professionali | AF57: - | AG57: =CONCATENATE(AD57,AF57,AE57) -> uu36 - Spese funzionamento segreteria-consulenza e collaborazioni professionali | AH57: =LEFT($AC57,4) | AJ57: ee21 | AK57: =SUMIFS(Q$12:Q$1653,F$12:F$1653,"ee21") -> 0 | AL57: -e21 | AM57: =SUMIFS(Q$12:Q$1653,F$12:F$1653,"-e21") -> 0 | AN57: =AK57-AM57 -> 0
B58: =IF(Q58>0.00001,B57+1,"") | C58: =IF(G58+I58+K58>0,"e",IF(H58+J58+L58>0,"u",IF(G58+H58+I58+J58+K58+L58<0,""))) -> FALSE | E58: =IF(Q58>0.0001,1) -> FALSE | M58: =IF(SUM(G58:L58)>0.00001,M57+G58-H58+I58-J58+K58-L58,"") | P58: uu40 | Q58: =SUM(G58:L58) -> 0 | R58: =LEFT(F58,2) | T58: =IF(R58="ee",G58,IF(R58="-u",G58,IF(R58="",G58,IF(R58="ra",G58,IF(R58="pr",G58,""))))) -> 0 | U58: =IF(R58="uu",H58,IF(R58="-e",H58,IF(R58="",H58,IF(R58="rp",H58,IF(R58="ve",H58,""))))) -> 0 | V58: =IF(R58="ee",I58,IF(R58="-u",I58,IF(R58="",I58,IF(R58="ra",I58,IF(R58="ve",I58,""))))) -> 0 | W58: =IF(R58="uu",J58,IF(R58="-e",J58,IF(R58="",J58,IF(R58="rp",J58,IF(R58="pr",J58,""))))) -> 0 | X58: =IF(R58="ee",K58,IF(R58="-u",K58,IF(R58="",K58,IF(R58="ra",K58,IF(R58="ve",K58,""))))) -> 0 | Y58: =IF(R58="uu",L58,IF(R58="-e",L58,IF(R58="",L58,IF(R58="rp",L58,IF(R58="pr",L58,""))))) -> 0 | AB58: =$AA$11+M58 -> #VALUE! | AD58: =BIL.PREV.!F12 -> uu37 | AE58: =BIL.PREV.!G12 -> Spese e Oneri Servizio Civile | AF58: - | AG58: =CONCATENATE(AD58,AF58,AE58) -> uu37 - Spese e Oneri Servizio Civile | AH58: =LEFT($AC58,4) | AJ58: ee22 | AK58: =SUMIFS(Q$12:Q$1653,F$12:F$1653,"ee22") -> 0 | AL58: -e22 | AM58: =SUMIFS(Q$12:Q$1653,F$12:F$1653,"-e22") -> 0 | AN58: =AK58-AM58 -> 0
B59: =IF(Q59>0.00001,B58+1,"") | C59: =IF(G59+I59+K59>0,"e",IF(H59+J59+L59>0,"u",IF(G59+H59+I59+J59+K59+L59<0,""))) -> FALSE | E59: =IF(Q59>0.0001,1) -> FALSE | M59: =IF(SUM(G59:L59)>0.00001,M58+G59-H59+I59-J59+K59-L59,"") | P59: uu41 | Q59: =SUM(G59:L59) -> 0 | R59: =LEFT(F59,2) | T59: =IF(R59="ee",G59,IF(R59="-u",G59,IF(R59="",G59,IF(R59="ra",G59,IF(R59="pr",G59,""))))) -> 0 | U59: =IF(R59="uu",H59,IF(R59="-e",H59,IF(R59="",H59,IF(R59="rp",H59,IF(R59="ve",H59,""))))) -> 0 | V59: =IF(R59="ee",I59,IF(R59="-u",I59,IF(R59="",I59,IF(R59="ra",I59,IF(R59="ve",I59,""))))) -> 0 | W59: =IF(R59="uu",J59,IF(R59="-e",J59,IF(R59="",J59,IF(R59="rp",J59,IF(R59="pr",J59,""))))) -> 0 | X59: =IF(R59="ee",K59,IF(R59="-u",K59,IF(R59="",K59,IF(R59="ra",K59,IF(R59="ve",K59,""))))) -> 0 | Y59: =IF(R59="uu",L59,IF(R59="-e",L59,IF(R59="",L59,IF(R59="rp",L59,IF(R59="pr",L59,""))))) -> 0 | AB59: =$AA$11+M59 -> #VALUE! | AD59: =BIL.PREV.!F13 -> uu38 | AE59: =BIL.PREV.!G13 -> Spese gestione, manut. e riparazione automezzo e attrezz. | AF59: - | AG59: =CONCATENATE(AD59,AF59,AE59) -> uu38 - Spese gestione, manut. e riparazione automezzo e attrezz. | AH59: =LEFT($AC59,4) | AJ59: ee23 | AK59: =SUMIFS(Q$12:Q$1653,F$12:F$1653,"ee23") -> 0 | AL59: -e23 | AM59: =SUMIFS(Q$12:Q$1653,F$12:F$1653,"-e23") -> 0 | AN59: =AK59-AM59 -> 0
B60: =IF(Q60>0.00001,B59+1,"") | C60: =IF(G60+I60+K60>0,"e",IF(H60+J60+L60>0,"u",IF(G60+H60+I60+J60+K60+L60<0,""))) -> FALSE | E60: =IF(Q60>0.0001,1) -> FALSE | M60: =IF(SUM(G60:L60)>0.00001,M59+G60-H60+I60-J60+K60-L60,"") | P60: uu42 | Q60: =SUM(G60:L60) -> 0 | R60: =LEFT(F60,2) | T60: =IF(R60="ee",G60,IF(R60="-u",G60,IF(R60="",G60,IF(R60="ra",G60,IF(R60="pr",G60,""))))) -> 0 | U60: =IF(R60="uu",H60,IF(R60="-e",H60,IF(R60="",H60,IF(R60="rp",H60,IF(R60="ve",H60,""))))) -> 0 | V60: =IF(R60="ee",I60,IF(R60="-u",I60,IF(R60="",I60,IF(R60="ra",I60,IF(R60="ve",I60,""))))) -> 0 | W60: =IF(R60="uu",J60,IF(R60="-e",J60,IF(R60="",J60,IF(R60="rp",J60,IF(R60="pr",J60,""))))) -> 0 | X60: =IF(R60="ee",K60,IF(R60="-u",K60,IF(R60="",K60,IF(R60="ra",K60,IF(R60="ve",K60,""))))) -> 0 | Y60: =IF(R60="uu",L60,IF(R60="-e",L60,IF(R60="",L60,IF(R60="rp",L60,IF(R60="pr",L60,""))))) -> 0 | AB60: =$AA$11+M60 -> #VALUE! | AD60: =BIL.PREV.!F14 -> uu39 | AE60: =BIL.PREV.!G14 -> Spese forfettarie compartecip.forniture luce, acqua e gas | AF60: - | AG60: =CONCATENATE(AD60,AF60,AE60) -> uu39 - Spese forfettarie compartecip.forniture luce, acqua e gas | AH60: =LEFT($AC60,4) | AJ60: ee24 | AK60: =SUMIFS(Q$12:Q$1653,F$12:F$1653,"ee24") -> 0 | AL60: -e24 | AM60: =SUMIFS(Q$12:Q$1653,F$12:F$1653,"-e24") -> 0 | AN60: =AK60-AM60 -> 0
B61: =IF(Q61>0.00001,B60+1,"") | C61: =IF(G61+I61+K61>0,"e",IF(H61+J61+L61>0,"u",IF(G61+H61+I61+J61+K61+L61<0,""))) -> FALSE | E61: =IF(Q61>0.0001,1) -> FALSE | M61: =IF(SUM(G61:L61)>0.00001,M60+G61-H61+I61-J61+K61-L61,"") | P61: uu43 | Q61: =SUM(G61:L61) -> 0 | R61: =LEFT(F61,2) | T61: =IF(R61="ee",G61,IF(R61="-u",G61,IF(R61="",G61,IF(R61="ra",G61,IF(R61="pr",G61,""))))) -> 0 | U61: =IF(R61="uu",H61,IF(R61="-e",H61,IF(R61="",H61,IF(R61="rp",H61,IF(R61="ve",H61,""))))) -> 0 | V61: =IF(R61="ee",I61,IF(R61="-u",I61,IF(R61="",I61,IF(R61="ra",I61,IF(R61="ve",I61,""))))) -> 0 | W61: =IF(R61="uu",J61,IF(R61="-e",J61,IF(R61="",J61,IF(R61="rp",J61,IF(R61="pr",J61,""))))) -> 0 | X61: =IF(R61="ee",K61,IF(R61="-u",K61,IF(R61="",K61,IF(R61="ra",K61,IF(R61="ve",K61,""))))) -> 0 | Y61: =IF(R61="uu",L61,IF(R61="-e",L61,IF(R61="",L61,IF(R61="rp",L61,IF(R61="pr",L61,""))))) -> 0 | AB61: =$AA$11+M61 -> #VALUE! | AD61: =BIL.PREV.!F15 -> uu40 | AE61: =BIL.PREV.!G15 -> Spese di assicurazione | AF61: - | AG61: =CONCATENATE(AD61,AF61,AE61) -> uu40 - Spese di assicurazione | AH61: =LEFT($AC61,4) | AJ61: ee25 | AK61: =SUMIFS(Q$12:Q$1653,F$12:F$1653,"ee25") -> 0 | AL61: -e25 | AM61: =SUMIFS(Q$12:Q$1653,F$12:F$1653,"-e25") -> 0 | AN61: =AK61-AM61 -> 0
B62: =IF(Q62>0.00001,B61+1,"") | C62: =IF(G62+I62+K62>0,"e",IF(H62+J62+L62>0,"u",IF(G62+H62+I62+J62+K62+L62<0,""))) -> FALSE | E62: =IF(Q62>0.0001,1) -> FALSE | M62: =IF(SUM(G62:L62)>0.00001,M61+G62-H62+I62-J62+K62-L62,"") | P62: uu44 | Q62: =SUM(G62:L62) -> 0 | R62: =LEFT(F62,2) | T62: =IF(R62="ee",G62,IF(R62="-u",G62,IF(R62="",G62,IF(R62="ra",G62,IF(R62="pr",G62,""))))) -> 0 | U62: =IF(R62="uu",H62,IF(R62="-e",H62,IF(R62="",H62,IF(R62="rp",H62,IF(R62="ve",H62,""))))) -> 0 | V62: =IF(R62="ee",I62,IF(R62="-u",I62,IF(R62="",I62,IF(R62="ra",I62,IF(R62="ve",I62,""))))) -> 0 | W62: =IF(R62="uu",J62,IF(R62="-e",J62,IF(R62="",J62,IF(R62="rp",J62,IF(R62="pr",J62,""))))) -> 0 | X62: =IF(R62="ee",K62,IF(R62="-u",K62,IF(R62="",K62,IF(R62="ra",K62,IF(R62="ve",K62,""))))) -> 0 | Y62: =IF(R62="uu",L62,IF(R62="-e",L62,IF(R62="",L62,IF(R62="rp",L62,IF(R62="pr",L62,""))))) -> 0 | AB62: =$AA$11+M62 -> #VALUE! | AD62: =BIL.PREV.!F16 -> uu41 | AE62: =BIL.PREV.!G16 -> Spese telefono - postali e valori bollati | AF62: - | AG62: =CONCATENATE(AD62,AF62,AE62) -> uu41 - Spese telefono - postali e valori bollati | AH62: =LEFT($AC62,4)
B63: =IF(Q63>0.00001,B62+1,"") | C63: =IF(G63+I63+K63>0,"e",IF(H63+J63+L63>0,"u",IF(G63+H63+I63+J63+K63+L63<0,""))) -> FALSE | E63: =IF(Q63>0.0001,1) -> FALSE | M63: =IF(SUM(G63:L63)>0.00001,M62+G63-H63+I63-J63+K63-L63,"") | P63: uu45 | Q63: =SUM(G63:L63) -> 0 | R63: =LEFT(F63,2) | T63: =IF(R63="ee",G63,IF(R63="-u",G63,IF(R63="",G63,IF(R63="ra",G63,IF(R63="pr",G63,""))))) -> 0 | U63: =IF(R63="uu",H63,IF(R63="-e",H63,IF(R63="",H63,IF(R63="rp",H63,IF(R63="ve",H63,""))))) -> 0 | V63: =IF(R63="ee",I63,IF(R63="-u",I63,IF(R63="",I63,IF(R63="ra",I63,IF(R63="ve",I63,""))))) -> 0 | W63: =IF(R63="uu",J63,IF(R63="-e",J63,IF(R63="",J63,IF(R63="rp",J63,IF(R63="pr",J63,""))))) -> 0 | X63: =IF(R63="ee",K63,IF(R63="-u",K63,IF(R63="",K63,IF(R63="ra",K63,IF(R63="ve",K63,""))))) -> 0 | Y63: =IF(R63="uu",L63,IF(R63="-e",L63,IF(R63="",L63,IF(R63="rp",L63,IF(R63="pr",L63,""))))) -> 0 | AB63: =$AA$11+M63 -> #VALUE! | AD63: =BIL.PREV.!F17 -> uu42 | AE63: =BIL.PREV.!G17 -> Spese per pulizia ed affitto locali | AF63: - | AG63: =CONCATENATE(AD63,AF63,AE63) -> uu42 - Spese per pulizia ed affitto locali | AH63: =LEFT($AC63,4)
B64: =IF(Q64>0.00001,B63+1,"") | C64: =IF(G64+I64+K64>0,"e",IF(H64+J64+L64>0,"u",IF(G64+H64+I64+J64+K64+L64<0,""))) -> FALSE | E64: =IF(Q64>0.0001,1) -> FALSE | M64: =IF(SUM(G64:L64)>0.00001,M63+G64-H64+I64-J64+K64-L64,"") | P64: uu46 | Q64: =SUM(G64:L64) -> 0 | R64: =LEFT(F64,2) | T64: =IF(R64="ee",G64,IF(R64="-u",G64,IF(R64="",G64,IF(R64="ra",G64,IF(R64="pr",G64,""))))) -> 0 | U64: =IF(R64="uu",H64,IF(R64="-e",H64,IF(R64="",H64,IF(R64="rp",H64,IF(R64="ve",H64,""))))) -> 0 | V64: =IF(R64="ee",I64,IF(R64="-u",I64,IF(R64="",I64,IF(R64="ra",I64,IF(R64="ve",I64,""))))) -> 0 | W64: =IF(R64="uu",J64,IF(R64="-e",J64,IF(R64="",J64,IF(R64="rp",J64,IF(R64="pr",J64,""))))) -> 0 | X64: =IF(R64="ee",K64,IF(R64="-u",K64,IF(R64="",K64,IF(R64="ra",K64,IF(R64="ve",K64,""))))) -> 0 | Y64: =IF(R64="uu",L64,IF(R64="-e",L64,IF(R64="",L64,IF(R64="rp",L64,IF(R64="pr",L64,""))))) -> 0 | AB64: =$AA$11+M64 -> #VALUE! | AD64: =BIL.PREV.!F18 -> uu43 | AE64: =BIL.PREV.!G18 -> Spese per acquisto attrezzature e arredi | AF64: - | AG64: =CONCATENATE(AD64,AF64,AE64) -> uu43 - Spese per acquisto attrezzature e arredi | AH64: =LEFT($AC64,4)
B65: =IF(Q65>0.00001,B64+1,"") | C65: =IF(G65+I65+K65>0,"e",IF(H65+J65+L65>0,"u",IF(G65+H65+I65+J65+K65+L65<0,""))) -> FALSE | E65: =IF(Q65>0.0001,1) -> FALSE | M65: =IF(SUM(G65:L65)>0.00001,M64+G65-H65+I65-J65+K65-L65,"") | P65: uu47 | Q65: =SUM(G65:L65) -> 0 | R65: =LEFT(F65,2) | T65: =IF(R65="ee",G65,IF(R65="-u",G65,IF(R65="",G65,IF(R65="ra",G65,IF(R65="pr",G65,""))))) -> 0 | U65: =IF(R65="uu",H65,IF(R65="-e",H65,IF(R65="",H65,IF(R65="rp",H65,IF(R65="ve",H65,""))))) -> 0 | V65: =IF(R65="ee",I65,IF(R65="-u",I65,IF(R65="",I65,IF(R65="ra",I65,IF(R65="ve",I65,""))))) -> 0 | W65: =IF(R65="uu",J65,IF(R65="-e",J65,IF(R65="",J65,IF(R65="rp",J65,IF(R65="pr",J65,""))))) -> 0 | X65: =IF(R65="ee",K65,IF(R65="-u",K65,IF(R65="",K65,IF(R65="ra",K65,IF(R65="ve",K65,""))))) -> 0 | Y65: =IF(R65="uu",L65,IF(R65="-e",L65,IF(R65="",L65,IF(R65="rp",L65,IF(R65="pr",L65,""))))) -> 0 | AB65: =$AA$11+M65 -> #VALUE! | AD65: =BIL.PREV.!F19 -> uu44 | AE65: =BIL.PREV.!G19 -> Spese di cancelleria e gestione ufficio | AF65: - | AG65: =CONCATENATE(AD65,AF65,AE65) -> uu44 - Spese di cancelleria e gestione ufficio | AH65: =LEFT($AC65,4)
B66: =IF(Q66>0.00001,B65+1,"") | C66: =IF(G66+I66+K66>0,"e",IF(H66+J66+L66>0,"u",IF(G66+H66+I66+J66+K66+L66<0,""))) -> FALSE | E66: =IF(Q66>0.0001,1) -> FALSE | M66: =IF(SUM(G66:L66)>0.00001,M65+G66-H66+I66-J66+K66-L66,"") | P66: uu48 | Q66: =SUM(G66:L66) -> 0 | R66: =LEFT(F66,2) | T66: =IF(R66="ee",G66,IF(R66="-u",G66,IF(R66="",G66,IF(R66="ra",G66,IF(R66="pr",G66,""))))) -> 0 | U66: =IF(R66="uu",H66,IF(R66="-e",H66,IF(R66="",H66,IF(R66="rp",H66,IF(R66="ve",H66,""))))) -> 0 | V66: =IF(R66="ee",I66,IF(R66="-u",I66,IF(R66="",I66,IF(R66="ra",I66,IF(R66="ve",I66,""))))) -> 0 | W66: =IF(R66="uu",J66,IF(R66="-e",J66,IF(R66="",J66,IF(R66="rp",J66,IF(R66="pr",J66,""))))) -> 0 | X66: =IF(R66="ee",K66,IF(R66="-u",K66,IF(R66="",K66,IF(R66="ra",K66,IF(R66="ve",K66,""))))) -> 0 | Y66: =IF(R66="uu",L66,IF(R66="-e",L66,IF(R66="",L66,IF(R66="rp",L66,IF(R66="pr",L66,""))))) -> 0 | AB66: =$AA$11+M66 -> #VALUE! | AD66: =BIL.PREV.!F20 -> uu45 | AE66: =BIL.PREV.!G20 -> Oneri fiscali e tributari | AF66: - | AG66: =CONCATENATE(AD66,AF66,AE66) -> uu45 - Oneri fiscali e tributari | AH66: =LEFT($AC66,4)
B67: =IF(Q67>0.00001,B66+1,"") | C67: =IF(G67+I67+K67>0,"e",IF(H67+J67+L67>0,"u",IF(G67+H67+I67+J67+K67+L67<0,""))) -> FALSE | E67: =IF(Q67>0.0001,1) -> FALSE | M67: =IF(SUM(G67:L67)>0.00001,M66+G67-H67+I67-J67+K67-L67,"") | P67: uu49 | Q67: =SUM(G67:L67) -> 0 | R67: =LEFT(F67,2) | T67: =IF(R67="ee",G67,IF(R67="-u",G67,IF(R67="",G67,IF(R67="ra",G67,IF(R67="pr",G67,""))))) -> 0 | U67: =IF(R67="uu",H67,IF(R67="-e",H67,IF(R67="",H67,IF(R67="rp",H67,IF(R67="ve",H67,""))))) -> 0 | V67: =IF(R67="ee",I67,IF(R67="-u",I67,IF(R67="",I67,IF(R67="ra",I67,IF(R67="ve",I67,""))))) -> 0 | W67: =IF(R67="uu",J67,IF(R67="-e",J67,IF(R67="",J67,IF(R67="rp",J67,IF(R67="pr",J67,""))))) -> 0 | X67: =IF(R67="ee",K67,IF(R67="-u",K67,IF(R67="",K67,IF(R67="ra",K67,IF(R67="ve",K67,""))))) -> 0 | Y67: =IF(R67="uu",L67,IF(R67="-e",L67,IF(R67="",L67,IF(R67="rp",L67,IF(R67="pr",L67,""))))) -> 0 | AB67: =$AA$11+M67 -> #VALUE! | AD67: =BIL.PREV.!F21 -> uu46 | AE67: =BIL.PREV.!G21 -> Oneri Bancari | AF67: - | AG67: =CONCATENATE(AD67,AF67,AE67) -> uu46 - Oneri Bancari | AH67: =LEFT($AC67,4)
B68: =IF(Q68>0.00001,B67+1,"") | C68: =IF(G68+I68+K68>0,"e",IF(H68+J68+L68>0,"u",IF(G68+H68+I68+J68+K68+L68<0,""))) -> FALSE | E68: =IF(Q68>0.0001,1) -> FALSE | M68: =IF(SUM(G68:L68)>0.00001,M67+G68-H68+I68-J68+K68-L68,"") | P68: uu50 | Q68: =SUM(G68:L68) -> 0 | R68: =LEFT(F68,2) | T68: =IF(R68="ee",G68,IF(R68="-u",G68,IF(R68="",G68,IF(R68="ra",G68,IF(R68="pr",G68,""))))) -> 0 | U68: =IF(R68="uu",H68,IF(R68="-e",H68,IF(R68="",H68,IF(R68="rp",H68,IF(R68="ve",H68,""))))) -> 0 | V68: =IF(R68="ee",I68,IF(R68="-u",I68,IF(R68="",I68,IF(R68="ra",I68,IF(R68="ve",I68,""))))) -> 0 | W68: =IF(R68="uu",J68,IF(R68="-e",J68,IF(R68="",J68,IF(R68="rp",J68,IF(R68="pr",J68,""))))) -> 0 | X68: =IF(R68="ee",K68,IF(R68="-u",K68,IF(R68="",K68,IF(R68="ra",K68,IF(R68="ve",K68,""))))) -> 0 | Y68: =IF(R68="uu",L68,IF(R68="-e",L68,IF(R68="",L68,IF(R68="rp",L68,IF(R68="pr",L68,""))))) -> 0 | AB68: =$AA$11+M68 -> #VALUE! | AD68: =BIL.PREV.!F22 -> uu47 | AE68: =BIL.PREV.!G22 -> Spese per progetti finanziati da Fondazioni e Cesv | AF68: - | AG68: =CONCATENATE(AD68,AF68,AE68) -> uu47 - Spese per progetti finanziati da Fondazioni e Cesv | AH68: =LEFT($AC68,4)
B69: =IF(Q69>0.00001,B68+1,"") | C69: =IF(G69+I69+K69>0,"e",IF(H69+J69+L69>0,"u",IF(G69+H69+I69+J69+K69+L69<0,""))) -> FALSE | E69: =IF(Q69>0.0001,1) -> FALSE | M69: =IF(SUM(G69:L69)>0.00001,M68+G69-H69+I69-J69+K69-L69,"") | P69: uu51 | Q69: =SUM(G69:L69) -> 0 | R69: =LEFT(F69,2) | T69: =IF(R69="ee",G69,IF(R69="-u",G69,IF(R69="",G69,IF(R69="ra",G69,IF(R69="pr",G69,""))))) -> 0 | U69: =IF(R69="uu",H69,IF(R69="-e",H69,IF(R69="",H69,IF(R69="rp",H69,IF(R69="ve",H69,""))))) -> 0 | V69: =IF(R69="ee",I69,IF(R69="-u",I69,IF(R69="",I69,IF(R69="ra",I69,IF(R69="ve",I69,""))))) -> 0 | W69: =IF(R69="uu",J69,IF(R69="-e",J69,IF(R69="",J69,IF(R69="rp",J69,IF(R69="pr",J69,""))))) -> 0 | X69: =IF(R69="ee",K69,IF(R69="-u",K69,IF(R69="",K69,IF(R69="ra",K69,IF(R69="ve",K69,""))))) -> 0 | Y69: =IF(R69="uu",L69,IF(R69="-e",L69,IF(R69="",L69,IF(R69="rp",L69,IF(R69="pr",L69,""))))) -> 0 | AB69: =$AA$11+M69 -> #VALUE! | AD69: =BIL.PREV.!F23 -> uu48 | AE69: =BIL.PREV.!G23 -> Spese per progetti e iniziative di Solidarietà | AF69: - | AG69: =CONCATENATE(AD69,AF69,AE69) -> uu48 - Spese per progetti e iniziative di Solidarietà | AH69: =LEFT($AC69,4)
B70: =IF(Q70>0.00001,#REF!+1,"") | M70: =IF(SUM(G70:L70)>0.00001,#REF!+G70-H70+K70-L70,"") | P70: uu52 | T70: =IF(R70="ee",G70,IF(R70="-u",G70,IF(R70="",G70,IF(R70="ra",G70,IF(R70="pr",G70,""))))) -> 0 | U70: =IF(R70="uu",H70,IF(R70="-e",H70,IF(R70="",H70,IF(R70="rp",H70,IF(R70="ve",H70,""))))) -> 0 | V70: =IF(R70="ee",I70,IF(R70="-u",I70,IF(R70="",I70,IF(R70="ra",I70,IF(R70="ve",I70,""))))) -> 0 | W70: =IF(R70="uu",J70,IF(R70="-e",J70,IF(R70="",J70,IF(R70="rp",J70,IF(R70="pr",J70,""))))) -> 0 | X70: =IF(R70="ee",K70,IF(R70="-u",K70,IF(R70="",K70,IF(R70="ra",K70,IF(R70="ve",K70,""))))) -> 0 | Y70: =IF(R70="uu",L70,IF(R70="-e",L70,IF(R70="",L70,IF(R70="rp",L70,IF(R70="pr",L70,""))))) -> 0 | AD70: =BIL.PREV.!F24 -> uu49 | AE70: =BIL.PREV.!G24 -> Spese impreviste | AF70: - | AG70: =CONCATENATE(AD70,AF70,AE70) -> uu49 - Spese impreviste | AH70: =LEFT($AC70,4)
A71: R I E P I L O G H I | G71: C A S S A | I71: =I8 -> BANCA XXXX | K71: =K8 -> BANCA Agricola pop | M71: S A L D O | P71: uu53 | T71: =IF(R71="ee",G71,IF(R71="-u",G71,IF(R71="",G71,IF(R71="ra",G71,IF(R71="pr",G71,""))))) -> C A S S A | U71: =IF(R71="uu",H71,IF(R71="-e",H71,IF(R71="",H71,IF(R71="rp",H71,IF(R71="ve",H71,""))))) -> 0 | V71: =IF(R71="ee",I71,IF(R71="-u",I71,IF(R71="",I71,IF(R71="ra",I71,IF(R71="ve",I71,""))))) -> BANCA XXXX | W71: =IF(R71="uu",J71,IF(R71="-e",J71,IF(R71="",J71,IF(R71="rp",J71,IF(R71="pr",J71,""))))) -> 0 | X71: =IF(R71="ee",K71,IF(R71="-u",K71,IF(R71="",K71,IF(R71="ra",K71,IF(R71="ve",K71,""))))) -> BANCA Agricola pop | Y71: =IF(R71="uu",L71,IF(R71="-e",L71,IF(R71="",L71,IF(R71="rp",L71,IF(R71="pr",L71,""))))) -> 0 | AD71: =BIL.PREV.!F25 -> uu50 | AE71: =BIL.PREV.!G25 -> retribuzione dipendente | AF71: - | AG71: =CONCATENATE(AD71,AF71,AE71) -> uu50 - retribuzione dipendente | AH71: =LEFT($AC71,4)
G72: ENTRATE | H72: USCITE | I72: ENTRATE | J72: USCITE | K72: ENTRATE | L72: USCITE | P72: uu54 | T72: =IF(R72="ee",G72,IF(R72="-u",G72,IF(R72="",G72,IF(R72="ra",G72,IF(R72="pr",G72,""))))) -> ENTRATE | U72: =IF(R72="uu",H72,IF(R72="-e",H72,IF(R72="",H72,IF(R72="rp",H72,IF(R72="ve",H72,""))))) -> USCITE | V72: =IF(R72="ee",I72,IF(R72="-u",I72,IF(R72="",I72,IF(R72="ra",I72,IF(R72="ve",I72,""))))) -> ENTRATE | W72: =IF(R72="uu",J72,IF(R72="-e",J72,IF(R72="",J72,IF(R72="rp",J72,IF(R72="pr",J72,""))))) -> USCITE | X72: =IF(R72="ee",K72,IF(R72="-u",K72,IF(R72="",K72,IF(R72="ra",K72,IF(R72="ve",K72,""))))) -> ENTRATE | Y72: =IF(R72="uu",L72,IF(R72="-e",L72,IF(R72="",L72,IF(R72="rp",L72,IF(R72="pr",L72,""))))) -> USCITE | AD72: =BIL.PREV.!F26 -> uu51 | AE72: =BIL.PREV.!G26 -> oneri sociali | AF72: - | AG72: =CONCATENATE(AD72,AF72,AE72) -> uu51 - oneri sociali | AH72: =LEFT($AC72,4)
A73: Totali della pagina ………………………………. | G73: =SUM(G44:G69) -> 0 | H73: =SUM(H44:H69) -> 0 | I73: =SUM(I44:I69) -> 0 | J73: =SUM(J44:J69) -> 0 | K73: =SUM(K44:K69) -> 0 | L73: =SUM(L44:L69) -> 0 | M73: =G73-H73+I73-J73+K73-L73 -> 0 | P73: uu55 | T73: =IF(R73="ee",G73,IF(R73="-u",G73,IF(R73="",G73,IF(R73="ra",G73,IF(R73="pr",G73,""))))) -> 0 | U73: =IF(R73="uu",H73,IF(R73="-e",H73,IF(R73="",H73,IF(R73="rp",H73,IF(R73="ve",H73,""))))) -> 0 | V73: =IF(R73="ee",I73,IF(R73="-u",I73,IF(R73="",I73,IF(R73="ra",I73,IF(R73="ve",I73,""))))) -> 0 | W73: =IF(R73="uu",J73,IF(R73="-e",J73,IF(R73="",J73,IF(R73="rp",J73,IF(R73="pr",J73,""))))) -> 0 | X73: =IF(R73="ee",K73,IF(R73="-u",K73,IF(R73="",K73,IF(R73="ra",K73,IF(R73="ve",K73,""))))) -> 0 | Y73: =IF(R73="uu",L73,IF(R73="-e",L73,IF(R73="",L73,IF(R73="rp",L73,IF(R73="pr",L73,""))))) -> 0 | AD73: =BIL.PREV.!F27 -> uu52 | AE73: =BIL.PREV.!G27 -> TFR | AF73: - | AG73: =CONCATENATE(AD73,AF73,AE73) -> uu52 - TFR | AH73: =LEFT($AC73,4)
A74: Totali pagina precedente ………..…...…...…… | G74: =G42 -> 434.24 | H74: =H42 -> 0 | I74: =I42 -> 17740.45 | J74: =J42 -> 29.94 | K74: =K42 -> 95.99 | L74: =L42 -> 0 | M74: =M42 -> 18240.74 | P74: uu56 | T74: =IF(R74="ee",G74,IF(R74="-u",G74,IF(R74="",G74,IF(R74="ra",G74,IF(R74="pr",G74,""))))) -> 434.24 | U74: =IF(R74="uu",H74,IF(R74="-e",H74,IF(R74="",H74,IF(R74="rp",H74,IF(R74="ve",H74,""))))) -> 0 | V74: =IF(R74="ee",I74,IF(R74="-u",I74,IF(R74="",I74,IF(R74="ra",I74,IF(R74="ve",I74,""))))) -> 17740.45 | W74: =IF(R74="uu",J74,IF(R74="-e",J74,IF(R74="",J74,IF(R74="rp",J74,IF(R74="pr",J74,""))))) -> 29.94 | X74: =IF(R74="ee",K74,IF(R74="-u",K74,IF(R74="",K74,IF(R74="ra",K74,IF(R74="ve",K74,""))))) -> 95.99 | Y74: =IF(R74="uu",L74,IF(R74="-e",L74,IF(R74="",L74,IF(R74="rp",L74,IF(R74="pr",L74,""))))) -> 0 | AD74: =BIL.PREV.!F33 -> 0 | AE74: =BIL.PREV.!G33 -> T O T A L E | AF74: - | AG74: =CONCATENATE(AD74,AF74,AE74) -> 0 - T O T A L E | AH74: =LEFT($AC74,4)
A75: Totali complessivi ……….…..……….…….… | G75: =G73+G74 -> 434.24 | H75: =H73+H74 -> 0 | I75: =I73+I74 -> 17740.45 | J75: =J73+J74 -> 29.94 | K75: =K73+K74 -> 95.99 | L75: =L73+L74 -> 0 | M75: =M73+M74 -> 18240.74 | P75: uu57 | T75: =IF(R75="ee",G75,IF(R75="-u",G75,IF(R75="",G75,IF(R75="ra",G75,IF(R75="pr",G75,""))))) -> 434.24 | U75: =IF(R75="uu",H75,IF(R75="-e",H75,IF(R75="",H75,IF(R75="rp",H75,IF(R75="ve",H75,""))))) -> 0 | V75: =IF(R75="ee",I75,IF(R75="-u",I75,IF(R75="",I75,IF(R75="ra",I75,IF(R75="ve",I75,""))))) -> 17740.45 | W75: =IF(R75="uu",J75,IF(R75="-e",J75,IF(R75="",J75,IF(R75="rp",J75,IF(R75="pr",J75,""))))) -> 29.94 | X75: =IF(R75="ee",K75,IF(R75="-u",K75,IF(R75="",K75,IF(R75="ra",K75,IF(R75="ve",K75,""))))) -> 95.99 | Y75: =IF(R75="uu",L75,IF(R75="-e",L75,IF(R75="",L75,IF(R75="rp",L75,IF(R75="pr",L75,""))))) -> 0 | AD75: =BIL.PREV.!F36 -> 0 | AE75: =BIL.PREV.!G36 -> PARTITE DI GIRO: | AF75: - | AG75: =CONCATENATE(AD75,AF75,AE75) -> 0 - PARTITE DI GIRO: | AH75: =LEFT($AC75,4)
A76: S A L D I ……………………………………..….….….. | G76: =G75-H75 -> 434.24 | I76: =I75-J75 -> 17710.51 | K76: =K75-L75 -> 95.99 | M76: =G76+I76+K76 -> 18240.74 | P76: uu58 | T76: =IF(R76="ee",G76,IF(R76="-u",G76,IF(R76="",G76,IF(R76="ra",G76,IF(R76="pr",G76,""))))) -> 434.24 | U76: =IF(R76="uu",H76,IF(R76="-e",H76,IF(R76="",H76,IF(R76="rp",H76,IF(R76="ve",H76,""))))) -> 0 | V76: =IF(R76="ee",I76,IF(R76="-u",I76,IF(R76="",I76,IF(R76="ra",I76,IF(R76="ve",I76,""))))) -> 17710.51 | W76: =IF(R76="uu",J76,IF(R76="-e",J76,IF(R76="",J76,IF(R76="rp",J76,IF(R76="pr",J76,""))))) -> 0 | X76: =IF(R76="ee",K76,IF(R76="-u",K76,IF(R76="",K76,IF(R76="ra",K76,IF(R76="ve",K76,""))))) -> 95.99 | Y76: =IF(R76="uu",L76,IF(R76="-e",L76,IF(R76="",L76,IF(R76="rp",L76,IF(R76="pr",L76,""))))) -> 0 | AD76: =BIL.PREV.!F37 -> uu58 | AE76: =BIL.PREV.!G37 -> Organizzazione Assemblea Nazionale | AF76: - | AG76: =CONCATENATE(AD76,AF76,AE76) -> uu58 - Organizzazione Assemblea Nazionale | AH76: =LEFT($AC76,4)
B77: =IF(Q77>0.00001,B69+1,"") | C77: =IF(G77+I77+K77>0,"e",IF(H77+J77+L77>0,"u",IF(G77+H77+I77+J77+K77+L77<0,""))) -> FALSE | E77: =IF(Q77>0.0001,1) -> FALSE | M77: =IF(SUM(G77:L77)>0.00001,M76+G77-H77+I77-J77+K77-L77,"") | P77: uu59 | Q77: =SUM(G77:L77) -> 0 | R77: =LEFT(F77,2) | T77: =IF(R77="ee",G77,IF(R77="-u",G77,IF(R77="",G77,IF(R77="ra",G77,IF(R77="pr",G77,""))))) -> 0 | U77: =IF(R77="uu",H77,IF(R77="-e",H77,IF(R77="",H77,IF(R77="rp",H77,IF(R77="ve",H77,""))))) -> 0 | V77: =IF(R77="ee",I77,IF(R77="-u",I77,IF(R77="",I77,IF(R77="ra",I77,IF(R77="ve",I77,""))))) -> 0 | W77: =IF(R77="uu",J77,IF(R77="-e",J77,IF(R77="",J77,IF(R77="rp",J77,IF(R77="pr",J77,""))))) -> 0 | X77: =IF(R77="ee",K77,IF(R77="-u",K77,IF(R77="",K77,IF(R77="ra",K77,IF(R77="ve",K77,""))))) -> 0 | Y77: =IF(R77="uu",L77,IF(R77="-e",L77,IF(R77="",L77,IF(R77="rp",L77,IF(R77="pr",L77,""))))) -> 0 | AB77: =$AA$11+M77 -> #VALUE! | AD77: =BIL.PREV.!F38 -> uu59 | AE77: =BIL.PREV.!G38 -> Spese partecipazione soci ad eventi associativi | AF77: - | AG77: =CONCATENATE(AD77,AF77,AE77) -> uu59 - Spese partecipazione soci ad eventi associativi | AH77: =LEFT($AC77,4)
B78: =IF(Q78>0.00001,B77+1,"") | C78: =IF(G78+I78+K78>0,"e",IF(H78+J78+L78>0,"u",IF(G78+H78+I78+J78+K78+L78<0,""))) -> FALSE | E78: =IF(Q78>0.0001,1) -> FALSE | M78: =IF(SUM(G78:L78)>0.00001,M77+G78-H78+I78-J78+K78-L78,"") | P78: rp | Q78: =SUM(G78:L78) -> 0 | R78: =LEFT(F78,2) | T78: =IF(R78="ee",G78,IF(R78="-u",G78,IF(R78="",G78,IF(R78="ra",G78,IF(R78="pr",G78,""))))) -> 0 | U78: =IF(R78="uu",H78,IF(R78="-e",H78,IF(R78="",H78,IF(R78="rp",H78,IF(R78="ve",H78,""))))) -> 0 | V78: =IF(R78="ee",I78,IF(R78="-u",I78,IF(R78="",I78,IF(R78="ra",I78,IF(R78="ve",I78,""))))) -> 0 | W78: =IF(R78="uu",J78,IF(R78="-e",J78,IF(R78="",J78,IF(R78="rp",J78,IF(R78="pr",J78,""))))) -> 0 | X78: =IF(R78="ee",K78,IF(R78="-u",K78,IF(R78="",K78,IF(R78="ra",K78,IF(R78="ve",K78,""))))) -> 0 | Y78: =IF(R78="uu",L78,IF(R78="-e",L78,IF(R78="",L78,IF(R78="rp",L78,IF(R78="pr",L78,""))))) -> 0 | AB78: =$AA$11+M78 -> #VALUE! | AD78: =BIL.PREV.!#REF! -> #REF! | AE78: =BIL.PREV.!#REF! -> #REF! | AF78: - | AG78: =CONCATENATE(AD78,AF78,AE78) -> #REF! | AH78: =LEFT($AC78,4)
B79: =IF(Q79>0.00001,B78+1,"") | C79: =IF(G79+I79+K79>0,"e",IF(H79+J79+L79>0,"u",IF(G79+H79+I79+J79+K79+L79<0,""))) -> FALSE | E79: =IF(Q79>0.0001,1) -> FALSE | M79: =IF(SUM(G79:L79)>0.00001,M78+G79-H79+I79-J79+K79-L79,"") | P79: ra | Q79: =SUM(G79:L79) -> 0 | R79: =LEFT(F79,2) | T79: =IF(R79="ee",G79,IF(R79="-u",G79,IF(R79="",G79,IF(R79="ra",G79,IF(R79="pr",G79,""))))) -> 0 | U79: =IF(R79="uu",H79,IF(R79="-e",H79,IF(R79="",H79,IF(R79="rp",H79,IF(R79="ve",H79,""))))) -> 0 | V79: =IF(R79="ee",I79,IF(R79="-u",I79,IF(R79="",I79,IF(R79="ra",I79,IF(R79="ve",I79,""))))) -> 0 | W79: =IF(R79="uu",J79,IF(R79="-e",J79,IF(R79="",J79,IF(R79="rp",J79,IF(R79="pr",J79,""))))) -> 0 | X79: =IF(R79="ee",K79,IF(R79="-u",K79,IF(R79="",K79,IF(R79="ra",K79,IF(R79="ve",K79,""))))) -> 0 | Y79: =IF(R79="uu",L79,IF(R79="-e",L79,IF(R79="",L79,IF(R79="rp",L79,IF(R79="pr",L79,""))))) -> 0 | AB79: =$AA$11+M79 -> #VALUE! | AD79: =BIL.PREV.!#REF! -> #REF! | AE79: =BIL.PREV.!#REF! -> #REF! | AF79: - | AG79: =CONCATENATE(AD79,AF79,AE79) -> #REF! | AH79: =LEFT($AC79,4)
B80: =IF(Q80>0.00001,B79+1,"") | C80: =IF(G80+I80+K80>0,"e",IF(H80+J80+L80>0,"u",IF(G80+H80+I80+J80+K80+L80<0,""))) -> FALSE | E80: =IF(Q80>0.0001,1) -> FALSE | M80: =IF(SUM(G80:L80)>0.00001,M79+G80-H80+I80-J80+K80-L80,"") | P80: pr | Q80: =SUM(G80:L80) -> 0 | R80: =LEFT(F80,2) | T80: =IF(R80="ee",G80,IF(R80="-u",G80,IF(R80="",G80,IF(R80="ra",G80,IF(R80="pr",G80,""))))) -> 0 | U80: =IF(R80="uu",H80,IF(R80="-e",H80,IF(R80="",H80,IF(R80="rp",H80,IF(R80="ve",H80,""))))) -> 0 | V80: =IF(R80="ee",I80,IF(R80="-u",I80,IF(R80="",I80,IF(R80="ra",I80,IF(R80="ve",I80,""))))) -> 0 | W80: =IF(R80="uu",J80,IF(R80="-e",J80,IF(R80="",J80,IF(R80="rp",J80,IF(R80="pr",J80,""))))) -> 0 | X80: =IF(R80="ee",K80,IF(R80="-u",K80,IF(R80="",K80,IF(R80="ra",K80,IF(R80="ve",K80,""))))) -> 0 | Y80: =IF(R80="uu",L80,IF(R80="-e",L80,IF(R80="",L80,IF(R80="rp",L80,IF(R80="pr",L80,""))))) -> 0 | AB80: =$AA$11+M80 -> #VALUE! | AD80: =BIL.PREV.!#REF! -> #REF! | AE80: =BIL.PREV.!#REF! -> #REF! | AF80: - | AG80: =CONCATENATE(AD80,AF80,AE80) -> #REF! | AH80: =LEFT($AC80,4)
B81: =IF(Q81>0.00001,B80+1,"") | C81: =IF(G81+I81+K81>0,"e",IF(H81+J81+L81>0,"u",IF(G81+H81+I81+J81+K81+L81<0,""))) -> FALSE | E81: =IF(Q81>0.0001,1) -> FALSE | M81: =IF(SUM(G81:L81)>0.00001,M80+G81-H81+I81-J81+K81-L81,"") | P81: ve | Q81: =SUM(G81:L81) -> 0 | R81: =LEFT(F81,2) | T81: =IF(R81="ee",G81,IF(R81="-u",G81,IF(R81="",G81,IF(R81="ra",G81,IF(R81="pr",G81,""))))) -> 0 | U81: =IF(R81="uu",H81,IF(R81="-e",H81,IF(R81="",H81,IF(R81="rp",H81,IF(R81="ve",H81,""))))) -> 0 | V81: =IF(R81="ee",I81,IF(R81="-u",I81,IF(R81="",I81,IF(R81="ra",I81,IF(R81="ve",I81,""))))) -> 0 | W81: =IF(R81="uu",J81,IF(R81="-e",J81,IF(R81="",J81,IF(R81="rp",J81,IF(R81="pr",J81,""))))) -> 0 | X81: =IF(R81="ee",K81,IF(R81="-u",K81,IF(R81="",K81,IF(R81="ra",K81,IF(R81="ve",K81,""))))) -> 0 | Y81: =IF(R81="uu",L81,IF(R81="-e",L81,IF(R81="",L81,IF(R81="rp",L81,IF(R81="pr",L81,""))))) -> 0 | AB81: =$AA$11+M81 -> #VALUE! | AD81: -u30 | AE81: =AE51 -> Quote Associative | AF81: - Accred. somme per | AG81: =CONCATENATE(AD81,AF81,AE81) -> -u30 - Accred. somme per Quote Associative | AH81: =LEFT($AC81,4)
B82: =IF(Q82>0.00001,B81+1,"") | C82: =IF(G82+I82+K82>0,"e",IF(H82+J82+L82>0,"u",IF(G82+H82+I82+J82+K82+L82<0,""))) -> FALSE | E82: =IF(Q82>0.0001,1) -> FALSE | M82: =IF(SUM(G82:L82)>0.00001,M81+G82-H82+I82-J82+K82-L82,"") | P82: -u30 | Q82: =SUM(G82:L82) -> 0 | R82: =LEFT(F82,2) | T82: =IF(R82="ee",G82,IF(R82="-u",G82,IF(R82="",G82,IF(R82="ra",G82,IF(R82="pr",G82,""))))) -> 0 | U82: =IF(R82="uu",H82,IF(R82="-e",H82,IF(R82="",H82,IF(R82="rp",H82,IF(R82="ve",H82,""))))) -> 0 | V82: =IF(R82="ee",I82,IF(R82="-u",I82,IF(R82="",I82,IF(R82="ra",I82,IF(R82="ve",I82,""))))) -> 0 | W82: =IF(R82="uu",J82,IF(R82="-e",J82,IF(R82="",J82,IF(R82="rp",J82,IF(R82="pr",J82,""))))) -> 0 | X82: =IF(R82="ee",K82,IF(R82="-u",K82,IF(R82="",K82,IF(R82="ra",K82,IF(R82="ve",K82,""))))) -> 0 | Y82: =IF(R82="uu",L82,IF(R82="-e",L82,IF(R82="",L82,IF(R82="rp",L82,IF(R82="pr",L82,""))))) -> 0 | AB82: =$AA$11+M82 -> #VALUE! | AD82: -u31 | AE82: =AE52 -> Spese trasferte e rimborsi ad organi istituzionali | AF82: - Accred. somme per | AG82: =CONCATENATE(AD82,AF82,AE82) -> -u31 - Accred. somme per Spese trasferte e rimborsi ad organi istituzionali | AH82: =LEFT($AC82,4)
B83: =IF(Q83>0.00001,B82+1,"") | C83: =IF(G83+I83+K83>0,"e",IF(H83+J83+L83>0,"u",IF(G83+H83+I83+J83+K83+L83<0,""))) -> FALSE | E83: =IF(Q83>0.0001,1) -> FALSE | M83: =IF(SUM(G83:L83)>0.00001,M82+G83-H83+I83-J83+K83-L83,"") | P83: -u31 | Q83: =SUM(G83:L83) -> 0 | R83: =LEFT(F83,2) | T83: =IF(R83="ee",G83,IF(R83="-u",G83,IF(R83="",G83,IF(R83="ra",G83,IF(R83="pr",G83,""))))) -> 0 | U83: =IF(R83="uu",H83,IF(R83="-e",H83,IF(R83="",H83,IF(R83="rp",H83,IF(R83="ve",H83,""))))) -> 0 | V83: =IF(R83="ee",I83,IF(R83="-u",I83,IF(R83="",I83,IF(R83="ra",I83,IF(R83="ve",I83,""))))) -> 0 | W83: =IF(R83="uu",J83,IF(R83="-e",J83,IF(R83="",J83,IF(R83="rp",J83,IF(R83="pr",J83,""))))) -> 0 | X83: =IF(R83="ee",K83,IF(R83="-u",K83,IF(R83="",K83,IF(R83="ra",K83,IF(R83="ve",K83,""))))) -> 0 | Y83: =IF(R83="uu",L83,IF(R83="-e",L83,IF(R83="",L83,IF(R83="rp",L83,IF(R83="pr",L83,""))))) -> 0 | AB83: =$AA$11+M83 -> #VALUE! | AD83: -u32 | AE83: =AE53 -> Spese x attività Avis giovani -organ.e partec.convegni-seminari- attività di formazione | AF83: - Accred. somme per | AG83: =CONCATENATE(AD83,AF83,AE83) -> -u32 - Accred. somme per Spese x attività Avis giovani -organ.e partec.convegni-seminari- attività di formazione | AH83: =LEFT($AC83,4)
B84: =IF(Q84>0.00001,B83+1,"") | C84: =IF(G84+I84+K84>0,"e",IF(H84+J84+L84>0,"u",IF(G84+H84+I84+J84+K84+L84<0,""))) -> FALSE | E84: =IF(Q84>0.0001,1) -> FALSE | M84: =IF(SUM(G84:L84)>0.00001,M83+G84-H84+I84-J84+K84-L84,"") | P84: -u32 | Q84: =SUM(G84:L84) -> 0 | R84: =LEFT(F84,2) | T84: =IF(R84="ee",G84,IF(R84="-u",G84,IF(R84="",G84,IF(R84="ra",G84,IF(R84="pr",G84,""))))) -> 0 | U84: =IF(R84="uu",H84,IF(R84="-e",H84,IF(R84="",H84,IF(R84="rp",H84,IF(R84="ve",H84,""))))) -> 0 | V84: =IF(R84="ee",I84,IF(R84="-u",I84,IF(R84="",I84,IF(R84="ra",I84,IF(R84="ve",I84,""))))) -> 0 | W84: =IF(R84="uu",J84,IF(R84="-e",J84,IF(R84="",J84,IF(R84="rp",J84,IF(R84="pr",J84,""))))) -> 0 | X84: =IF(R84="ee",K84,IF(R84="-u",K84,IF(R84="",K84,IF(R84="ra",K84,IF(R84="ve",K84,""))))) -> 0 | Y84: =IF(R84="uu",L84,IF(R84="-e",L84,IF(R84="",L84,IF(R84="rp",L84,IF(R84="pr",L84,""))))) -> 0 | AB84: =$AA$11+M84 -> #VALUE! | AD84: -u33 | AE84: =AE54 -> Spese finalità cinque per mille | AF84: - Accred. somme per | AG84: =CONCATENATE(AD84,AF84,AE84) -> -u33 - Accred. somme per Spese finalità cinque per mille | AH84: =LEFT($AC84,4)
B85: =IF(Q85>0.00001,B84+1,"") | C85: =IF(G85+I85+K85>0,"e",IF(H85+J85+L85>0,"u",IF(G85+H85+I85+J85+K85+L85<0,""))) -> FALSE | E85: =IF(Q85>0.0001,1) -> FALSE | M85: =IF(SUM(G85:L85)>0.00001,M84+G85-H85+I85-J85+K85-L85,"") | P85: -u33 | Q85: =SUM(G85:L85) -> 0 | R85: =LEFT(F85,2) | T85: =IF(R85="ee",G85,IF(R85="-u",G85,IF(R85="",G85,IF(R85="ra",G85,IF(R85="pr",G85,""))))) -> 0 | U85: =IF(R85="uu",H85,IF(R85="-e",H85,IF(R85="",H85,IF(R85="rp",H85,IF(R85="ve",H85,""))))) -> 0 | V85: =IF(R85="ee",I85,IF(R85="-u",I85,IF(R85="",I85,IF(R85="ra",I85,IF(R85="ve",I85,""))))) -> 0 | W85: =IF(R85="uu",J85,IF(R85="-e",J85,IF(R85="",J85,IF(R85="rp",J85,IF(R85="pr",J85,""))))) -> 0 | X85: =IF(R85="ee",K85,IF(R85="-u",K85,IF(R85="",K85,IF(R85="ra",K85,IF(R85="ve",K85,""))))) -> 0 | Y85: =IF(R85="uu",L85,IF(R85="-e",L85,IF(R85="",L85,IF(R85="rp",L85,IF(R85="pr",L85,""))))) -> 0 | AB85: =$AA$11+M85 -> #VALUE! | AD85: -u34 | AE85: =AE55 -> Spese per pubblicità e promozione eventi | AF85: - Accred. somme per | AG85: =CONCATENATE(AD85,AF85,AE85) -> -u34 - Accred. somme per Spese per pubblicità e promozione eventi | AH85: =LEFT($AC85,4)
B86: =IF(Q86>0.00001,B85+1,"") | C86: =IF(G86+I86+K86>0,"e",IF(H86+J86+L86>0,"u",IF(G86+H86+I86+J86+K86+L86<0,""))) -> FALSE | E86: =IF(Q86>0.0001,1) -> FALSE | M86: =IF(SUM(G86:L86)>0.00001,M85+G86-H86+I86-J86+K86-L86,"") | P86: -u34 | Q86: =SUM(G86:L86) -> 0 | R86: =LEFT(F86,2) | T86: =IF(R86="ee",G86,IF(R86="-u",G86,IF(R86="",G86,IF(R86="ra",G86,IF(R86="pr",G86,""))))) -> 0 | U86: =IF(R86="uu",H86,IF(R86="-e",H86,IF(R86="",H86,IF(R86="rp",H86,IF(R86="ve",H86,""))))) -> 0 | V86: =IF(R86="ee",I86,IF(R86="-u",I86,IF(R86="",I86,IF(R86="ra",I86,IF(R86="ve",I86,""))))) -> 0 | W86: =IF(R86="uu",J86,IF(R86="-e",J86,IF(R86="",J86,IF(R86="rp",J86,IF(R86="pr",J86,""))))) -> 0 | X86: =IF(R86="ee",K86,IF(R86="-u",K86,IF(R86="",K86,IF(R86="ra",K86,IF(R86="ve",K86,""))))) -> 0 | Y86: =IF(R86="uu",L86,IF(R86="-e",L86,IF(R86="",L86,IF(R86="rp",L86,IF(R86="pr",L86,""))))) -> 0 | AB86: =$AA$11+M86 -> #VALUE! | AD86: -u35 | AE86: =AE56 -> Spese organizzazione Assemblea ed eventi | AF86: - Accred. somme per | AG86: =CONCATENATE(AD86,AF86,AE86) -> -u35 - Accred. somme per Spese organizzazione Assemblea ed eventi | AH86: =LEFT($AC86,4)
B87: =IF(Q87>0.00001,B86+1,"") | C87: =IF(G87+I87+K87>0,"e",IF(H87+J87+L87>0,"u",IF(G87+H87+I87+J87+K87+L87<0,""))) -> FALSE | E87: =IF(Q87>0.0001,1) -> FALSE | M87: =IF(SUM(G87:L87)>0.00001,M86+G87-H87+I87-J87+K87-L87,"") | P87: -u35 | Q87: =SUM(G87:L87) -> 0 | R87: =LEFT(F87,2) | T87: =IF(R87="ee",G87,IF(R87="-u",G87,IF(R87="",G87,IF(R87="ra",G87,IF(R87="pr",G87,""))))) -> 0 | U87: =IF(R87="uu",H87,IF(R87="-e",H87,IF(R87="",H87,IF(R87="rp",H87,IF(R87="ve",H87,""))))) -> 0 | V87: =IF(R87="ee",I87,IF(R87="-u",I87,IF(R87="",I87,IF(R87="ra",I87,IF(R87="ve",I87,""))))) -> 0 | W87: =IF(R87="uu",J87,IF(R87="-e",J87,IF(R87="",J87,IF(R87="rp",J87,IF(R87="pr",J87,""))))) -> 0 | X87: =IF(R87="ee",K87,IF(R87="-u",K87,IF(R87="",K87,IF(R87="ra",K87,IF(R87="ve",K87,""))))) -> 0 | Y87: =IF(R87="uu",L87,IF(R87="-e",L87,IF(R87="",L87,IF(R87="rp",L87,IF(R87="pr",L87,""))))) -> 0 | AB87: =$AA$11+M87 -> #VALUE! | AD87: -u36 | AE87: =AE57 -> Spese funzionamento segreteria-consulenza e collaborazioni professionali | AF87: - Accred. somme per | AG87: =CONCATENATE(AD87,AF87,AE87) -> -u36 - Accred. somme per Spese funzionamento segreteria-consulenza e collaborazioni professionali | AH87: =LEFT($AC87,4)
B88: =IF(Q88>0.00001,B87+1,"") | C88: =IF(G88+I88+K88>0,"e",IF(H88+J88+L88>0,"u",IF(G88+H88+I88+J88+K88+L88<0,""))) -> FALSE | E88: =IF(Q88>0.0001,1) -> FALSE | M88: =IF(SUM(G88:L88)>0.00001,M87+G88-H88+I88-J88+K88-L88,"") | P88: -u36 | Q88: =SUM(G88:L88) -> 0 | R88: =LEFT(F88,2) | T88: =IF(R88="ee",G88,IF(R88="-u",G88,IF(R88="",G88,IF(R88="ra",G88,IF(R88="pr",G88,""))))) -> 0 | U88: =IF(R88="uu",H88,IF(R88="-e",H88,IF(R88="",H88,IF(R88="rp",H88,IF(R88="ve",H88,""))))) -> 0 | V88: =IF(R88="ee",I88,IF(R88="-u",I88,IF(R88="",I88,IF(R88="ra",I88,IF(R88="ve",I88,""))))) -> 0 | W88: =IF(R88="uu",J88,IF(R88="-e",J88,IF(R88="",J88,IF(R88="rp",J88,IF(R88="pr",J88,""))))) -> 0 | X88: =IF(R88="ee",K88,IF(R88="-u",K88,IF(R88="",K88,IF(R88="ra",K88,IF(R88="ve",K88,""))))) -> 0 | Y88: =IF(R88="uu",L88,IF(R88="-e",L88,IF(R88="",L88,IF(R88="rp",L88,IF(R88="pr",L88,""))))) -> 0 | AB88: =$AA$11+M88 -> #VALUE! | AD88: -u37 | AE88: =AE58 -> Spese e Oneri Servizio Civile | AF88: - Accred. somme per | AG88: =CONCATENATE(AD88,AF88,AE88) -> -u37 - Accred. somme per Spese e Oneri Servizio Civile | AH88: =LEFT($AC88,4)
B89: =IF(Q89>0.00001,B88+1,"") | C89: =IF(G89+I89+K89>0,"e",IF(H89+J89+L89>0,"u",IF(G89+H89+I89+J89+K89+L89<0,""))) -> FALSE | E89: =IF(Q89>0.0001,1) -> FALSE | M89: =IF(SUM(G89:L89)>0.00001,M88+G89-H89+I89-J89+K89-L89,"") | P89: -u37 | Q89: =SUM(G89:L89) -> 0 | R89: =LEFT(F89,2) | T89: =IF(R89="ee",G89,IF(R89="-u",G89,IF(R89="",G89,IF(R89="ra",G89,IF(R89="pr",G89,""))))) -> 0 | U89: =IF(R89="uu",H89,IF(R89="-e",H89,IF(R89="",H89,IF(R89="rp",H89,IF(R89="ve",H89,""))))) -> 0 | V89: =IF(R89="ee",I89,IF(R89="-u",I89,IF(R89="",I89,IF(R89="ra",I89,IF(R89="ve",I89,""))))) -> 0 | W89: =IF(R89="uu",J89,IF(R89="-e",J89,IF(R89="",J89,IF(R89="rp",J89,IF(R89="pr",J89,""))))) -> 0 | X89: =IF(R89="ee",K89,IF(R89="-u",K89,IF(R89="",K89,IF(R89="ra",K89,IF(R89="ve",K89,""))))) -> 0 | Y89: =IF(R89="uu",L89,IF(R89="-e",L89,IF(R89="",L89,IF(R89="rp",L89,IF(R89="pr",L89,""))))) -> 0 | AB89: =$AA$11+M89 -> #VALUE! | AD89: -u38 | AE89: =AE59 -> Spese gestione, manut. e riparazione automezzo e attrezz. | AF89: - Accred. somme per | AG89: =CONCATENATE(AD89,AF89,AE89) -> -u38 - Accred. somme per Spese gestione, manut. e riparazione automezzo e attrezz. | AH89: =LEFT($AC89,4)
B90: =IF(Q90>0.00001,B89+1,"") | C90: =IF(G90+I90+K90>0,"e",IF(H90+J90+L90>0,"u",IF(G90+H90+I90+J90+K90+L90<0,""))) -> FALSE | E90: =IF(Q90>0.0001,1) -> FALSE | M90: =IF(SUM(G90:L90)>0.00001,M89+G90-H90+I90-J90+K90-L90,"") | P90: -u38 | Q90: =SUM(G90:L90) -> 0 | R90: =LEFT(F90,2) | T90: =IF(R90="ee",G90,IF(R90="-u",G90,IF(R90="",G90,IF(R90="ra",G90,IF(R90="pr",G90,""))))) -> 0 | U90: =IF(R90="uu",H90,IF(R90="-e",H90,IF(R90="",H90,IF(R90="rp",H90,IF(R90="ve",H90,""))))) -> 0 | V90: =IF(R90="ee",I90,IF(R90="-u",I90,IF(R90="",I90,IF(R90="ra",I90,IF(R90="ve",I90,""))))) -> 0 | W90: =IF(R90="uu",J90,IF(R90="-e",J90,IF(R90="",J90,IF(R90="rp",J90,IF(R90="pr",J90,""))))) -> 0 | X90: =IF(R90="ee",K90,IF(R90="-u",K90,IF(R90="",K90,IF(R90="ra",K90,IF(R90="ve",K90,""))))) -> 0 | Y90: =IF(R90="uu",L90,IF(R90="-e",L90,IF(R90="",L90,IF(R90="rp",L90,IF(R90="pr",L90,""))))) -> 0 | AB90: =$AA$11+M90 -> #VALUE! | AD90: -u39 | AE90: =AE60 -> Spese forfettarie compartecip.forniture luce, acqua e gas | AF90: - Accred. somme per | AG90: =CONCATENATE(AD90,AF90,AE90) -> -u39 - Accred. somme per Spese forfettarie compartecip.forniture luce, acqua e gas | AH90: =LEFT($AC90,4)
B91: =IF(Q91>0.00001,B90+1,"") | C91: =IF(G91+I91+K91>0,"e",IF(H91+J91+L91>0,"u",IF(G91+H91+I91+J91+K91+L91<0,""))) -> FALSE | E91: =IF(Q91>0.0001,1) -> FALSE | M91: =IF(SUM(G91:L91)>0.00001,M90+G91-H91+I91-J91+K91-L91,"") | P91: -u39 | Q91: =SUM(G91:L91) -> 0 | R91: =LEFT(F91,2) | T91: =IF(R91="ee",G91,IF(R91="-u",G91,IF(R91="",G91,IF(R91="ra",G91,IF(R91="pr",G91,""))))) -> 0 | U91: =IF(R91="uu",H91,IF(R91="-e",H91,IF(R91="",H91,IF(R91="rp",H91,IF(R91="ve",H91,""))))) -> 0 | V91: =IF(R91="ee",I91,IF(R91="-u",I91,IF(R91="",I91,IF(R91="ra",I91,IF(R91="ve",I91,""))))) -> 0 | W91: =IF(R91="uu",J91,IF(R91="-e",J91,IF(R91="",J91,IF(R91="rp",J91,IF(R91="pr",J91,""))))) -> 0 | X91: =IF(R91="ee",K91,IF(R91="-u",K91,IF(R91="",K91,IF(R91="ra",K91,IF(R91="ve",K91,""))))) -> 0 | Y91: =IF(R91="uu",L91,IF(R91="-e",L91,IF(R91="",L91,IF(R91="rp",L91,IF(R91="pr",L91,""))))) -> 0 | AB91: =$AA$11+M91 -> #VALUE! | AD91: -u40 | AE91: =AE61 -> Spese di assicurazione | AF91: - Accred. somme per | AG91: =CONCATENATE(AD91,AF91,AE91) -> -u40 - Accred. somme per Spese di assicurazione | AH91: =LEFT($AC91,4)
B92: =IF(Q92>0.00001,B91+1,"") | C92: =IF(G92+I92+K92>0,"e",IF(H92+J92+L92>0,"u",IF(G92+H92+I92+J92+K92+L92<0,""))) -> FALSE | E92: =IF(Q92>0.0001,1) -> FALSE | M92: =IF(SUM(G92:L92)>0.00001,M91+G92-H92+I92-J92+K92-L92,"") | P92: -u40 | Q92: =SUM(G92:L92) -> 0 | R92: =LEFT(F92,2) | T92: =IF(R92="ee",G92,IF(R92="-u",G92,IF(R92="",G92,IF(R92="ra",G92,IF(R92="pr",G92,""))))) -> 0 | U92: =IF(R92="uu",H92,IF(R92="-e",H92,IF(R92="",H92,IF(R92="rp",H92,IF(R92="ve",H92,""))))) -> 0 | V92: =IF(R92="ee",I92,IF(R92="-u",I92,IF(R92="",I92,IF(R92="ra",I92,IF(R92="ve",I92,""))))) -> 0 | W92: =IF(R92="uu",J92,IF(R92="-e",J92,IF(R92="",J92,IF(R92="rp",J92,IF(R92="pr",J92,""))))) -> 0 | X92: =IF(R92="ee",K92,IF(R92="-u",K92,IF(R92="",K92,IF(R92="ra",K92,IF(R92="ve",K92,""))))) -> 0 | Y92: =IF(R92="uu",L92,IF(R92="-e",L92,IF(R92="",L92,IF(R92="rp",L92,IF(R92="pr",L92,""))))) -> 0 | AB92: =$AA$11+M92 -> #VALUE! | AD92: -u41 | AE92: =AE62 -> Spese telefono - postali e valori bollati | AF92: - Accred. somme per | AG92: =CONCATENATE(AD92,AF92,AE92) -> -u41 - Accred. somme per Spese telefono - postali e valori bollati | AH92: =LEFT($AC92,4)
... B102: =IF(Q102>0.00001,B101+1,"") | C102: =IF(G102+I102+K102>0,"e",IF(H102+J102+L102>0,"u",IF(G102+H102+I102+J102+K102+L102<0,""))) -> FALSE | E102: =IF(Q102>0.0001,1) -> FALSE | M102: =IF(SUM(G102:L102)>0.00001,M101+G102-H102+I102-J102+K102-L102,"") | P102: -u50 | Q102: =SUM(G102:L102) -> 0 | R102: =LEFT(F102,2) | T102: =IF(R102="ee",G102,IF(R102="-u",G102,IF(R102="",G102,IF(R102="ra",G102,IF(R102="pr",G102,""))))) -> 0 | U102: =IF(R102="uu",H102,IF(R102="-e",H102,IF(R102="",H102,IF(R102="rp",H102,IF(R102="ve",H102,""))))) -> 0 | V102: =IF(R102="ee",I102,IF(R102="-u",I102,IF(R102="",I102,IF(R102="ra",I102,IF(R102="ve",I102,""))))) -> 0 | W102: =IF(R102="uu",J102,IF(R102="-e",J102,IF(R102="",J102,IF(R102="rp",J102,IF(R102="pr",J102,""))))) -> 0 | X102: =IF(R102="ee",K102,IF(R102="-u",K102,IF(R102="",K102,IF(R102="ra",K102,IF(R102="ve",K102,""))))) -> 0 | Y102: =IF(R102="uu",L102,IF(R102="-e",L102,IF(R102="",L102,IF(R102="rp",L102,IF(R102="pr",L102,""))))) -> 0 | AB102: =$AA$11+M102 -> #VALUE! | AD102: -u51 | AE102: =AE72 -> oneri sociali | AF102: - Accred. somme per | AG102: =CONCATENATE(AD102,AF102,AE102) -> -u51 - Accred. somme per oneri sociali | AH102: =LEFT($AC102,4)
B103: =IF(Q103>0.00001,#REF!+1,"") | M103: =IF(SUM(G103:L103)>0.00001,#REF!+G103-H103+K103-L103,"") | P103: -u51 | T103: =IF(R103="ee",G103,IF(R103="-u",G103,IF(R103="",G103,IF(R103="ra",G103,IF(R103="pr",G103,""))))) -> 0 | U103: =IF(R103="uu",H103,IF(R103="-e",H103,IF(R103="",H103,IF(R103="rp",H103,IF(R103="ve",H103,""))))) -> 0 | V103: =IF(R103="ee",I103,IF(R103="-u",I103,IF(R103="",I103,IF(R103="ra",I103,IF(R103="ve",I103,""))))) -> 0 | W103: =IF(R103="uu",J103,IF(R103="-e",J103,IF(R103="",J103,IF(R103="rp",J103,IF(R103="pr",J103,""))))) -> 0 | X103: =IF(R103="ee",K103,IF(R103="-u",K103,IF(R103="",K103,IF(R103="ra",K103,IF(R103="ve",K103,""))))) -> 0 | Y103: =IF(R103="uu",L103,IF(R103="-e",L103,IF(R103="",L103,IF(R103="rp",L103,IF(R103="pr",L103,""))))) -> 0 | AD103: -u52 | AE103: =AE73 -> TFR | AF103: - Accred. somme per | AG103: =CONCATENATE(AD103,AF103,AE103) -> -u52 - Accred. somme per TFR | AH103: =LEFT($AC103,4)
A104: R I E P I L O G H I | G104: C A S S A | I104: =I8 -> BANCA XXXX | K104: =K8 -> BANCA Agricola pop | M104: S A L D O | P104: -u52 | T104: =IF(R104="ee",G104,IF(R104="-u",G104,IF(R104="",G104,IF(R104="ra",G104,IF(R104="pr",G104,""))))) -> C A S S A | U104: =IF(R104="uu",H104,IF(R104="-e",H104,IF(R104="",H104,IF(R104="rp",H104,IF(R104="ve",H104,""))))) -> 0 | V104: =IF(R104="ee",I104,IF(R104="-u",I104,IF(R104="",I104,IF(R104="ra",I104,IF(R104="ve",I104,""))))) -> BANCA XXXX | W104: =IF(R104="uu",J104,IF(R104="-e",J104,IF(R104="",J104,IF(R104="rp",J104,IF(R104="pr",J104,""))))) -> 0 | X104: =IF(R104="ee",K104,IF(R104="-u",K104,IF(R104="",K104,IF(R104="ra",K104,IF(R104="ve",K104,""))))) -> BANCA Agricola pop | Y104: =IF(R104="uu",L104,IF(R104="-e",L104,IF(R104="",L104,IF(R104="rp",L104,IF(R104="pr",L104,""))))) -> 0 | AD104: -u53 | AE104: =AE74 -> T O T A L E | AF104: - Accred. somme per | AG104: =CONCATENATE(AD104,AF104,AE104) -> -u53 - Accred. somme per T O T A L E | AH104: =LEFT($AC104,4)
G105: ENTRATE | H105: USCITE | I105: ENTRATE | J105: USCITE | K105: ENTRATE | L105: USCITE | P105: -u53 | T105: =IF(R105="ee",G105,IF(R105="-u",G105,IF(R105="",G105,IF(R105="ra",G105,IF(R105="pr",G105,""))))) -> ENTRATE | U105: =IF(R105="uu",H105,IF(R105="-e",H105,IF(R105="",H105,IF(R105="rp",H105,IF(R105="ve",H105,""))))) -> USCITE | V105: =IF(R105="ee",I105,IF(R105="-u",I105,IF(R105="",I105,IF(R105="ra",I105,IF(R105="ve",I105,""))))) -> ENTRATE | W105: =IF(R105="uu",J105,IF(R105="-e",J105,IF(R105="",J105,IF(R105="rp",J105,IF(R105="pr",J105,""))))) -> USCITE | X105: =IF(R105="ee",K105,IF(R105="-u",K105,IF(R105="",K105,IF(R105="ra",K105,IF(R105="ve",K105,""))))) -> ENTRATE | Y105: =IF(R105="uu",L105,IF(R105="-e",L105,IF(R105="",L105,IF(R105="rp",L105,IF(R105="pr",L105,""))))) -> USCITE | AD105: -u54 | AE105: =AE75 -> PARTITE DI GIRO: | AF105: - Accred. somme per | AG105: =CONCATENATE(AD105,AF105,AE105) -> -u54 - Accred. somme per PARTITE DI GIRO: | AH105: =LEFT($AC105,4)
A106: Totali della pagina ………………………………. | G106: =SUM(G77:G102) -> 0 | H106: =SUM(H77:H102) -> 0 | I106: =SUM(I77:I102) -> 0 | J106: =SUM(J77:J102) -> 0 | K106: =SUM(K77:K102) -> 0 | L106: =SUM(L77:L102) -> 0 | M106: =G106-H106+I106-J106+K106-L106 -> 0 | P106: -u54 | T106: =IF(R106="ee",G106,IF(R106="-u",G106,IF(R106="",G106,IF(R106="ra",G106,IF(R106="pr",G106,""))))) -> 0 | U106: =IF(R106="uu",H106,IF(R106="-e",H106,IF(R106="",H106,IF(R106="rp",H106,IF(R106="ve",H106,""))))) -> 0 | V106: =IF(R106="ee",I106,IF(R106="-u",I106,IF(R106="",I106,IF(R106="ra",I106,IF(R106="ve",I106,""))))) -> 0 | W106: =IF(R106="uu",J106,IF(R106="-e",J106,IF(R106="",J106,IF(R106="rp",J106,IF(R106="pr",J106,""))))) -> 0 | X106: =IF(R106="ee",K106,IF(R106="-u",K106,IF(R106="",K106,IF(R106="ra",K106,IF(R106="ve",K106,""))))) -> 0 | Y106: =IF(R106="uu",L106,IF(R106="-e",L106,IF(R106="",L106,IF(R106="rp",L106,IF(R106="pr",L106,""))))) -> 0 | AD106: -u55 | AE106: =AE76 -> Organizzazione Assemblea Nazionale | AF106: - Accred. somme per | AG106: =CONCATENATE(AD106,AF106,AE106) -> -u55 - Accred. somme per Organizzazione Assemblea Nazionale | AH106: =LEFT($AC106,4)
A107: Totali pagina precedente ………..…...…...…… | G107: =G75 -> 434.24 | H107: =H75 -> 0 | I107: =I75 -> 17740.45 | J107: =J75 -> 29.94 | K107: =K75 -> 95.99 | L107: =L75 -> 0 | M107: =M75 -> 18240.74 | P107: -u55 | T107: =IF(R107="ee",G107,IF(R107="-u",G107,IF(R107="",G107,IF(R107="ra",G107,IF(R107="pr",G107,""))))) -> 434.24 | U107: =IF(R107="uu",H107,IF(R107="-e",H107,IF(R107="",H107,IF(R107="rp",H107,IF(R107="ve",H107,""))))) -> 0 | V107: =IF(R107="ee",I107,IF(R107="-u",I107,IF(R107="",I107,IF(R107="ra",I107,IF(R107="ve",I107,""))))) -> 17740.45 | W107: =IF(R107="uu",J107,IF(R107="-e",J107,IF(R107="",J107,IF(R107="rp",J107,IF(R107="pr",J107,""))))) -> 29.94 | X107: =IF(R107="ee",K107,IF(R107="-u",K107,IF(R107="",K107,IF(R107="ra",K107,IF(R107="ve",K107,""))))) -> 95.99 | Y107: =IF(R107="uu",L107,IF(R107="-e",L107,IF(R107="",L107,IF(R107="rp",L107,IF(R107="pr",L107,""))))) -> 0 | AD107: -u56 | AE107: =AE77 -> Spese partecipazione soci ad eventi associativi | AF107: - Accred. somme per | AG107: =CONCATENATE(AD107,AF107,AE107) -> -u56 - Accred. somme per Spese partecipazione soci ad eventi associativi | AH107: =LEFT($AC107,4)
A108: Totali complessivi ……….…..……….…….… | G108: =G106+G107 -> 434.24 | H108: =H106+H107 -> 0 | I108: =I106+I107 -> 17740.45 | J108: =J106+J107 -> 29.94 | K108: =K106+K107 -> 95.99 | L108: =L106+L107 -> 0 | M108: =M106+M107 -> 18240.74 | P108: -u56 | T108: =IF(R108="ee",G108,IF(R108="-u",G108,IF(R108="",G108,IF(R108="ra",G108,IF(R108="pr",G108,""))))) -> 434.24 | U108: =IF(R108="uu",H108,IF(R108="-e",H108,IF(R108="",H108,IF(R108="rp",H108,IF(R108="ve",H108,""))))) -> 0 | V108: =IF(R108="ee",I108,IF(R108="-u",I108,IF(R108="",I108,IF(R108="ra",I108,IF(R108="ve",I108,""))))) -> 17740.45 | W108: =IF(R108="uu",J108,IF(R108="-e",J108,IF(R108="",J108,IF(R108="rp",J108,IF(R108="pr",J108,""))))) -> 29.94 | X108: =IF(R108="ee",K108,IF(R108="-u",K108,IF(R108="",K108,IF(R108="ra",K108,IF(R108="ve",K108,""))))) -> 95.99 | Y108: =IF(R108="uu",L108,IF(R108="-e",L108,IF(R108="",L108,IF(R108="rp",L108,IF(R108="pr",L108,""))))) -> 0 | AD108: -u57 | AE108: =AE78 -> #REF! | AF108: - Accred. somme per | AG108: =CONCATENATE(AD108,AF108,AE108) -> #REF! | AH108: =LEFT($AC108,4)
A109: S A L D I ……………………………………..….….….. | G109: =G108-H108 -> 434.24 | I109: =I108-J108 -> 17710.51 | K109: =K108-L108 -> 95.99 | M109: =G109+I109+K109 -> 18240.74 | P109: -u57 | T109: =IF(R109="ee",G109,IF(R109="-u",G109,IF(R109="",G109,IF(R109="ra",G109,IF(R109="pr",G109,""))))) -> 434.24 | U109: =IF(R109="uu",H109,IF(R109="-e",H109,IF(R109="",H109,IF(R109="rp",H109,IF(R109="ve",H109,""))))) -> 0 | V109: =IF(R109="ee",I109,IF(R109="-u",I109,IF(R109="",I109,IF(R109="ra",I109,IF(R109="ve",I109,""))))) -> 17710.51 | W109: =IF(R109="uu",J109,IF(R109="-e",J109,IF(R109="",J109,IF(R109="rp",J109,IF(R109="pr",J109,""))))) -> 0 | X109: =IF(R109="ee",K109,IF(R109="-u",K109,IF(R109="",K109,IF(R109="ra",K109,IF(R109="ve",K109,""))))) -> 95.99 | Y109: =IF(R109="uu",L109,IF(R109="-e",L109,IF(R109="",L109,IF(R109="rp",L109,IF(R109="pr",L109,""))))) -> 0 | AD109: -u58 | AE109: =AE79 -> #REF! | AF109: - Accred. somme per | AG109: =CONCATENATE(AD109,AF109,AE109) -> #REF! | AH109: =LEFT($AC109,4)
B110: =IF(Q110>0.00001,B102+1,"") | C110: =IF(G110+I110+K110>0,"e",IF(H110+J110+L110>0,"u",IF(G110+H110+I110+J110+K110+L110<0,""))) -> FALSE | E110: =IF(Q110>0.0001,1) -> FALSE | M110: =IF(SUM(G110:L110)>0.00001,M109+G110-H110+I110-J110+K110-L110,"") | P110: -u58 | Q110: =SUM(G110:L110) -> 0 | R110: =LEFT(F110,2) | T110: =IF(R110="ee",G110,IF(R110="-u",G110,IF(R110="",G110,IF(R110="ra",G110,IF(R110="pr",G110,""))))) -> 0 | U110: =IF(R110="uu",H110,IF(R110="-e",H110,IF(R110="",H110,IF(R110="rp",H110,IF(R110="ve",H110,""))))) -> 0 | V110: =IF(R110="ee",I110,IF(R110="-u",I110,IF(R110="",I110,IF(R110="ra",I110,IF(R110="ve",I110,""))))) -> 0 | W110: =IF(R110="uu",J110,IF(R110="-e",J110,IF(R110="",J110,IF(R110="rp",J110,IF(R110="pr",J110,""))))) -> 0 | X110: =IF(R110="ee",K110,IF(R110="-u",K110,IF(R110="",K110,IF(R110="ra",K110,IF(R110="ve",K110,""))))) -> 0 | Y110: =IF(R110="uu",L110,IF(R110="-e",L110,IF(R110="",L110,IF(R110="rp",L110,IF(R110="pr",L110,""))))) -> 0 | AB110: =$AA$11+M110 -> #VALUE! | AD110: -u59 | AE110: =AE80 -> #REF! | AF110: - Accred. somme per | AG110: =CONCATENATE(AD110,AF110,AE110) -> #REF! | AH110: =LEFT($AC110,4)
B111: =IF(Q111>0.00001,B110+1,"") | C111: =IF(G111+I111+K111>0,"e",IF(H111+J111+L111>0,"u",IF(G111+H111+I111+J111+K111+L111<0,""))) -> FALSE | E111: =IF(Q111>0.0001,1) -> FALSE | M111: =IF(SUM(G111:L111)>0.00001,M110+G111-H111+I111-J111+K111-L111,"") | P111: -u59 | Q111: =SUM(G111:L111) -> 0 | R111: =LEFT(F111,2) | T111: =IF(R111="ee",G111,IF(R111="-u",G111,IF(R111="",G111,IF(R111="ra",G111,IF(R111="pr",G111,""))))) -> 0 | U111: =IF(R111="uu",H111,IF(R111="-e",H111,IF(R111="",H111,IF(R111="rp",H111,IF(R111="ve",H111,""))))) -> 0 | V111: =IF(R111="ee",I111,IF(R111="-u",I111,IF(R111="",I111,IF(R111="ra",I111,IF(R111="ve",I111,""))))) -> 0 | W111: =IF(R111="uu",J111,IF(R111="-e",J111,IF(R111="",J111,IF(R111="rp",J111,IF(R111="pr",J111,""))))) -> 0 | X111: =IF(R111="ee",K111,IF(R111="-u",K111,IF(R111="",K111,IF(R111="ra",K111,IF(R111="ve",K111,""))))) -> 0 | Y111: =IF(R111="uu",L111,IF(R111="-e",L111,IF(R111="",L111,IF(R111="rp",L111,IF(R111="pr",L111,""))))) -> 0 | AB111: =$AA$11+M111 -> #VALUE! | AD111: pr | AE111: Prelevamento contanti da banca | AF111: - | AG111: =CONCATENATE(AD111,AF111,AE111) -> pr - Prelevamento contanti da banca | AH111: =LEFT($AC111,4)
B112: =IF(Q112>0.00001,B111+1,"") | C112: =IF(G112+I112+K112>0,"e",IF(H112+J112+L112>0,"u",IF(G112+H112+I112+J112+K112+L112<0,""))) -> FALSE | E112: =IF(Q112>0.0001,1) -> FALSE | M112: =IF(SUM(G112:L112)>0.00001,M111+G112-H112+I112-J112+K112-L112,"") | Q112: =SUM(G112:L112) -> 0 | R112: =LEFT(F112,2) | T112: =IF(R112="ee",G112,IF(R112="-u",G112,IF(R112="",G112,IF(R112="ra",G112,IF(R112="pr",G112,""))))) -> 0 | U112: =IF(R112="uu",H112,IF(R112="-e",H112,IF(R112="",H112,IF(R112="rp",H112,IF(R112="ve",H112,""))))) -> 0 | V112: =IF(R112="ee",I112,IF(R112="-u",I112,IF(R112="",I112,IF(R112="ra",I112,IF(R112="ve",I112,""))))) -> 0 | W112: =IF(R112="uu",J112,IF(R112="-e",J112,IF(R112="",J112,IF(R112="rp",J112,IF(R112="pr",J112,""))))) -> 0 | X112: =IF(R112="ee",K112,IF(R112="-u",K112,IF(R112="",K112,IF(R112="ra",K112,IF(R112="ve",K112,""))))) -> 0 | Y112: =IF(R112="uu",L112,IF(R112="-e",L112,IF(R112="",L112,IF(R112="rp",L112,IF(R112="pr",L112,""))))) -> 0 | AB112: =$AA$11+M112 -> #VALUE! | AD112: ve | AE112: Versamento a banca | AF112: - | AG112: =CONCATENATE(AD112,AF112,AE112) -> ve - Versamento a banca | AH112: =LEFT($AC112,4)
B113: =IF(Q113>0.00001,B112+1,"") | C113: =IF(G113+I113+K113>0,"e",IF(H113+J113+L113>0,"u",IF(G113+H113+I113+J113+K113+L113<0,""))) -> FALSE | E113: =IF(Q113>0.0001,1) -> FALSE | M113: =IF(SUM(G113:L113)>0.00001,M112+G113-H113+I113-J113+K113-L113,"") | Q113: =SUM(G113:L113) -> 0 | R113: =LEFT(F113,2) | T113: =IF(R113="ee",G113,IF(R113="-u",G113,IF(R113="",G113,IF(R113="ra",G113,IF(R113="pr",G113,""))))) -> 0 | U113: =IF(R113="uu",H113,IF(R113="-e",H113,IF(R113="",H113,IF(R113="rp",H113,IF(R113="ve",H113,""))))) -> 0 | V113: =IF(R113="ee",I113,IF(R113="-u",I113,IF(R113="",I113,IF(R113="ra",I113,IF(R113="ve",I113,""))))) -> 0 | W113: =IF(R113="uu",J113,IF(R113="-e",J113,IF(R113="",J113,IF(R113="rp",J113,IF(R113="pr",J113,""))))) -> 0 | X113: =IF(R113="ee",K113,IF(R113="-u",K113,IF(R113="",K113,IF(R113="ra",K113,IF(R113="ve",K113,""))))) -> 0 | Y113: =IF(R113="uu",L113,IF(R113="-e",L113,IF(R113="",L113,IF(R113="rp",L113,IF(R113="pr",L113,""))))) -> 0 | AB113: =$AA$11+M113 -> #VALUE! | AH113: =LEFT($AC113,4)
...

Sheet IMPEGNI
B5: A.V.I.S. - Associazione Volontari Italiani del Sangue
A6: =BIL.PREV.!A2:H2 -> 0 | L6: Conta.più.se
A7: S O M M E I M P E G N A T E | D7: ANNO | E7: =BIL.PREV.!K1 -> 2020
A8: DATA | B8: D E S C R I Z I O N E | C8: Cod. | D8: S O M M E | G8: S A L D O | I8: U S C I T E
D10: IMPEGNATE | E10: PAGATE | F10: VARIAZIONI | I10: cod | J10: somma.più.se
G11: =IF(D11>0,D11-E11-F11,"") | H11: =IF(G11="","",C11) | I11: uu30 | J11: =SUMIFS(G$11:G$531,C$11:C$531,"uu30") -> 0 | L11: =COUNTIFS(H$11:H$531,"=uu30") -> 0
G12: =IF(D12>0,D12-E12-F12,"") | H12: =IF(G12="","",C12) | I12: uu31 | J12: =SUMIFS(G$11:G$531,C$11:C$531,"uu31") -> 0 | L12: =COUNTIFS(H$11:H$531,"=uu31") -> 0
G13: =IF(D13>0,D13-E13-F13,"") | H13: =IF(G13="","",C13) | I13: uu32 | J13: =SUMIFS(G$11:G$531,C$11:C$531,"uu32") -> 0 | L13: =COUNTIFS(H$11:H$531,"=uu32") -> 0
G14: =IF(D14>0,D14-E14-F14,"") | H14: =IF(G14="","",C14) | I14: uu33 | J14: =SUMIFS(G$11:G$531,C$11:C$531,"uu33") -> 0 | L14: =COUNTIFS(H$11:H$531,"=uu33") -> 0
G15: =IF(D15>0,D15-E15-F15,"") | H15: =IF(G15="","",C15) | I15: uu34 | J15: =SUMIFS(G$11:G$531,C$11:C$531,"uu34") -> 0 | L15: =COUNTIFS(H$11:H$531,"=uu34") -> 0
G16: =IF(D16>0,D16-E16-F16,"") | H16: =IF(G16="","",C16) | I16: uu35 | J16: =SUMIFS(G$11:G$531,C$11:C$531,"uu35") -> 0 | L16: =COUNTIFS(H$11:H$531,"=uu35") -> 0
G17: =IF(D17>0,D17-E17-F17,"") | H17: =IF(G17="","",C17) | I17: uu36 | J17: =SUMIFS(G$11:G$531,C$11:C$531,"uu36") -> 0 | L17: =COUNTIFS(H$11:H$531,"=uu36") -> 0
G18: =IF(D18>0,D18-E18-F18,"") | H18: =IF(G18="","",C18) | I18: uu37 | J18: =SUMIFS(G$11:G$531,C$11:C$531,"uu37") -> 0 | L18: =COUNTIFS(H$11:H$531,"=uu37") -> 0
G19: =IF(D19>0,D19-E19-F19,"") | H19: =IF(G19="","",C19) | I19: uu38 | J19: =SUMIFS(G$11:G$531,C$11:C$531,"uu38") -> 0 | L19: =COUNTIFS(H$11:H$531,"=uu38") -> 0
G20: =IF(D20>0,D20-E20-F20,"") | H20: =IF(G20="","",C20) | I20: uu39 | J20: =SUMIFS(G$11:G$531,C$11:C$531,"uu39") -> 0 | L20: =COUNTIFS(H$11:H$531,"=uu39") -> 0
G21: =IF(D21>0,D21-E21-F21,"") | H21: =IF(G21="","",C21) | I21: uu40 | J21: =SUMIFS(G$11:G$531,C$11:C$531,"uu40") -> 0 | L21: =COUNTIFS(H$11:H$531,"=uu40") -> 0
G22: =IF(D22>0,D22-E22-F22,"") | H22: =IF(G22="","",C22) | I22: uu41 | J22: =SUMIFS(G$11:G$531,C$11:C$531,"uu41") -> 0 | L22: =COUNTIFS(H$11:H$531,"=uu41") -> 0 | N22: 1
G23: =IF(D23>0,D23-E23-F23,"") | H23: =IF(G23="","",C23) | I23: uu42 | J23: =SUMIFS(G$11:G$531,C$11:C$531,"uu42") -> 0 | L23: =COUNTIFS(H$11:H$531,"=uu42") -> 0
G24: =IF(D24>0,D24-E24-F24,"") | H24: =IF(G24="","",C24) | I24: uu43 | J24: =SUMIFS(G$11:G$531,C$11:C$531,"uu43") -> 0 | L24: =COUNTIFS(H$11:H$531,"=uu43") -> 0
G25: =IF(D25>0,D25-E25-F25,"") | H25: =IF(G25="","",C25) | I25: uu44 | J25: =SUMIFS(G$11:G$531,C$11:C$531,"uu44") -> 0 | L25: =COUNTIFS(H$11:H$531,"=uu44") -> 0
G26: =IF(D26>0,D26-E26-F26,"") | H26: =IF(G26="","",C26) | I26: uu45 | J26: =SUMIFS(G$11:G$531,C$11:C$531,"uu45") -> 0 | L26: =COUNTIFS(H$11:H$531,"=uu45") -> 0
G27: =IF(D27>0,D27-E27-F27,"") | H27: =IF(G27="","",C27) | I27: uu46 | J27: =SUMIFS(G$11:G$531,C$11:C$531,"uu46") -> 0 | L27: =COUNTIFS(H$11:H$531,"=uu46") -> 0
G28: =IF(D28>0,D28-E28-F28,"") | H28: =IF(G28="","",C28) | I28: uu47 | J28: =SUMIFS(G$11:G$531,C$11:C$531,"uu47") -> 0 | L28: =COUNTIFS(H$11:H$531,"=uu47") -> 0
G29: =IF(D29>0,D29-E29-F29,"") | H29: =IF(G29="","",C29) | I29: uu48 | J29: =SUMIFS(G$11:G$531,C$11:C$531,"uu48") -> 0 | L29: =COUNTIFS(H$11:H$531,"=uu48") -> 0
G30: =IF(D30>0,D30-E30-F30,"") | H30: =IF(G30="","",C30) | I30: uu49 | J30: =SUMIFS(G$11:G$531,C$11:C$531,"uu49") -> 0 | L30: =COUNTIFS(H$11:H$531,"=uu49") -> 0
G31: =IF(D31>0,D31-E31-F31,"") | H31: =IF(G31="","",C31) | I31: uu50 | J31: =SUMIFS(G$11:G$531,C$11:C$531,"uu50") -> 0 | L31: =COUNTIFS(H$11:H$531,"=uu50") -> 0
G32: =IF(D32>0,D32-E32-F32,"") | H32: =IF(G32="","",C32) | I32: uu51 | J32: =SUMIFS(G$11:G$531,C$11:C$531,"uu51") -> 0 | L32: =COUNTIFS(H$11:H$531,"=uu51") -> 0
G33: =IF(D33>0,D33-E33-F33,"") | H33: =IF(G33="","",C33) | I33: uu52 | J33: =SUMIFS(G$11:G$531,C$11:C$531,"uu52") -> 0 | L33: =COUNTIFS(H$11:H$531,"=uu52") -> 0
G34: =IF(D34>0,D34-E34-F34,"") | H34: =IF(G34="","",C34) | I34: uu53 | J34: =SUMIFS(G$11:G$531,C$11:C$531,"uu53") -> 0 | L34: =COUNTIFS(H$11:H$531,"=uu53") -> 0
G35: =IF(D35>0,D35-E35-F35,"") | H35: =IF(G35="","",C35) | I35: uu54 | J35: =SUMIFS(G$11:G$531,C$11:C$531,"uu54") -> 0 | L35: =COUNTIFS(H$11:H$531,"=uu54") -> 0
G36: =IF(D36>0,D36-E36-F36,"") | H36: =IF(G36="","",C36) | I36: uu55 | J36: =SUMIFS(G$11:G$531,C$11:C$531,"uu55") -> 0 | L36: =COUNTIFS(H$11:H$531,"=uu55") -> 0
G37: =IF(D37>0,D37-E37-F37,"") | H37: =IF(G37="","",C37) | I37: uu56 | J37: =SUMIFS(G$11:G$531,C$11:C$531,"uu56") -> 0 | L37: =COUNTIFS(H$11:H$531,"=uu56") -> 0
G38: =IF(D38>0,D38-E38-F38,"") | H38: =IF(G38="","",C38) | I38: uu57 | J38: =SUMIFS(G$11:G$531,C$11:C$531,"uu57") -> 0 | L38: =COUNTIFS(H$11:H$531,"=uu57") -> 0
G39: =IF(D39>0,D39-E39-F39,"") | H39: =IF(G39="","",C39) | I39: uu58 | J39: =SUMIFS(G$11:G$531,C$11:C$531,"uu58") -> 0 | L39: =COUNTIFS(H$11:H$531,"=uu58") -> 0
G40: =IF(D40>0,D40-E40-F40,"") | H40: =IF(G40="","",C40) | I40: uu59 | J40: =SUMIFS(G$11:G$531,C$11:C$531,"uu59") -> 0 | L40: =COUNTIFS(H$11:H$531,"=uu59") -> 0
G41: =IF(D41>0,D41-E41-F41,"") | H41: =IF(G41="","",C41)
G42: =IF(D42>0,D42-E42-F42,"") | H42: =IF(G42="","",C42)
G43: =IF(D43>0,D43-E43-F43,"") | H43: =IF(G43="","",C43)
G44: =IF(D44>0,D44-E44-F44,"") | H44: =IF(G44="","",C44)
G45: =IF(D45>0,D45-E45-F45,"") | H45: =IF(G45="","",C45)
G46: =IF(D46>0,D46-E46-F46,"") | H46: =IF(G46="","",C46)
G47: =IF(D47>0,D47-E47-F47,"") | H47: =IF(G47="","",C47)
G48: =IF(D48>0,D48-E48-F48,"") | H48: =IF(G48="","",C48)
G49: =IF(D49>0,D49-E49-F49,"") | H49: =IF(G49="","",C49)
G50: =IF(D50>0,D50-E50-F50,"") | H50: =IF(G50="","",C50)
G51: =IF(D51>0,D51-E51-F51,"") | H51: =IF(G51="","",C51)
G52: =IF(D52>0,D52-E52-F52,"") | H52: =IF(G52="","",C52)
... G531: =IF(D531>0,D531-E531-F531,"") | H531: =IF(G531="","",C531)

Sheet DISPONIBILITA
M1: =BIL.PREV.!K1 -> 2020
B2: A.V.I.S. - Associazione Volontari Italiani del Sangue
A3: =BIL.PREV.!A2:H2 -> 0
A4: ="DISPONIBILITA' USCITE - A N N O "&$M$1 -> DISPONIBILITA' USCITE - A N N O 2020
A5: Cod. | B5: D E S C R I Z I O N E | C5: ="A N N O "&$M$1 -> A N N O 2020 | G5: ="Rendiconto di Gestione anno "&$I$2-1 -> Rendiconto di Gestione anno -1 | H5: N. impegni da pagare | L5: SOMME IMPEGNATE e non ancora pagate | M5: controllo | N5: DISPONIBILITÀ (differrenza fra previsioni meno totale uscite e meno somme impegnate) | O5: Controllo
C6: Previsione | D6: Somme pagate | E6: Residui Passivi da pagare | F6: TOTALE uscite | I6: BILANCIO PREVISIONE | J6: DISPONIBILITÀ (differenza bilancio previs. meno uscite)
A7: =BIL.PREV.!F5 -> uu30 | B7: =BIL.PREV.!G5 -> Quote Associative | C7: =BIL.PREV.!H5 -> 85527 | D7: ='1^ NOTA CASSA'!AN12 -> 0 | E7: =RR.PP.!S$41 -> 0 | F7: =D7+E7 -> 0 | H7: =IMPEGNI!L11 -> 0 | I7: =BIL.PREV.!H5 -> 85527 | J7: =I7-#REF! -> #REF! | L7: =IMPEGNI!J11 -> 0 | M7: =IF(L7<0,"1","") | N7: =C7-F7-L7 -> 85527 | O7: =IF(N7<0,"1","")
A8: =BIL.PREV.!F6 -> uu31 | B8: =BIL.PREV.!G6 -> Spese trasferte e rimborsi ad organi istituzionali | C8: =BIL.PREV.!H6 -> 12000 | D8: ='1^ NOTA CASSA'!AN13 -> 0 | E8: =RR.PP.!T$41 -> 0 | F8: =D8+E8 -> 0 | H8: =IMPEGNI!L12 -> 0 | I8: =BIL.PREV.!H6 -> 12000 | J8: =I8-#REF! -> #REF! | L8: =IMPEGNI!J12 -> 0 | M8: =IF(L8<0,"1","") | N8: =C8-F8-L8 -> 12000 | O8: =IF(N8<0,"1","")
A9: =BIL.PREV.!F7 -> uu32 | B9: =BIL.PREV.!G7 -> Spese x attività Avis giovani -organ.e partec.convegni-seminari- attività di formazione | C9: =BIL.PREV.!H7 -> 3500 | D9: ='1^ NOTA CASSA'!AN14 -> 0 | E9: =RR.PP.!U$41 -> 0 | F9: =D9+E9 -> 0 | H9: =IMPEGNI!L13 -> 0 | I9: =BIL.PREV.!H7 -> 3500 | J9: =I9-#REF! -> #REF! | L9: =IMPEGNI!J13 -> 0 | M9: =IF(L9<0,"1","") | N9: =C9-F9-L9 -> 3500 | O9: =IF(N9<0,"1","")
A10: =BIL.PREV.!F8 -> uu33 | B10: =BIL.PREV.!G8 -> Spese finalità cinque per mille | C10: =BIL.PREV.!H8 -> 500 | D10: ='1^ NOTA CASSA'!AN15 -> 0 | E10: =RR.PP.!V$41 -> 0 | F10: =D10+E10 -> 0 | H10: =IMPEGNI!L14 -> 0 | I10: =BIL.PREV.!H8 -> 500 | J10: =I10-#REF! -> #REF! | L10: =IMPEGNI!J14 -> 0 | M10: =IF(L10<0,"1","") | N10: =C10-F10-L10 -> 500 | O10: =IF(N10<0,"1","")
A11: =BIL.PREV.!F9 -> uu34 | B11: =BIL.PREV.!G9 -> Spese per pubblicità e promozione eventi | C11: =BIL.PREV.!H9 -> 1950 | D11: ='1^ NOTA CASSA'!AN16 -> 0 | E11: =RR.PP.!W$41 -> 0 | F11: =D11+E11 -> 0 | H11: =IMPEGNI!L15 -> 0 | I11: =BIL.PREV.!H9 -> 1950 | J11: =I11-#REF! -> #REF! | L11: =IMPEGNI!J15 -> 0 | M11: =IF(L11<0,"1","") | N11: =C11-F11-L11 -> 1950 | O11: =IF(N11<0,"1","")
A12: =BIL.PREV.!F10 -> uu35 | B12: =BIL.PREV.!G10 -> Spese organizzazione Assemblea ed eventi | C12: =BIL.PREV.!H10 -> 3000 | D12: ='1^ NOTA CASSA'!AN17 -> 0 | E12: =RR.PP.!X$41 -> 0 | F12: =D12+E12 -> 0 | H12: =IMPEGNI!L16 -> 0 | I12: =BIL.PREV.!H10 -> 3000 | J12: =I12-#REF! -> #REF! | L12: =IMPEGNI!J16 -> 0 | M12: =IF(L12<0,"1","") | N12: =C12-F12-L12 -> 3000 | O12: =IF(N12<0,"1","")
A13: =BIL.PREV.!F11 -> uu36 | B13: =BIL.PREV.!G11 -> Spese funzionamento segreteria-consulenza e collaborazioni professionali | C13: =BIL.PREV.!H11 -> 1500 | D13: ='1^ NOTA CASSA'!AN18 -> 0 | E13: =RR.PP.!Y$41 -> 0 | F13: =D13+E13 -> 0 | H13: =IMPEGNI!L17 -> 0 | I13: =BIL.PREV.!H11 -> 1500 | J13: =I13-#REF! -> #REF! | L13: =IMPEGNI!J17 -> 0 | M13: =IF(L13<0,"1","") | N13: =C13-F13-L13 -> 1500 | O13: =IF(N13<0,"1","")
A14: =BIL.PREV.!F12 -> uu37 | B14: =BIL.PREV.!G12 -> Spese e Oneri Servizio Civile | C14: =BIL.PREV.!H12 -> 2500 | D14: ='1^ NOTA CASSA'!AN19 -> 0 | E14: =RR.PP.!Z$41 -> 0 | F14: =D14+E14 -> 0 | H14: =IMPEGNI!L18 -> 0 | I14: =BIL.PREV.!H12 -> 2500 | J14: =I14-#REF! -> #REF! | L14: =IMPEGNI!J18 -> 0 | M14: =IF(L14<0,"1","") | N14: =C14-F14-L14 -> 2500 | O14: =IF(N14<0,"1","")
A15: =BIL.PREV.!F13 -> uu38 | B15: =BIL.PREV.!G13 -> Spese gestione, manut. e riparazione automezzo e attrezz. | C15: =BIL.PREV.!H13 -> 4675.57 | D15: ='1^ NOTA CASSA'!AN20 -> 0 | E15: =RR.PP.!AA$41 -> 0 | F15: =D15+E15 -> 0 | H15: =IMPEGNI!L19 -> 0 | I15: =BIL.PREV.!H13 -> 4675.57 | J15: =I15-#REF! -> #REF! | L15: =IMPEGNI!J19 -> 0 | M15: =IF(L15<0,"1","") | N15: =C15-F15-L15 -> 4675.57 | O15: =IF(N15<0,"1","")
A16: =BIL.PREV.!F14 -> uu39 | B16: =BIL.PREV.!G14 -> Spese forfettarie compartecip.forniture luce, acqua e gas | C16: =BIL.PREV.!H14 -> 100 | D16: ='1^ NOTA CASSA'!AN21 -> 0 | E16: =RR.PP.!AB$41 -> 0 | F16: =D16+E16 -> 0 | H16: =IMPEGNI!L20 -> 0 | I16: =BIL.PREV.!H14 -> 100 | J16: =I16-#REF! -> #REF! | L16: =IMPEGNI!J20 -> 0 | M16: =IF(L16<0,"1","") | N16: =C16-F16-L16 -> 100 | O16: =IF(N16<0,"1","")
A17: =BIL.PREV.!F15 -> uu40 | B17: =BIL.PREV.!G15 -> Spese di assicurazione | C17: =BIL.PREV.!H15 -> 1700 | D17: ='1^ NOTA CASSA'!AN22 -> 0 | E17: =RR.PP.!AC$41 -> 0 | F17: =D17+E17 -> 0 | H17: =IMPEGNI!L21 -> 0 | I17: =BIL.PREV.!H15 -> 1700 | J17: =I17-#REF! -> #REF! | L17: =IMPEGNI!J21 -> 0 | M17: =IF(L17<0,"1","") | N17: =C17-F17-L17 -> 1700 | O17: =IF(N17<0,"1","")
A18: =BIL.PREV.!F16 -> uu41 | B18: =BIL.PREV.!G16 -> Spese telefono - postali e valori bollati | C18: =BIL.PREV.!H16 -> 2200 | D18: ='1^ NOTA CASSA'!AN23 -> 0 | E18: =RR.PP.!AD$41 -> 0 | F18: =D18+E18 -> 0 | H18: =IMPEGNI!L22 -> 0 | I18: =BIL.PREV.!H16 -> 2200 | J18: =I18-#REF! -> #REF! | L18: =IMPEGNI!J22 -> 0 | M18: =IF(L18<0,"1","") | N18: =C18-F18-L18 -> 2200 | O18: =IF(N18<0,"1","")
A19: =BIL.PREV.!F17 -> uu42 | B19: =BIL.PREV.!G17 -> Spese per pulizia ed affitto locali | C19: =BIL.PREV.!H17 -> 100 | D19: ='1^ NOTA CASSA'!AN24 -> 0 | E19: =RR.PP.!AE$41 -> 0 | F19: =D19+E19 -> 0 | H19: =IMPEGNI!L23 -> 0 | I19: =BIL.PREV.!H17 -> 100 | J19: =I19-#REF! -> #REF! | L19: =IMPEGNI!J23 -> 0 | M19: =IF(L19<0,"1","") | N19: =C19-F19-L19 -> 100 | O19: =IF(N19<0,"1","")
A20: =BIL.PREV.!F18 -> uu43 | B20: =BIL.PREV.!G18 -> Spese per acquisto attrezzature e arredi | C20: =BIL.PREV.!H18 -> 500 | D20: ='1^ NOTA CASSA'!AN25 -> 0 | E20: =RR.PP.!AF$41 -> 0 | F20: =D20+E20 -> 0 | H20: =IMPEGNI!L24 -> 0 | I20: =BIL.PREV.!H18 -> 500 | J20: =I20-#REF! -> #REF! | L20: =IMPEGNI!J24 -> 0 | M20: =IF(L20<0,"1","") | N20: =C20-F20-L20 -> 500 | O20: =IF(N20<0,"1","")
A21: =BIL.PREV.!F19 -> uu44 | B21: =BIL.PREV.!G19 -> Spese di cancelleria e gestione ufficio | C21: =BIL.PREV.!H19 -> 1500 | D21: ='1^ NOTA CASSA'!AN26 -> 0 | E21: =RR.PP.!AG$41 -> 0 | F21: =D21+E21 -> 0 | H21: =IMPEGNI!L25 -> 0 | I21: =BIL.PREV.!H19 -> 1500 | J21: =I21-#REF! -> #REF! | L21: =IMPEGNI!J25 -> 0 | M21: =IF(L21<0,"1","") | N21: =C21-F21-L21 -> 1500 | O21: =IF(N21<0,"1","")
A22: =BIL.PREV.!F20 -> uu45 | B22: =BIL.PREV.!G20 -> Oneri fiscali e tributari | C22: =BIL.PREV.!H20 -> 150 | D22: ='1^ NOTA CASSA'!AN27 -> 0 | E22: =RR.PP.!AH$41 -> 0 | F22: =D22+E22 -> 0 | H22: =IMPEGNI!L26 -> 0 | I22: =BIL.PREV.!H20 -> 150 | J22: =I22-#REF! -> #REF! | L22: =IMPEGNI!J26 -> 0 | M22: =IF(L22<0,"1","") | N22: =C22-F22-L22 -> 150 | O22: =IF(N22<0,"1","")
A23: =BIL.PREV.!F21 -> uu46 | B23: =BIL.PREV.!G21 -> Oneri Bancari | C23: =BIL.PREV.!H21 -> 500 | D23: ='1^ NOTA CASSA'!AN28 -> 29.94 | E23: =RR.PP.!AI$41 -> 0 | F23: =D23+E23 -> 29.94 | H23: =IMPEGNI!L27 -> 0 | I23: =BIL.PREV.!H21 -> 500 | J23: =I23-#REF! -> #REF! | L23: =IMPEGNI!J27 -> 0 | M23: =IF(L23<0,"1","") | N23: =C23-F23-L23 -> 470.06 | O23: =IF(N23<0,"1","")
A24: =BIL.PREV.!F22 -> uu47 | B24: =BIL.PREV.!G22 -> Spese per progetti finanziati da Fondazioni e Cesv | C24: =BIL.PREV.!H22 -> 10000 | D24: ='1^ NOTA CASSA'!AN29 -> 0 | E24: =RR.PP.!AJ$41 -> 0 | F24: =D24+E24 -> 0 | H24: =IMPEGNI!L28 -> 0 | I24: =BIL.PREV.!H22 -> 10000 | J24: =I24-#REF! -> #REF! | L24: =IMPEGNI!J28 -> 0 | M24: =IF(L24<0,"1","") | N24: =C24-F24-L24 -> 10000 | O24: =IF(N24<0,"1","")
A25: =BIL.PREV.!F23 -> uu48 | B25: =BIL.PREV.!G23 -> Spese per progetti e iniziative di Solidarietà | C25: =BIL.PREV.!H23 -> 500 | D25: ='1^ NOTA CASSA'!AN30 -> 0 | E25: =RR.PP.!AK$41 -> 0 | F25: =D25+E25 -> 0 | H25: =IMPEGNI!L29 -> 0 | I25: =BIL.PREV.!H23 -> 500 | J25: =I25-#REF! -> #REF! | L25: =IMPEGNI!J29 -> 0 | M25: =IF(L25<0,"1","") | N25: =C25-F25-L25 -> 500 | O25: =IF(N25<0,"1","")
A26: =BIL.PREV.!F24 -> uu49 | B26: =BIL.PREV.!G24 -> Spese impreviste | C26: =BIL.PREV.!H24 -> 100 | D26: ='1^ NOTA CASSA'!AN31 -> 0 | E26: =RR.PP.!AL$41 -> 0 | F26: =D26+E26 -> 0 | H26: =IMPEGNI!L30 -> 0 | I26: =BIL.PREV.!H24 -> 100 | J26: =I26-#REF! -> #REF! | L26: =IMPEGNI!J30 -> 0 | M26: =IF(L26<0,"1","") | N26: =C26-F26-L26 -> 100 | O26: =IF(N26<0,"1","")
A27: =BIL.PREV.!F25 -> uu50 | B27: =BIL.PREV.!G25 -> retribuzione dipendente | C27: =BIL.PREV.!H25 -> 2150 | D27: ='1^ NOTA CASSA'!AN32 -> 0 | E27: =RR.PP.!AM$41 -> 0 | F27: =D27+E27 -> 0 | H27: =IMPEGNI!L31 -> 0 | I27: =BIL.PREV.!H25 -> 2150 | J27: =I27-#REF! -> #REF! | L27: =IMPEGNI!J31 -> 0 | M27: =IF(L27<0,"1","") | N27: =C27-F27-L27 -> 2150 | O27: =IF(N27<0,"1","")
A28: =BIL.PREV.!F26 -> uu51 | B28: =BIL.PREV.!G26 -> oneri sociali | C28: =BIL.PREV.!H26 -> 2200 | D28: ='1^ NOTA CASSA'!AN33 -> 0 | E28: =RR.PP.!AN$41 -> 0 | F28: =D28+E28 -> 0 | H28: =IMPEGNI!L32 -> 0 | I28: =BIL.PREV.!H26 -> 2200 | J28: =I28-#REF! -> #REF! | L28: =IMPEGNI!J32 -> 0 | M28: =IF(L28<0,"1","") | N28: =C28-F28-L28 -> 2200 | O28: =IF(N28<0,"1","")
A29: =BIL.PREV.!F27 -> uu52 | B29: =BIL.PREV.!G27 -> TFR | C29: =BIL.PREV.!H27 -> 800 | D29: ='1^ NOTA CASSA'!AN34 -> 0 | E29: =RR.PP.!AO$41 -> 0 | F29: =D29+E29 -> 0 | H29: =IMPEGNI!L33 -> 0 | I29: =BIL.PREV.!H27 -> 800 | L29: =IMPEGNI!J33 -> 0 | N29: =C29-F29-L29 -> 800 | O29: =IF(N29<0,"1","")
A30: =BIL.PREV.!F28 -> uu53 | B30: =BIL.PREV.!#REF! -> #REF! | C30: =BIL.PREV.!H28 -> 14515.81 | D30: ='1^ NOTA CASSA'!AN35 -> 0 | E30: =RR.PP.!AP$41 -> 0 | F30: =D30+E30 -> 0 | H30: =IMPEGNI!L34 -> 0 | I30: =BIL.PREV.!H28 -> 14515.81 | L30: =IMPEGNI!J34 -> 0 | N30: =C30-F30-L30 -> 14515.81 | O30: =IF(N30<0,"1","")
A31: =BIL.PREV.!F29 | B31: =BIL.PREV.!G28 -> Cofinanziamento progetto Best Choise quota corrente esercizio | C31: =BIL.PREV.!H29 -> 0 | D31: ='1^ NOTA CASSA'!AN36 -> 0 | E31: =RR.PP.!AQ$41 -> 0 | F31: =D31+E31 -> 0 | H31: =IMPEGNI!L35 -> 0 | I31: =BIL.PREV.!H29 -> 0 | L31: =IMPEGNI!J35 -> 0 | N31: =C31-F31-L31 -> 0 | O31: =IF(N31<0,"1","")
A32: =BIL.PREV.!F30 | B32: =BIL.PREV.!G30 -> 0 | C32: =BIL.PREV.!H30 -> 0 | D32: ='1^ NOTA CASSA'!AN37 -> 0 | E32: =RR.PP.!AR$41 -> 0 | F32: =D32+E32 -> 0 | H32: =IMPEGNI!L36 -> 0 | I32: =BIL.PREV.!H30 -> 0 | L32: =IMPEGNI!J36 -> 0 | N32: =C32-F32-L32 -> 0 | O32: =IF(N32<0,"1","")
A33: =BIL.PREV.!F31 | B33: =BIL.PREV.!G31 -> 0 | C33: =BIL.PREV.!H31 -> 0 | D33: ='1^ NOTA CASSA'!AN38 -> 0 | E33: =RR.PP.!AS$41 -> 0 | F33: =D33+E33 -> 0 | H33: =IMPEGNI!L37 -> 0 | I33: =BIL.PREV.!H31 -> 0 | L33: =IMPEGNI!J37 -> 0 | N33: =C33-F33-L33 -> 0 | O33: =IF(N33<0,"1","")
A34: =BIL.PREV.!F32 | B34: =BIL.PREV.!G32 -> 0 | C34: =BIL.PREV.!H32 -> 0 | D34: ='1^ NOTA CASSA'!AN39 -> 0 | E34: =RR.PP.!AT$41 -> 0 | F34: =D34+E34 -> 0 | H34: =IMPEGNI!L38 -> 0 | I34: =BIL.PREV.!H32 -> 0 | J34: =I34-#REF! -> #REF! | L34: =IMPEGNI!J38 -> 0 | M34: =IF(L34<0,"1","") | N34: =C34-F34-L34 -> 0 | O34: =IF(N34<0,"1","")
B35: PARTITE DI GIRO: | H35: =IMPEGNI!L39 -> 0 | I35: =BIL.PREV.!H36 -> 0 | J35: =I35-#REF! -> #REF! | O35: =IF(N35<0,"1","")
A36: =BIL.PREV.!F37 -> uu58 | B36: =BIL.PREV.!G37 -> Organizzazione Assemblea Nazionale | C36: =BIL.PREV.!H37 -> 6000 | D36: ='1^ NOTA CASSA'!AN40 -> 0 | E36: =RR.PP.!AU$41 -> 0 | F36: =D36+E36 -> 0 | H36: =IMPEGNI!L39 -> 0 | I36: =BIL.PREV.!H37 -> 6000 | J36: =I36-#REF! -> #REF! | L36: =IMPEGNI!J39 -> 0 | M36: =IF(L36<0,"1","") | N36: =C36-F36-L36 -> 6000 | O36: =IF(N36<0,"1","") | P36: =#REF! -> #REF!
A37: =BIL.PREV.!F38 -> uu59 | B37: =BIL.PREV.!G38 -> Spese partecipazione soci ad eventi associativi | C37: =BIL.PREV.!H38 -> 70000 | D37: ='1^ NOTA CASSA'!AN41 -> 0 | E37: =RR.PP.!AV$41 -> 0 | F37: =D37+E37 -> 0 | H37: =IMPEGNI!L40 -> 0 | I37: =BIL.PREV.!H38 -> 70000 | J37: =I37-#REF! -> #REF! | L37: =IMPEGNI!J40 -> 0 | M37: =IF(L37<0,"1","") | N37: =C37-F37-L37 -> 70000 | O37: =IF(N37<0,"1","")
B38: T O T A L I | C38: =SUM(C7:C37) -> 228168.38 | D38: =SUM(D7:D37) -> 29.94 | E38: =SUM(E7:E37) -> 0 | F38: =SUM(F7:F37) -> 29.94 | G38: =SUM(G7:G37) -> 0 | H38: =SUM(H7:H37) -> 0 | I38: =SUM(I7:I37) -> 228168.38 | J38: =SUM(J7:J37) -> #REF! | ... N38: =SUM(N7:N37) -> 228138.44 | P38: =#REF! -> #REF!
B40: =BIL.PREV.!B41 -> Il Tesoriere | C40: =BIL.PREV.!G41 -> Il Presidente
B41: =BIL.PREV.!B42 -> ( ) | C41: =BIL.PREV.!G42 -> ( )
F42: =D38 -> 29.94 | G42: =CONS.ENTR!H40 -> 0
F43: =CONS.ENTR!F39 -> 89197.21
F44: =SUM(BIL.PREV.!H37:H38) -> 76000
F45: =CONS.ENTR!F39 -> 89197.21
O46: =COUNTIF(O7:O37,"1") -> 0

Sheet RR.AA.
B2: =BIL.PREV.!$B$1:$H$1 -> A.V.I.S. - Associazione Volontari Italiani del Sangue
A4: =BIL.PREV.!$A$2:$H$2 -> 0
S5: COMPETENZA
A6: ="E L E N C O R E S I D U I A T T I V I (somme da riscuotere) A L 31 D I C E M B R E "&M6 -> E L E N C O R E S I D U I A T T I V I (somme da riscuotere) A L 31 D I C E M B R E 2020 | L6: ANNO | M6: =BIL.PREV.!K1 -> 2020 | S6: ee10 | T6: ee11 | U6: ee12 | V6: ee13 | W6: ee14 | X6: ee15 | Y6: ee16 | Z6: ee17 | AA6: ee18 | AB6: ee19 | AC6: ee20 | AD6: ee21 | AE6: ee22 | AF6: ee23 | AG6: ee24 | AH6: ee25 | AI6: ee26 | AJ6: ee27
A7: Progr. | B7: D E S C R I Z I O N E R E S I D U I A T T I V I | C7: Anno rif. | D7: Cod. | E7: I M P O R T O | S7: =BIL.PREV.!$B5 -> Contributi e Sovvenzioni Regionali | T7: =BIL.PREV.!$B6 -> Altri contributi da Enti Pubblici e Privati | U7: =BIL.PREV.!$B7 -> Quote Associative | V7: =BIL.PREV.!$B8 -> Proventi da partecipazioni ad Emoservizi srl | W7: =BIL.PREV.!$B9 -> Contributi cinque per mille | X7: =BIL.PREV.!$B10 -> Contributi da Fondazioni | Y7: =BIL.PREV.!$B11 -> F/do Solidarietà | Z7: =BIL.PREV.!$B12 -> 0 | AA7: =BIL.PREV.!$B13 -> 0 | AB7: =BIL.PREV.!$B14 -> 0 | AC7: =BIL.PREV.!$B15 -> 0 | AD7: =BIL.PREV.!$B16 -> 0 | AE7: =BIL.PREV.!$B17 -> 0 | AF7: =BIL.PREV.!$B18 -> 0 | AG7: =BIL.PREV.!$B37 -> Organizzazione Assemblea Nazionale | AH7: =BIL.PREV.!$B38 -> Contributo da soci per partecipaz. eventi associativi | AI7: =BIL.PREV.!$B21 -> 0 | AJ7: =BIL.PREV.!$B22 -> 0
E8: totale dell'anno di riferimento | F8: ="riscosso anni precedente "&M6 -> riscosso anni precedente 2020 | G8: ="riscosso "&M6 -> riscosso 2020 | H8: Insussistente da eliminare | I8: TOTALE RR.AA. (crediti) da riscuotere
Q9: competenza | R9: anni precedenti | AX9: Codice - Descrizione residuo attivo
A10: =IF(E10>0.01,1,"") -> 1 | B10: Regione Siciliana-Contributo L.R.12/2010 | C10: 2016 | D10: ee10 | E10: 5000 | I10: =IF(K10>0.001,K10,"") -> 5000 | K10: =E10-F10-G10-H10 -> 5000 | Q10: =IF($C10=$M$6,$I10,"") | R10: =IF($C10=$M$6,"",IF($C10="","",IF($C10<$M$6,$I10))) -> 5000 | S10: =SUMIF($D10,S$6,$Q10) -> 0 | T10: =SUMIF($D10,T$6,$Q10) -> 0 | U10: =SUMIF($D10,U$6,$Q10) -> 0 | V10: =SUMIF($D10,V$6,$Q10) -> 0 | W10: =SUMIF($D10,W$6,$Q10) -> 0 | X10: =SUMIF($D10,X$6,$Q10) -> 0 | Y10: =SUMIF($D10,Y$6,$Q10) -> 0 | Z10: =SUMIF($D10,Z$6,$Q10) -> 0 | ... AQ10: =SUMIF($D10,AQ$6,$Q10) -> 0 | AY10: =BIL.PREV.!A5 -> ee10 | AZ10: =BIL.PREV.!B5 -> Contributi e Sovvenzioni Regionali | BA10: - | BB10: =CONCATENATE(AY10,BA10,AZ10) -> ee10 - Contributi e Sovvenzioni Regionali | BC10: =LEFT($AX10,4)
A11: =IF(E11>0.01,A10+1,"") -> 2 | B11: Regione Siciliana-Contributo L.R.12/2010 | C11: 2017 | D11: ee10 | E11: 1987.03 | G11: 1987.03 | I11: =IF(K11>0.001,K11,"") | J11: ee10 | K11: =E11-F11-G11-H11 -> 0 | Q11: =IF($C11=$M$6,$I11,"") | R11: =IF($C11=$M$6,"",IF($C11="","",IF($C11<$M$6,$I11))) | S11: =SUMIF($D11,S$6,$Q11) -> 0 | T11: =SUMIF($D11,T$6,$Q11) -> 0 | U11: =SUMIF($D11,U$6,$Q11) -> 0 | V11: =SUMIF($D11,V$6,$Q11) -> 0 | W11: =SUMIF($D11,W$6,$Q11) -> 0 | X11: =SUMIF($D11,X$6,$Q11) -> 0 | Y11: =SUMIF($D11,Y$6,$Q11) -> 0 | Z11: =SUMIF($D11,Z$6,$Q11) -> 0 | ... AQ11: =SUMIF($D11,AQ$6,$Q11) -> 0 | AY11: =BIL.PREV.!A6 -> ee11 | AZ11: =BIL.PREV.!B6 -> Altri contributi da Enti Pubblici e Privati | BA11: - | BB11: =CONCATENATE(AY11,BA11,AZ11) -> ee11 - Altri contributi da Enti Pubblici e Privati | BC11: =LEFT($AX11,4)
A12: =IF(E12>0.01,A11+1,"") -> 3 | B12: Contributo CESVOP per progetto | C12: 2018 | D12: ee25 | E12: 500 | G12: 500 | I12: =IF(K12>0.001,K12,"") | J12: ee11 | K12: =E12-F12-G12-H12 -> 0 | Q12: =IF($C12=$M$6,$I12,"") | R12: =IF($C12=$M$6,"",IF($C12="","",IF($C12<$M$6,$I12))) | S12: =SUMIF($D12,S$6,$Q12) -> 0 | T12: =SUMIF($D12,T$6,$Q12) -> 0 | U12: =SUMIF($D12,U$6,$Q12) -> 0 | V12: =SUMIF($D12,V$6,$Q12) -> 0 | W12: =SUMIF($D12,W$6,$Q12) -> 0 | X12: =SUMIF($D12,X$6,$Q12) -> 0 | Y12: =SUMIF($D12,Y$6,$Q12) -> 0 | Z12: =SUMIF($D12,Z$6,$Q12) -> 0 | ... AQ12: =SUMIF($D12,AQ$6,$Q12) -> 0 | AY12: =BIL.PREV.!A7 -> ee12 | AZ12: =BIL.PREV.!B7 -> Quote Associative | BA12: - | BB12: =CONCATENATE(AY12,BA12,AZ12) -> ee12 - Quote Associative | BC12: =LEFT($AX12,4)
A13: =IF(E13>0.01,A12+1,"") -> 4 | B13: Contributo Avis nazionale per Servizio Civile | C13: 2017 | D13: ee11 | E13: 4230 | G13: 4230 | I13: =IF(K13>0.001,K13,"") | J13: ee12 | K13: =E13-F13-G13-H13 -> 0 | Q13: =IF($C13=$M$6,$I13,"") | R13: =IF($C13=$M$6,"",IF($C13="","",IF($C13<$M$6,$I13))) | S13: =SUMIF($D13,S$6,$Q13) -> 0 | T13: =SUMIF($D13,T$6,$Q13) -> 0 | U13: =SUMIF($D13,U$6,$Q13) -> 0 | V13: =SUMIF($D13,V$6,$Q13) -> 0 | W13: =SUMIF($D13,W$6,$Q13) -> 0 | X13: =SUMIF($D13,X$6,$Q13) -> 0 | Y13: =SUMIF($D13,Y$6,$Q13) -> 0 | Z13: =SUMIF($D13,Z$6,$Q13) -> 0 | ... AQ13: =SUMIF($D13,AQ$6,$Q13) -> 0 | AY13: =BIL.PREV.!A8 -> ee13 | AZ13: =BIL.PREV.!B8 -> Proventi da partecipazioni ad Emoservizi srl | BA13: - | BB13: =CONCATENATE(AY13,BA13,AZ13) -> ee13 - Proventi da partecipazioni ad Emoservizi srl | BC13: =LEFT($AX13,4)
A14: =IF(E14>0.01,A13+1,"") -> 5 | B14: Contributo da Avis Nazionale per formazione Servizi Civile | C14: 2019 | D14: ee11 | E14: 4590 | I14: =IF(K14>0.001,K14,"") -> 4590 | J14: ee13 | K14: =E14-F14-G14-H14 -> 4590 | Q14: =IF($C14=$M$6,$I14,"") | R14: =IF($C14=$M$6,"",IF($C14="","",IF($C14<$M$6,$I14))) -> 4590 | S14: =SUMIF($D14,S$6,$Q14) -> 0 | T14: =SUMIF($D14,T$6,$Q14) -> 0 | U14: =SUMIF($D14,U$6,$Q14) -> 0 | V14: =SUMIF($D14,V$6,$Q14) -> 0 | W14: =SUMIF($D14,W$6,$Q14) -> 0 | X14: =SUMIF($D14,X$6,$Q14) -> 0 | Y14: =SUMIF($D14,Y$6,$Q14) -> 0 | Z14: =SUMIF($D14,Z$6,$Q14) -> 0 | ... AQ14: =SUMIF($D14,AQ$6,$Q14) -> 0 | AY14: =BIL.PREV.!A9 -> ee14 | AZ14: =BIL.PREV.!B9 -> Contributi cinque per mille | BA14: - | BB14: =CONCATENATE(AY14,BA14,AZ14) -> ee14 - Contributi cinque per mille | BC14: =LEFT($AX14,4)
A15: =IF(E15>0.01,A14+1,"") -> 6 | B15: Regione Siciliana-Contributo L.R.12/2010 | C15: 2019 | D15: ee10 | E15: 3414.35 | I15: =IF(K15>0.001,K15,"") -> 3414.35 | J15: ee14 | K15: =E15-F15-G15-H15 -> 3414.35 | Q15: =IF($C15=$M$6,$I15,"") | R15: =IF($C15=$M$6,"",IF($C15="","",IF($C15<$M$6,$I15))) -> 3414.35 | S15: =SUMIF($D15,S$6,$Q15) -> 0 | T15: =SUMIF($D15,T$6,$Q15) -> 0 | U15: =SUMIF($D15,U$6,$Q15) -> 0 | V15: =SUMIF($D15,V$6,$Q15) -> 0 | W15: =SUMIF($D15,W$6,$Q15) -> 0 | X15: =SUMIF($D15,X$6,$Q15) -> 0 | Y15: =SUMIF($D15,Y$6,$Q15) -> 0 | Z15: =SUMIF($D15,Z$6,$Q15) -> 0 | ... AQ15: =SUMIF($D15,AQ$6,$Q15) -> 0 | AY15: =BIL.PREV.!A10 -> ee15 | AZ15: =BIL.PREV.!B10 -> Contributi da Fondazioni | BA15: - | BB15: =CONCATENATE(AY15,BA15,AZ15) -> ee15 - Contributi da Fondazioni | BC15: =LEFT($AX15,4)
A16: =IF(E16>0.01,A15+1,"") -> 7 | B16: Progetto Best Chiose | C16: 2019 | D16: ee17 | E16: 51205.15 | I16: =IF(K16>0.001,K16,"") -> 51205.15 | J16: ee15 | K16: =E16-F16-G16-H16 -> 51205.15 | Q16: =IF($C16=$M$6,$I16,"") | R16: =IF($C16=$M$6,"",IF($C16="","",IF($C16<$M$6,$I16))) -> 51205.15 | S16: =SUMIF($D16,S$6,$Q16) -> 0 | T16: =SUMIF($D16,T$6,$Q16) -> 0 | U16: =SUMIF($D16,U$6,$Q16) -> 0 | V16: =SUMIF($D16,V$6,$Q16) -> 0 | W16: =SUMIF($D16,W$6,$Q16) -> 0 | X16: =SUMIF($D16,X$6,$Q16) -> 0 | Y16: =SUMIF($D16,Y$6,$Q16) -> 0 | Z16: =SUMIF($D16,Z$6,$Q16) -> 0 | ... AQ16: =SUMIF($D16,AQ$6,$Q16) -> 0 | AY16: =BIL.PREV.!A11 -> ee16 | AZ16: =BIL.PREV.!B11 -> F/do Solidarietà | BA16: - | BB16: =CONCATENATE(AY16,BA16,AZ16) -> ee16 - F/do Solidarietà | BC16: =LEFT($AX16,4)
A17: =IF(E17>0.01,A16+1,"") | I17: =IF(K17>0.001,K17,"") | J17: ee16 | K17: =E17-F17-G17-H17 -> 0 | Q17: =IF($C17=$M$6,$I17,"") | R17: =IF($C17=$M$6,"",IF($C17="","",IF($C17<$M$6,$I17))) | S17: =SUMIF($D17,S$6,$Q17) -> 0 | T17: =SUMIF($D17,T$6,$Q17) -> 0 | U17: =SUMIF($D17,U$6,$Q17) -> 0 | V17: =SUMIF($D17,V$6,$Q17) -> 0 | W17: =SUMIF($D17,W$6,$Q17) -> 0 | X17: =SUMIF($D17,X$6,$Q17) -> 0 | Y17: =SUMIF($D17,Y$6,$Q17) -> 0 | Z17: =SUMIF($D17,Z$6,$Q17) -> 0 | ... AQ17: =SUMIF($D17,AQ$6,$Q17) -> 0 | AY17: =BIL.PREV.!A12 | AZ17: =BIL.PREV.!B12 -> 0 | BA17: - | BB17: =CONCATENATE(AY17,BA17,AZ17) -> - 0 | BC17: =LEFT($AX17,4)
A18: =IF(E18>0.01,A17+1,"") | I18: =IF(K18>0.001,K18,"") | J18: ee17 | K18: =E18-F18-G18-H18 -> 0 | Q18: =IF($C18=$M$6,$I18,"") | R18: =IF($C18=$M$6,"",IF($C18="","",IF($C18<$M$6,$I18))) | S18: =SUMIF($D18,S$6,$Q18) -> 0 | T18: =SUMIF($D18,T$6,$Q18) -> 0 | U18: =SUMIF($D18,U$6,$Q18) -> 0 | V18: =SUMIF($D18,V$6,$Q18) -> 0 | W18: =SUMIF($D18,W$6,$Q18) -> 0 | X18: =SUMIF($D18,X$6,$Q18) -> 0 | Y18: =SUMIF($D18,Y$6,$Q18) -> 0 | Z18: =SUMIF($D18,Z$6,$Q18) -> 0 | ... AQ18: =SUMIF($D18,AQ$6,$Q18) -> 0 | AY18: =BIL.PREV.!A13 | AZ18: =BIL.PREV.!B13 -> 0 | BA18: - | BB18: =CONCATENATE(AY18,BA18,AZ18) -> - 0 | BC18: =LEFT($AX18,4)
A19: =IF(E19>0.01,A18+1,"") | I19: =IF(K19>0.001,K19,"") | J19: ee18 | K19: =E19-F19-G19-H19 -> 0 | Q19: =IF($C19=$M$6,$I19,"") | R19: =IF($C19=$M$6,"",IF($C19="","",IF($C19<$M$6,$I19))) | S19: =SUMIF($D19,S$6,$Q19) -> 0 | T19: =SUMIF($D19,T$6,$Q19) -> 0 | U19: =SUMIF($D19,U$6,$Q19) -> 0 | V19: =SUMIF($D19,V$6,$Q19) -> 0 | W19: =SUMIF($D19,W$6,$Q19) -> 0 | X19: =SUMIF($D19,X$6,$Q19) -> 0 | Y19: =SUMIF($D19,Y$6,$Q19) -> 0 | Z19: =SUMIF($D19,Z$6,$Q19) -> 0 | ... AQ19: =SUMIF($D19,AQ$6,$Q19) -> 0 | AY19: =BIL.PREV.!A14 | AZ19: =BIL.PREV.!B14 -> 0 | BA19: - | BB19: =CONCATENATE(AY19,BA19,AZ19) -> - 0 | BC19: =LEFT($AX19,4)
A20: =IF(E20>0.01,A19+1,"") | I20: =IF(K20>0.001,K20,"") | J20: ee19 | K20: =E20-F20-G20-H20 -> 0 | Q20: =IF($C20=$M$6,$I20,"") | R20: =IF($C20=$M$6,"",IF($C20="","",IF($C20<$M$6,$I20))) | S20: =SUMIF($D20,S$6,$Q20) -> 0 | T20: =SUMIF($D20,T$6,$Q20) -> 0 | U20: =SUMIF($D20,U$6,$Q20) -> 0 | V20: =SUMIF($D20,V$6,$Q20) -> 0 | W20: =SUMIF($D20,W$6,$Q20) -> 0 | X20: =SUMIF($D20,X$6,$Q20) -> 0 | Y20: =SUMIF($D20,Y$6,$Q20) -> 0 | Z20: =SUMIF($D20,Z$6,$Q20) -> 0 | ... AQ20: =SUMIF($D20,AQ$6,$Q20) -> 0 | AY20: =BIL.PREV.!A15 | AZ20: =BIL.PREV.!B15 -> 0 | BA20: - | BB20: =CONCATENATE(AY20,BA20,AZ20) -> - 0 | BC20: =LEFT($AX20,4)
A21: =IF(E21>0.01,A20+1,"") | I21: =IF(K21>0.001,K21,"") | J21: ee20 | K21: =E21-F21-G21-H21 -> 0 | Q21: =IF($C21=$M$6,$I21,"") | R21: =IF($C21=$M$6,"",IF($C21="","",IF($C21<$M$6,$I21))) | S21: =SUMIF($D21,S$6,$Q21) -> 0 | T21: =SUMIF($D21,T$6,$Q21) -> 0 | U21: =SUMIF($D21,U$6,$Q21) -> 0 | V21: =SUMIF($D21,V$6,$Q21) -> 0 | W21: =SUMIF($D21,W$6,$Q21) -> 0 | X21: =SUMIF($D21,X$6,$Q21) -> 0 | Y21: =SUMIF($D21,Y$6,$Q21) -> 0 | Z21: =SUMIF($D21,Z$6,$Q21) -> 0 | ... AQ21: =SUMIF($D21,AQ$6,$Q21) -> 0 | AY21: =BIL.PREV.!A16 | AZ21: =BIL.PREV.!B16 -> 0 | BA21: - | BB21: =CONCATENATE(AY21,BA21,AZ21) -> - 0 | BC21: =LEFT($AX21,4)
A22: =IF(E22>0.01,A21+1,"") | I22: =IF(K22>0.001,K22,"") | J22: ee21 | K22: =E22-F22-G22-H22 -> 0 | Q22: =IF($C22=$M$6,$I22,"") | R22: =IF($C22=$M$6,"",IF($C22="","",IF($C22<$M$6,$I22))) | S22: =SUMIF($D22,S$6,$Q22) -> 0 | T22: =SUMIF($D22,T$6,$Q22) -> 0 | U22: =SUMIF($D22,U$6,$Q22) -> 0 | V22: =SUMIF($D22,V$6,$Q22) -> 0 | W22: =SUMIF($D22,W$6,$Q22) -> 0 | X22: =SUMIF($D22,X$6,$Q22) -> 0 | Y22: =SUMIF($D22,Y$6,$Q22) -> 0 | Z22: =SUMIF($D22,Z$6,$Q22) -> 0 | ... AQ22: =SUMIF($D22,AQ$6,$Q22) -> 0 | AY22: =BIL.PREV.!A17 | AZ22: =BIL.PREV.!B17 -> 0 | BA22: - | BB22: =CONCATENATE(AY22,BA22,AZ22) -> - 0 | BC22: =LEFT($AX22,4)
A23: =IF(E23>0.01,A22+1,"") | I23: =IF(K23>0.001,K23,"") | J23: ee22 | K23: =E23-F23-G23-H23 -> 0 | Q23: =IF($C23=$M$6,$I23,"") | R23: =IF($C23=$M$6,"",IF($C23="","",IF($C23<$M$6,$I23))) | S23: =SUMIF($D23,S$6,$Q23) -> 0 | T23: =SUMIF($D23,T$6,$Q23) -> 0 | U23: =SUMIF($D23,U$6,$Q23) -> 0 | V23: =SUMIF($D23,V$6,$Q23) -> 0 | W23: =SUMIF($D23,W$6,$Q23) -> 0 | X23: =SUMIF($D23,X$6,$Q23) -> 0 | Y23: =SUMIF($D23,Y$6,$Q23) -> 0 | Z23: =SUMIF($D23,Z$6,$Q23) -> 0 | ... AQ23: =SUMIF($D23,AQ$6,$Q23) -> 0 | AY23: =BIL.PREV.!A18 -> 0 | AZ23: =BIL.PREV.!B18 -> 0 | BA23: - | BB23: =CONCATENATE(AY23,BA23,AZ23) -> 0 - 0 | BC23: =LEFT($AX23,4)
A24: =IF(E24>0.01,A23+1,"") | I24: =IF(K24>0.001,K24,"") | J24: ee23 | K24: =E24-F24-G24-H24 -> 0 | Q24: =IF($C24=$M$6,$I24,"") | R24: =IF($C24=$M$6,"",IF($C24="","",IF($C24<$M$6,$I24))) | S24: =SUMIF($D24,S$6,$Q24) -> 0 | T24: =SUMIF($D24,T$6,$Q24) -> 0 | U24: =SUMIF($D24,U$6,$Q24) -> 0 | V24: =SUMIF($D24,V$6,$Q24) -> 0 | W24: =SUMIF($D24,W$6,$Q24) -> 0 | X24: =SUMIF($D24,X$6,$Q24) -> 0 | Y24: =SUMIF($D24,Y$6,$Q24) -> 0 | Z24: =SUMIF($D24,Z$6,$Q24) -> 0 | ... AQ24: =SUMIF($D24,AQ$6,$Q24) -> 0 | AY24: =BIL.PREV.!A19 -> 0 | AZ24: =BIL.PREV.!B19 -> 0 | BA24: - | BB24: =CONCATENATE(AY24,BA24,AZ24) -> 0 - 0 | BC24: =LEFT($AX24,4)
A25: =IF(E25>0.01,A24+1,"") | I25: =IF(K25>0.001,K25,"") | J25: ee24 | K25: =E25-F25-G25-H25 -> 0 | Q25: =IF($C25=$M$6,$I25,"") | R25: =IF($C25=$M$6,"",IF($C25="","",IF($C25<$M$6,$I25))) | S25: =SUMIF($D25,S$6,$Q25) -> 0 | T25: =SUMIF($D25,T$6,$Q25) -> 0 | U25: =SUMIF($D25,U$6,$Q25) -> 0 | V25: =SUMIF($D25,V$6,$Q25) -> 0 | W25: =SUMIF($D25,W$6,$Q25) -> 0 | X25: =SUMIF($D25,X$6,$Q25) -> 0 | Y25: =SUMIF($D25,Y$6,$Q25) -> 0 | Z25: =SUMIF($D25,Z$6,$Q25) -> 0 | ... AQ25: =SUMIF($D25,AQ$6,$Q25) -> 0 | AY25: =BIL.PREV.!A20 -> 0 | AZ25: =BIL.PREV.!B20 -> 0 | BA25: - | BB25: =CONCATENATE(AY25,BA25,AZ25) -> 0 - 0 | BC25: =LEFT($AX25,4)
A26: =IF(E26>0.01,A25+1,"") | I26: =IF(K26>0.001,K26,"") | J26: ee25 | K26: =E26-F26-G26-H26 -> 0 | Q26: =IF($C26=$M$6,$I26,"") | R26: =IF($C26=$M$6,"",IF($C26="","",IF($C26<$M$6,$I26))) | S26: =SUMIF($D26,S$6,$Q26) -> 0 | T26: =SUMIF($D26,T$6,$Q26) -> 0 | U26: =SUMIF($D26,U$6,$Q26) -> 0 | V26: =SUMIF($D26,V$6,$Q26) -> 0 | W26: =SUMIF($D26,W$6,$Q26) -> 0 | X26: =SUMIF($D26,X$6,$Q26) -> 0 | Y26: =SUMIF($D26,Y$6,$Q26) -> 0 | Z26: =SUMIF($D26,Z$6,$Q26) -> 0 | ... AQ26: =SUMIF($D26,AQ$6,$Q26) -> 0 | AY26: =BIL.PREV.!A21 -> 0 | AZ26: =BIL.PREV.!B21 -> 0 | BA26: - | BB26: =CONCATENATE(AY26,BA26,AZ26) -> 0 - 0 | BC26: =LEFT($AX26,4)
A27: =IF(E27>0.01,A26+1,"") | I27: =IF(K27>0.001,K27,"") | K27: =E27-F27-G27-H27 -> 0 | Q27: =IF($C27=$M$6,$I27,"") | R27: =IF($C27=$M$6,"",IF($C27="","",IF($C27<$M$6,$I27))) | S27: =SUMIF($D27,S$6,$Q27) -> 0 | T27: =SUMIF($D27,T$6,$Q27) -> 0 | U27: =SUMIF($D27,U$6,$Q27) -> 0 | V27: =SUMIF($D27,V$6,$Q27) -> 0 | W27: =SUMIF($D27,W$6,$Q27) -> 0 | X27: =SUMIF($D27,X$6,$Q27) -> 0 | Y27: =SUMIF($D27,Y$6,$Q27) -> 0 | Z27: =SUMIF($D27,Z$6,$Q27) -> 0 | ... AQ27: =SUMIF($D27,AQ$6,$Q27) -> 0 | AY27: =BIL.PREV.!A22 -> 0 | AZ27: =BIL.PREV.!B22 -> 0 | BA27: - | BB27: =CONCATENATE(AY27,BA27,AZ27) -> 0 - 0 | BC27: =LEFT($AX27,4)
A28: =IF(E28>0.01,A27+1,"") | I28: =IF(K28>0.001,K28,"") | K28: =E28-F28-G28-H28 -> 0 | Q28: =IF($C28=$M$6,$I28,"") | R28: =IF($C28=$M$6,"",IF($C28="","",IF($C28<$M$6,$I28))) | S28: =SUMIF($D28,S$6,$Q28) -> 0 | T28: =SUMIF($D28,T$6,$Q28) -> 0 | U28: =SUMIF($D28,U$6,$Q28) -> 0 | V28: =SUMIF($D28,V$6,$Q28) -> 0 | W28: =SUMIF($D28,W$6,$Q28) -> 0 | X28: =SUMIF($D28,X$6,$Q28) -> 0 | Y28: =SUMIF($D28,Y$6,$Q28) -> 0 | Z28: =SUMIF($D28,Z$6,$Q28) -> 0 | ... AQ28: =SUMIF($D28,AQ$6,$Q28) -> 0 | BC28: =LEFT($AX28,4)
A29: =IF(E29>0.01,A28+1,"") | I29: =IF(K29>0.001,K29,"") | K29: =E29-F29-G29-H29 -> 0 | Q29: =IF($C29=$M$6,$I29,"") | R29: =IF($C29=$M$6,"",IF($C29="","",IF($C29<$M$6,$I29))) | S29: =SUMIF($D29,S$6,$Q29) -> 0 | T29: =SUMIF($D29,T$6,$Q29) -> 0 | U29: =SUMIF($D29,U$6,$Q29) -> 0 | V29: =SUMIF($D29,V$6,$Q29) -> 0 | W29: =SUMIF($D29,W$6,$Q29) -> 0 | X29: =SUMIF($D29,X$6,$Q29) -> 0 | Y29: =SUMIF($D29,Y$6,$Q29) -> 0 | Z29: =SUMIF($D29,Z$6,$Q29) -> 0 | ... AQ29: =SUMIF($D29,AQ$6,$Q29) -> 0 | BC29: =LEFT($AX29,4)
A30: =IF(E30>0.01,A29+1,"") | I30: =IF(K30>0.001,K30,"") | K30: =E30-F30-G30-H30 -> 0 | Q30: =IF($C30=$M$6,$I30,"") | R30: =IF($C30=$M$6,"",IF($C30="","",IF($C30<$M$6,$I30))) | S30: =SUMIF($D30,S$6,$Q30) -> 0 | T30: =SUMIF($D30,T$6,$Q30) -> 0 | U30: =SUMIF($D30,U$6,$Q30) -> 0 | V30: =SUMIF($D30,V$6,$Q30) -> 0 | W30: =SUMIF($D30,W$6,$Q30) -> 0 | X30: =SUMIF($D30,X$6,$Q30) -> 0 | Y30: =SUMIF($D30,Y$6,$Q30) -> 0 | Z30: =SUMIF($D30,Z$6,$Q30) -> 0 | ... AQ30: =SUMIF($D30,AQ$6,$Q30) -> 0 | BC30: =LEFT($AX30,4)
A31: =IF(E31>0.01,A30+1,"") | I31: =IF(K31>0.001,K31,"") | K31: =E31-F31-G31-H31 -> 0 | Q31: =IF($C31=$M$6,$I31,"") | R31: =IF($C31=$M$6,"",IF($C31="","",IF($C31<$M$6,$I31))) | S31: =SUMIF($D31,S$6,$Q31) -> 0 | T31: =SUMIF($D31,T$6,$Q31) -> 0 | U31: =SUMIF($D31,U$6,$Q31) -> 0 | V31: =SUMIF($D31,V$6,$Q31) -> 0 | W31: =SUMIF($D31,W$6,$Q31) -> 0 | X31: =SUMIF($D31,X$6,$Q31) -> 0 | Y31: =SUMIF($D31,Y$6,$Q31) -> 0 | Z31: =SUMIF($D31,Z$6,$Q31) -> 0 | ... AQ31: =SUMIF($D31,AQ$6,$Q31) -> 0 | BC31: =LEFT($AX31,4)
A32: =IF(E32>0.01,A31+1,"") | I32: =IF(K32>0.001,K32,"") | K32: =E32-F32-G32-H32 -> 0 | Q32: =IF($C32=$M$6,$I32,"") | R32: =IF($C32=$M$6,"",IF($C32="","",IF($C32<$M$6,$I32))) | S32: =SUMIF($D32,S$6,$Q32) -> 0 | T32: =SUMIF($D32,T$6,$Q32) -> 0 | U32: =SUMIF($D32,U$6,$Q32) -> 0 | V32: =SUMIF($D32,V$6,$Q32) -> 0 | W32: =SUMIF($D32,W$6,$Q32) -> 0 | X32: =SUMIF($D32,X$6,$Q32) -> 0 | Y32: =SUMIF($D32,Y$6,$Q32) -> 0 | Z32: =SUMIF($D32,Z$6,$Q32) -> 0 | ... AQ32: =SUMIF($D32,AQ$6,$Q32) -> 0 | BC32: =LEFT($AX32,4)
A33: =IF(E33>0.01,A32+1,"") | I33: =IF(K33>0.001,K33,"") | K33: =E33-F33-G33-H33 -> 0 | Q33: =IF($C33=$M$6,$I33,"") | R33: =IF($C33=$M$6,"",IF($C33="","",IF($C33<$M$6,$I33))) | S33: =SUMIF($D33,S$6,$Q33) -> 0 | T33: =SUMIF($D33,T$6,$Q33) -> 0 | U33: =SUMIF($D33,U$6,$Q33) -> 0 | V33: =SUMIF($D33,V$6,$Q33) -> 0 | W33: =SUMIF($D33,W$6,$Q33) -> 0 | X33: =SUMIF($D33,X$6,$Q33) -> 0 | Y33: =SUMIF($D33,Y$6,$Q33) -> 0 | Z33: =SUMIF($D33,Z$6,$Q33) -> 0 | ... AQ33: =SUMIF($D33,AQ$6,$Q33) -> 0 | BC33: =LEFT($AX33,4)
A34: =IF(E34>0.01,A33+1,"") | I34: =IF(K34>0.001,K34,"") | K34: =E34-F34-G34-H34 -> 0 | Q34: =IF($C34=$M$6,$I34,"") | R34: =IF($C34=$M$6,"",IF($C34="","",IF($C34<$M$6,$I34))) | S34: =SUMIF($D34,S$6,$Q34) -> 0 | T34: =SUMIF($D34,T$6,$Q34) -> 0 | U34: =SUMIF($D34,U$6,$Q34) -> 0 | V34: =SUMIF($D34,V$6,$Q34) -> 0 | W34: =SUMIF($D34,W$6,$Q34) -> 0 | X34: =SUMIF($D34,X$6,$Q34) -> 0 | Y34: =SUMIF($D34,Y$6,$Q34) -> 0 | Z34: =SUMIF($D34,Z$6,$Q34) -> 0 | ... AQ34: =SUMIF($D34,AQ$6,$Q34) -> 0 | BC34: =LEFT($AX34,4)
A35: =IF(E35>0.01,A34+1,"") | I35: =IF(K35>0.001,K35,"") | K35: =E35-F35-G35-H35 -> 0 | Q35: =IF($C35=$M$6,$I35,"") | R35: =IF($C35=$M$6,"",IF($C35="","",IF($C35<$M$6,$I35))) | S35: =SUMIF($D35,S$6,$Q35) -> 0 | T35: =SUMIF($D35,T$6,$Q35) -> 0 | U35: =SUMIF($D35,U$6,$Q35) -> 0 | V35: =SUMIF($D35,V$6,$Q35) -> 0 | W35: =SUMIF($D35,W$6,$Q35) -> 0 | X35: =SUMIF($D35,X$6,$Q35) -> 0 | Y35: =SUMIF($D35,Y$6,$Q35) -> 0 | Z35: =SUMIF($D35,Z$6,$Q35) -> 0 | ... AQ35: =SUMIF($D35,AQ$6,$Q35) -> 0 | BC35: =LEFT($AX35,4)
A36: =IF(E36>0.01,A35+1,"") | I36: =IF(K36>0.001,K36,"") | K36: =E36-F36-G36-H36 -> 0 | Q36: =IF($C36=$M$6,$I36,"") | R36: =IF($C36=$M$6,"",IF($C36="","",IF($C36<$M$6,$I36))) | S36: =SUMIF($D36,S$6,$Q36) -> 0 | T36: =SUMIF($D36,T$6,$Q36) -> 0 | U36: =SUMIF($D36,U$6,$Q36) -> 0 | V36: =SUMIF($D36,V$6,$Q36) -> 0 | W36: =SUMIF($D36,W$6,$Q36) -> 0 | X36: =SUMIF($D36,X$6,$Q36) -> 0 | Y36: =SUMIF($D36,Y$6,$Q36) -> 0 | Z36: =SUMIF($D36,Z$6,$Q36) -> 0 | ... AQ36: =SUMIF($D36,AQ$6,$Q36) -> 0 | BC36: =LEFT($AX36,4)
A37: =IF(E37>0.01,A36+1,"") | I37: =IF(K37>0.001,K37,"") | K37: =E37-F37-G37-H37 -> 0 | Q37: =IF($C37=$M$6,$I37,"") | R37: =IF($C37=$M$6,"",IF($C37="","",IF($C37<$M$6,$I37))) | S37: =SUMIF($D37,S$6,$Q37) -> 0 | T37: =SUMIF($D37,T$6,$Q37) -> 0 | U37: =SUMIF($D37,U$6,$Q37) -> 0 | V37: =SUMIF($D37,V$6,$Q37) -> 0 | W37: =SUMIF($D37,W$6,$Q37) -> 0 | X37: =SUMIF($D37,X$6,$Q37) -> 0 | Y37: =SUMIF($D37,Y$6,$Q37) -> 0 | Z37: =SUMIF($D37,Z$6,$Q37) -> 0 | ... AQ37: =SUMIF($D37,AQ$6,$Q37) -> 0 | BC37: =LEFT($AX37,4)
A38: =IF(E38>0.01,A37+1,"") | I38: =IF(K38>0.001,K38,"") | K38: =E38-F38-G38-H38 -> 0 | Q38: =IF($C38=$M$6,$I38,"") | R38: =IF($C38=$M$6,"",IF($C38="","",IF($C38<$M$6,$I38))) | S38: =SUMIF($D38,S$6,$Q38) -> 0 | T38: =SUMIF($D38,T$6,$Q38) -> 0 | U38: =SUMIF($D38,U$6,$Q38) -> 0 | V38: =SUMIF($D38,V$6,$Q38) -> 0 | W38: =SUMIF($D38,W$6,$Q38) -> 0 | X38: =SUMIF($D38,X$6,$Q38) -> 0 | Y38: =SUMIF($D38,Y$6,$Q38) -> 0 | Z38: =SUMIF($D38,Z$6,$Q38) -> 0 | ... AQ38: =SUMIF($D38,AQ$6,$Q38) -> 0 | BC38: =LEFT($AX38,4)
A39: =IF(E39>0.01,A38+1,"") | I39: =IF(K39>0.001,K39,"") | K39: =E39-F39-G39-H39 -> 0 | Q39: =IF($C39=$M$6,$I39,"") | R39: =IF($C39=$M$6,"",IF($C39="","",IF($C39<$M$6,$I39))) | S39: =SUMIF($D39,S$6,$Q39) -> 0 | T39: =SUMIF($D39,T$6,$Q39) -> 0 | U39: =SUMIF($D39,U$6,$Q39) -> 0 | V39: =SUMIF($D39,V$6,$Q39) -> 0 | W39: =SUMIF($D39,W$6,$Q39) -> 0 | X39: =SUMIF($D39,X$6,$Q39) -> 0 | Y39: =SUMIF($D39,Y$6,$Q39) -> 0 | Z39: =SUMIF($D39,Z$6,$Q39) -> 0 | ... AQ39: =SUMIF($D39,AQ$6,$Q39) -> 0 | BC39: =LEFT($AX39,4)
B40: T O T A L I | E40: =SUM(E10:E39) -> 70926.53 | F40: =SUM(F10:F39) -> 0 | G40: =SUM(G10:G39) -> 6717.03 | H40: =SUM(H10:H39) -> 0 | I40: =SUM(I10:I39) -> 64209.5 | AR40: Totale competenza
C41: ="TOTALE RESIDUI ATTIVI (somme da riscuotere) al 31.12."&M6 -> TOTALE RESIDUI ATTIVI (somme da riscuotere) al 31.12.2020 | I41: =I40 -> 64209.5 | Q41: Totali | R41: =SUM(R10:R39) -> 64209.5 | S41: =SUM(S10:S39) -> 0 | T41: =SUM(T10:T39) -> 0 | U41: =SUM(U10:U39) -> 0 | V41: =SUM(V10:V39) -> 0 | W41: =SUM(W10:W39) -> 0 | X41: =SUM(X10:X39) -> 0 | Y41: =SUM(Y10:Y39) -> 0 | ... AQ41: =SUM(AQ10:AQ39) -> 0 | AR41: =SUM(S41:AQ41) -> 0
B42: =BIL.PREV.!B41 -> Il Tesoriere | E42: =BIL.PREV.!G41 -> Il Presidente | R42: RR. anni precedenti
B43: =BIL.PREV.!B42 -> ( ) | E43: =BIL.PREV.!G42 -> ( )
R45: =G40 -> 6717.03
R46: RR.AA riscossi nell'anno
R51: =R41+R45 -> 70926.53
R52: Totale RR.AA. Anni preced. (riscossi e da riscuotere)

Sheet RR.PP.
B2: =BIL.PREV.!$B$1:$H$1 -> A.V.I.S. - Associazione Volontari Italiani del Sangue
A4: =BIL.PREV.!$A$2:$H$2 -> 0
S5: COMPETENZA
A6: ="E L E N C O R E S I D U I P A S S I V I (somme da pagare) A L 31 D I C E M B R E "&M6 -> E L E N C O R E S I D U I P A S S I V I (somme da pagare) A L 31 D I C E M B R E 2020 | L6: ANNO | M6: =BIL.PREV.!K1 -> 2020 | S6: =BIL.PREV.!$A5 -> ee10 | T6: =BIL.PREV.!$A6 -> ee11 | U6: =BIL.PREV.!$A7 -> ee12 | V6: =BIL.PREV.!$A8 -> ee13 | W6: =BIL.PREV.!$A9 -> ee14 | X6: =BIL.PREV.!$A10 -> ee15 | Y6: =BIL.PREV.!$A11 -> ee16 | Z6: =BIL.PREV.!$A12 | AA6: =BIL.PREV.!$A13 | AB6: =BIL.PREV.!$A14 | AC6: =BIL.PREV.!$A15 | AD6: =BIL.PREV.!$A16 | AE6: =BIL.PREV.!$A17 | AF6: =BIL.PREV.!$A18 -> 0 | AG6: =BIL.PREV.!$A19 -> 0 | AH6: =BIL.PREV.!$A20 -> 0 | AI6: =BIL.PREV.!$A21 -> 0 | AJ6: =BIL.PREV.!$A22 -> 0
A7: Progr. | B7: D E S C R I Z I O N E R E S I D U I P A S S I V I | C7: Anno rif. | D7: Cod. | E7: I M P O R T O
E8: totale dell'anno di riferimento | F8: ="pagato anni precedenti "&M6 -> pagato anni precedenti 2020 | G8: ="pagato " &M6 -> pagato 2020 | H8: Insussistente da eliminare | I8: TOTALE RR.PP. (debiti) da pagare | S8: COMPETENZA | AX8: Codice - Descrizione residuo passivo
Q9: competenza | R9: anni precedenti | S9: uu30 | T9: uu31 | U9: uu32 | V9: uu33 | W9: uu34 | X9: uu35 | Y9: uu36 | Z9: uu37 | AA9: uu38 | AB9: uu39 | AC9: uu40 | AD9: uu41 | AE9: uu42 | AF9: uu43 | AG9: uu44 | AH9: uu45 | AI9: uu46 | AJ9: uu47 | AK9: uu48 | AL9: uu49 | AM9: uu50 | AN9: uu51 | AO9: uu52 | AP9: uu53 | AQ9: uu54 | AR9: uu55 | AS9: uu56 | AT9: uu57 | AU9: uu58 | AV9: uu59 | AY9: =BIL.PREV.!F5 -> uu30 | AZ9: =BIL.PREV.!G5 -> Quote Associative | BA9: - | BB9: =CONCATENATE(AY9,BA9,AZ9) -> uu30 - Quote Associative
A10: =IF(E10>0.01,1,"") -> 1 | B10: Stipendio segretaria Crucetta mese di dicembre 2018 | C10: 2018 | D10: uu50 | E10: 552.06 | G10: 552.06 | I10: =IF(K10>0.001,K10,"") | K10: =E10-F10-G10-H10 -> 0 | Q10: =IF($C10=$M$6,$I10,"") | R10: =IF($C10=$M$6,"",IF($C10="","",IF($C10<$M$6,$I10))) | S10: =SUMIF($D10,S$9,$Q10) -> 0 | T10: =SUMIF($D10,T$9,$Q10) -> 0 | U10: =SUMIF($D10,U$9,$Q10) -> 0 | V10: =SUMIF($D10,V$9,$Q10) -> 0 | W10: =SUMIF($D10,W$9,$Q10) -> 0 | X10: =SUMIF($D10,X$9,$Q10) -> 0 | Y10: =SUMIF($D10,Y$9,$Q10) -> 0 | Z10: =SUMIF($D10,Z$9,$Q10) -> 0 | ... AV10: =SUMIF($D10,AV$9,$Q10) -> 0 | AY10: =BIL.PREV.!F6 -> uu31 | AZ10: =BIL.PREV.!G6 -> Spese trasferte e rimborsi ad organi istituzionali | BA10: - | BB10: =CONCATENATE(AY10,BA10,AZ10) -> uu31 - Spese trasferte e rimborsi ad organi istituzionali | BC10: =LEFT($AX10,4)
A11: =IF(E11>0.01,A10+1,"") -> 2 | B11: Oneri sociali F24 mese di dicembre 2018 segretaria Crucetta | C11: 2018 | D11: uu51 | E11: 162.15 | G11: 162.15 | I11: =IF(K11>0.001,K11,"") | J11: uu30 | K11: =E11-F11-G11-H11 -> 0 | Q11: =IF($C11=$M$6,$I11,"") | R11: =IF($C11=$M$6,"",IF($C11="","",IF($C11<$M$6,$I11))) | S11: =SUMIF($D11,S$9,$Q11) -> 0 | T11: =SUMIF($D11,T$9,$Q11) -> 0 | U11: =SUMIF($D11,U$9,$Q11) -> 0 | V11: =SUMIF($D11,V$9,$Q11) -> 0 | W11: =SUMIF($D11,W$9,$Q11) -> 0 | X11: =SUMIF($D11,X$9,$Q11) -> 0 | Y11: =SUMIF($D11,Y$9,$Q11) -> 0 | Z11: =SUMIF($D11,Z$9,$Q11) -> 0 | ... AV11: =SUMIF($D11,AV$9,$Q11) -> 0 | AY11: =BIL.PREV.!F7 -> uu32 | AZ11: =BIL.PREV.!G7 -> Spese x attività Avis giovani -organ.e partec.convegni-seminari- attività di formazione | BA11: - | BB11: =CONCATENATE(AY11,BA11,AZ11) -> uu32 - Spese x attività Avis giovani -organ.e partec.convegni-seminari- attività di formazione | BC11: =LEFT($AX11,4)
A12: =IF(E12>0.01,A11+1,"") -> 3 | B12: Accantonamento quota TFR segretaria Crucetta anno 2018-2019 | C12: 2019 | D12: uu52 | E12: 909.09 | I12: =IF(K12>0.001,K12,"") -> 909.09 | J12: uu31 | K12: =E12-F12-G12-H12 -> 909.09 | Q12: =IF($C12=$M$6,$I12,"") | R12: =IF($C12=$M$6,"",IF($C12="","",IF($C12<$M$6,$I12))) -> 909.09 | S12: =SUMIF($D12,S$9,$Q12) -> 0 | T12: =SUMIF($D12,T$9,$Q12) -> 0 | U12: =SUMIF($D12,U$9,$Q12) -> 0 | V12: =SUMIF($D12,V$9,$Q12) -> 0 | W12: =SUMIF($D12,W$9,$Q12) -> 0 | X12: =SUMIF($D12,X$9,$Q12) -> 0 | Y12: =SUMIF($D12,Y$9,$Q12) -> 0 | Z12: =SUMIF($D12,Z$9,$Q12) -> 0 | ... AV12: =SUMIF($D12,AV$9,$Q12) -> 0 | AY12: =BIL.PREV.!F8 -> uu33 | AZ12: =BIL.PREV.!G8 -> Spese finalità cinque per mille | BA12: - | BB12: =CONCATENATE(AY12,BA12,AZ12) -> uu33 - Spese finalità cinque per mille | BC12: =LEFT($AX12,4)
A13: =IF(E13>0.01,A12+1,"") -> 4 | B13: Ditta Travelgenio.com fat. SA/1751545/18 | C13: 2018 | D13: uu31 | E13: 183.22 | G13: 183.22 | I13: =IF(K13>0.001,K13,"") | J13: uu32 | K13: =E13-F13-G13-H13 -> 0 | Q13: =IF($C13=$M$6,$I13,"") | R13: =IF($C13=$M$6,"",IF($C13="","",IF($C13<$M$6,$I13))) | S13: =SUMIF($D13,S$9,$Q13) -> 0 | T13: =SUMIF($D13,T$9,$Q13) -> 0 | U13: =SUMIF($D13,U$9,$Q13) -> 0 | V13: =SUMIF($D13,V$9,$Q13) -> 0 | W13: =SUMIF($D13,W$9,$Q13) -> 0 | X13: =SUMIF($D13,X$9,$Q13) -> 0 | Y13: =SUMIF($D13,Y$9,$Q13) -> 0 | Z13: =SUMIF($D13,Z$9,$Q13) -> 0 | ... AV13: =SUMIF($D13,AV$9,$Q13) -> 0 | AY13: =BIL.PREV.!F9 -> uu34 | AZ13: =BIL.PREV.!G9 -> Spese per pubblicità e promozione eventi | BA13: - | BB13: =CONCATENATE(AY13,BA13,AZ13) -> uu34 - Spese per pubblicità e promozione eventi | BC13: =LEFT($AX13,4)
A14: =IF(E14>0.01,A13+1,"") -> 5 | B14: Ditta Ard Discount fattura n. 1641 | C14: 2018 | D14: uu31 | E14: 338.8 | G14: 338.8 | I14: =IF(K14>0.001,K14,"") | J14: uu33 | K14: =E14-F14-G14-H14 -> 0 | Q14: =IF($C14=$M$6,$I14,"") | R14: =IF($C14=$M$6,"",IF($C14="","",IF($C14<$M$6,$I14))) | S14: =SUMIF($D14,S$9,$Q14) -> 0 | T14: =SUMIF($D14,T$9,$Q14) -> 0 | U14: =SUMIF($D14,U$9,$Q14) -> 0 | V14: =SUMIF($D14,V$9,$Q14) -> 0 | W14: =SUMIF($D14,W$9,$Q14) -> 0 | X14: =SUMIF($D14,X$9,$Q14) -> 0 | Y14: =SUMIF($D14,Y$9,$Q14) -> 0 | Z14: =SUMIF($D14,Z$9,$Q14) -> 0 | ... AV14: =SUMIF($D14,AV$9,$Q14) -> 0 | AY14: =BIL.PREV.!F10 -> uu35 | AZ14: =BIL.PREV.!G10 -> Spese organizzazione Assemblea ed eventi | BA14: - | BB14: =CONCATENATE(AY14,BA14,AZ14) -> uu35 - Spese organizzazione Assemblea ed eventi | BC14: =LEFT($AX14,4)
A15: =IF(E15>0.01,A14+1,"") -> 6 | B15: Ditta Energy Point fattura n. 972/18 | C15: 2018 | D15: uu38 | E15: 421 | G15: 421 | I15: =IF(K15>0.001,K15,"") | J15: uu34 | K15: =E15-F15-G15-H15 -> 0 | Q15: =IF($C15=$M$6,$I15,"") | R15: =IF($C15=$M$6,"",IF($C15="","",IF($C15<$M$6,$I15))) | S15: =SUMIF($D15,S$9,$Q15) -> 0 | T15: =SUMIF($D15,T$9,$Q15) -> 0 | U15: =SUMIF($D15,U$9,$Q15) -> 0 | V15: =SUMIF($D15,V$9,$Q15) -> 0 | W15: =SUMIF($D15,W$9,$Q15) -> 0 | X15: =SUMIF($D15,X$9,$Q15) -> 0 | Y15: =SUMIF($D15,Y$9,$Q15) -> 0 | Z15: =SUMIF($D15,Z$9,$Q15) -> 0 | ... AV15: =SUMIF($D15,AV$9,$Q15) -> 0 | AY15: =BIL.PREV.!F11 -> uu36 | AZ15: =BIL.PREV.!G11 -> Spese funzionamento segreteria-consulenza e collaborazioni professionali | BA15: - | BB15: =CONCATENATE(AY15,BA15,AZ15) -> uu36 - Spese funzionamento segreteria-consulenza e collaborazioni professionali | BC15: =LEFT($AX15,4)
A16: =IF(E16>0.01,A15+1,"") -> 7 | B16: Interessi passivi Banca Prossima | C16: 2018 | D16: uu46 | E16: 41.76 | G16: 41.76 | I16: =IF(K16>0.001,K16,"") | J16: uu35 | K16: =E16-F16-G16-H16 -> 0 | Q16: =IF($C16=$M$6,$I16,"") | R16: =IF($C16=$M$6,"",IF($C16="","",IF($C16<$M$6,$I16))) | S16: =SUMIF($D16,S$9,$Q16) -> 0 | T16: =SUMIF($D16,T$9,$Q16) -> 0 | U16: =SUMIF($D16,U$9,$Q16) -> 0 | V16: =SUMIF($D16,V$9,$Q16) -> 0 | W16: =SUMIF($D16,W$9,$Q16) -> 0 | X16: =SUMIF($D16,X$9,$Q16) -> 0 | Y16: =SUMIF($D16,Y$9,$Q16) -> 0 | Z16: =SUMIF($D16,Z$9,$Q16) -> 0 | ... AV16: =SUMIF($D16,AV$9,$Q16) -> 0 | AY16: =BIL.PREV.!F12 -> uu37 | AZ16: =BIL.PREV.!G12 -> Spese e Oneri Servizio Civile | BA16: - | BB16: =CONCATENATE(AY16,BA16,AZ16) -> uu37 - Spese e Oneri Servizio Civile | BC16: =LEFT($AX16,4)
A17: =IF(E17>0.01,A16+1,"") -> 8 | B17: transazione Vdafone 2018 | C17: 2018 | D17: uu41 | E17: 800 | G17: 800 | I17: =IF(K17>0.001,K17,"") | J17: uu36 | K17: =E17-F17-G17-H17 -> 0 | Q17: =IF($C17=$M$6,$I17,"") | R17: =IF($C17=$M$6,"",IF($C17="","",IF($C17<$M$6,$I17))) | S17: =SUMIF($D17,S$9,$Q17) -> 0 | T17: =SUMIF($D17,T$9,$Q17) -> 0 | U17: =SUMIF($D17,U$9,$Q17) -> 0 | V17: =SUMIF($D17,V$9,$Q17) -> 0 | W17: =SUMIF($D17,W$9,$Q17) -> 0 | X17: =SUMIF($D17,X$9,$Q17) -> 0 | Y17: =SUMIF($D17,Y$9,$Q17) -> 0 | Z17: =SUMIF($D17,Z$9,$Q17) -> 0 | ... AV17: =SUMIF($D17,AV$9,$Q17) -> 0 | AY17: =BIL.PREV.!F13 -> uu38 | AZ17: =BIL.PREV.!G13 -> Spese gestione, manut. e riparazione automezzo e attrezz. | BA17: - | BB17: =CONCATENATE(AY17,BA17,AZ17) -> uu38 - Spese gestione, manut. e riparazione automezzo e attrezz. | BC17: =LEFT($AX17,4)
A18: =IF(E18>0.01,A17+1,"") -> 9 | B18: Grafikamente fattura 555/2018 mat. Pubblicitario | C18: 2018 | D18: uu34 | E18: 950 | I18: =IF(K18>0.001,K18,"") -> 950 | J18: uu37 | K18: =E18-F18-G18-H18 -> 950 | Q18: =IF($C18=$M$6,$I18,"") | R18: =IF($C18=$M$6,"",IF($C18="","",IF($C18<$M$6,$I18))) -> 950 | S18: =SUMIF($D18,S$9,$Q18) -> 0 | T18: =SUMIF($D18,T$9,$Q18) -> 0 | U18: =SUMIF($D18,U$9,$Q18) -> 0 | V18: =SUMIF($D18,V$9,$Q18) -> 0 | W18: =SUMIF($D18,W$9,$Q18) -> 0 | X18: =SUMIF($D18,X$9,$Q18) -> 0 | Y18: =SUMIF($D18,Y$9,$Q18) -> 0 | Z18: =SUMIF($D18,Z$9,$Q18) -> 0 | ... AV18: =SUMIF($D18,AV$9,$Q18) -> 0 | AY18: =BIL.PREV.!F14 -> uu39 | AZ18: =BIL.PREV.!G14 -> Spese forfettarie compartecip.forniture luce, acqua e gas | BA18: - | BB18: =CONCATENATE(AY18,BA18,AZ18) -> uu39 - Spese forfettarie compartecip.forniture luce, acqua e gas | BC18: =LEFT($AX18,4)
A19: =IF(E19>0.01,A18+1,"") -> 10 | B19: Tim fattura n.7x04984103 | C19: 2019 | D19: uu41 | E19: 332.2 | I19: =IF(K19>0.001,K19,"") -> 332.2 | J19: uu38 | K19: =E19-F19-G19-H19 -> 332.2 | Q19: =IF($C19=$M$6,$I19,"") | R19: =IF($C19=$M$6,"",IF($C19="","",IF($C19<$M$6,$I19))) -> 332.2 | S19: =SUMIF($D19,S$9,$Q19) -> 0 | T19: =SUMIF($D19,T$9,$Q19) -> 0 | U19: =SUMIF($D19,U$9,$Q19) -> 0 | V19: =SUMIF($D19,V$9,$Q19) -> 0 | W19: =SUMIF($D19,W$9,$Q19) -> 0 | X19: =SUMIF($D19,X$9,$Q19) -> 0 | Y19: =SUMIF($D19,Y$9,$Q19) -> 0 | Z19: =SUMIF($D19,Z$9,$Q19) -> 0 | ... AV19: =SUMIF($D19,AV$9,$Q19) -> 0 | AY19: =BIL.PREV.!F15 -> uu40 | AZ19: =BIL.PREV.!G15 -> Spese di assicurazione | BA19: - | BB19: =CONCATENATE(AY19,BA19,AZ19) -> uu40 - Spese di assicurazione | BC19: =LEFT($AX19,4)
A20: =IF(E20>0.01,A19+1,"") -> 11 | B20: Ditta Energy Point fattura n. 428/19 | C20: 2019 | D20: uu53 | E20: 460 | I20: =IF(K20>0.001,K20,"") -> 460 | J20: uu39 | K20: =E20-F20-G20-H20 -> 460 | Q20: =IF($C20=$M$6,$I20,"") | R20: =IF($C20=$M$6,"",IF($C20="","",IF($C20<$M$6,$I20))) -> 460 | S20: =SUMIF($D20,S$9,$Q20) -> 0 | T20: =SUMIF($D20,T$9,$Q20) -> 0 | U20: =SUMIF($D20,U$9,$Q20) -> 0 | V20: =SUMIF($D20,V$9,$Q20) -> 0 | W20: =SUMIF($D20,W$9,$Q20) -> 0 | X20: =SUMIF($D20,X$9,$Q20) -> 0 | Y20: =SUMIF($D20,Y$9,$Q20) -> 0 | Z20: =SUMIF($D20,Z$9,$Q20) -> 0 | ... AV20: =SUMIF($D20,AV$9,$Q20) -> 0 | AY20: =BIL.PREV.!F16 -> uu41 | AZ20: =BIL.PREV.!G16 -> Spese telefono - postali e valori bollati | BA20: - | BB20: =CONCATENATE(AY20,BA20,AZ20) -> uu41 - Spese telefono - postali e valori bollati | BC20: =LEFT($AX20,4)
A21: =IF(E21>0.01,A20+1,"") -> 12 | B21: Attività di co.co.pro progetto Best mesi di settembre/dicembre 2019 | C21: 2019 | D21: uu53 | E21: 1937.81 | I21: =IF(K21>0.001,K21,"") -> 1937.81 | J21: uu40 | K21: =E21-F21-G21-H21 -> 1937.81 | Q21: =IF($C21=$M$6,$I21,"") | R21: =IF($C21=$M$6,"",IF($C21="","",IF($C21<$M$6,$I21))) -> 1937.81 | S21: =SUMIF($D21,S$9,$Q21) -> 0 | T21: =SUMIF($D21,T$9,$Q21) -> 0 | U21: =SUMIF($D21,U$9,$Q21) -> 0 | V21: =SUMIF($D21,V$9,$Q21) -> 0 | W21: =SUMIF($D21,W$9,$Q21) -> 0 | X21: =SUMIF($D21,X$9,$Q21) -> 0 | Y21: =SUMIF($D21,Y$9,$Q21) -> 0 | Z21: =SUMIF($D21,Z$9,$Q21) -> 0 | ... AV21: =SUMIF($D21,AV$9,$Q21) -> 0 | AY21: =BIL.PREV.!F17 -> uu42 | AZ21: =BIL.PREV.!G17 -> Spese per pulizia ed affitto locali | BA21: - | BB21: =CONCATENATE(AY21,BA21,AZ21) -> uu42 - Spese per pulizia ed affitto locali | BC21: =LEFT($AX21,4)
A22: =IF(E22>0.01,A21+1,"") -> 13 | B22: F24 attività co.co.pro progetto BEST mesi di settembre/dicembre 2019 | C22: 2019 | D22: uu53 | E22: 650.55 | I22: =IF(K22>0.001,K22,"") -> 650.55 | J22: uu41 | K22: =E22-F22-G22-H22 -> 650.55 | Q22: =IF($C22=$M$6,$I22,"") | R22: =IF($C22=$M$6,"",IF($C22="","",IF($C22<$M$6,$I22))) -> 650.55 | S22: =SUMIF($D22,S$9,$Q22) -> 0 | T22: =SUMIF($D22,T$9,$Q22) -> 0 | U22: =SUMIF($D22,U$9,$Q22) -> 0 | V22: =SUMIF($D22,V$9,$Q22) -> 0 | W22: =SUMIF($D22,W$9,$Q22) -> 0 | X22: =SUMIF($D22,X$9,$Q22) -> 0 | Y22: =SUMIF($D22,Y$9,$Q22) -> 0 | Z22: =SUMIF($D22,Z$9,$Q22) -> 0 | ... AV22: =SUMIF($D22,AV$9,$Q22) -> 0 | AY22: =BIL.PREV.!F18 -> uu43 | AZ22: =BIL.PREV.!G18 -> Spese per acquisto attrezzature e arredi | BA22: - | BB22: =CONCATENATE(AY22,BA22,AZ22) -> uu43 - Spese per acquisto attrezzature e arredi | BC22: =LEFT($AX22,4)
A23: =IF(E23>0.01,A22+1,"") -> 14 | B23: F24mese di dicembre 2019 per attività di segreteria | C23: 2019 | D23: uu53 | E23: 264.36 | I23: =IF(K23>0.001,K23,"") -> 264.36 | J23: uu42 | K23: =E23-F23-G23-H23 -> 264.36 | Q23: =IF($C23=$M$6,$I23,"") | R23: =IF($C23=$M$6,"",IF($C23="","",IF($C23<$M$6,$I23))) -> 264.36 | S23: =SUMIF($D23,S$9,$Q23) -> 0 | T23: =SUMIF($D23,T$9,$Q23) -> 0 | U23: =SUMIF($D23,U$9,$Q23) -> 0 | V23: =SUMIF($D23,V$9,$Q23) -> 0 | W23: =SUMIF($D23,W$9,$Q23) -> 0 | X23: =SUMIF($D23,X$9,$Q23) -> 0 | Y23: =SUMIF($D23,Y$9,$Q23) -> 0 | Z23: =SUMIF($D23,Z$9,$Q23) -> 0 | ... AV23: =SUMIF($D23,AV$9,$Q23) -> 0 | AY23: =BIL.PREV.!F19 -> uu44 | AZ23: =BIL.PREV.!G19 -> Spese di cancelleria e gestione ufficio | BA23: - | BB23: =CONCATENATE(AY23,BA23,AZ23) -> uu44 - Spese di cancelleria e gestione ufficio | BC23: =LEFT($AX23,4)
A24: =IF(E24>0.01,A23+1,"") -> 15 | B24: Biazzo Alessandro fattura n.447/19 acquisto cartucce stampante | C24: 2019 | D24: uu43 | E24: 24.4 | I24: =IF(K24>0.001,K24,"") -> 24.4 | J24: uu43 | K24: =E24-F24-G24-H24 -> 24.4 | Q24: =IF($C24=$M$6,$I24,"") | R24: =IF($C24=$M$6,"",IF($C24="","",IF($C24<$M$6,$I24))) -> 24.4 | S24: =SUMIF($D24,S$9,$Q24) -> 0 | T24: =SUMIF($D24,T$9,$Q24) -> 0 | U24: =SUMIF($D24,U$9,$Q24) -> 0 | V24: =SUMIF($D24,V$9,$Q24) -> 0 | W24: =SUMIF($D24,W$9,$Q24) -> 0 | X24: =SUMIF($D24,X$9,$Q24) -> 0 | Y24: =SUMIF($D24,Y$9,$Q24) -> 0 | Z24: =SUMIF($D24,Z$9,$Q24) -> 0 | ... AV24: =SUMIF($D24,AV$9,$Q24) -> 0 | AY24: =BIL.PREV.!F20 -> uu45 | AZ24: =BIL.PREV.!G20 -> Oneri fiscali e tributari | BA24: - | BB24: =CONCATENATE(AY24,BA24,AZ24) -> uu45 - Oneri fiscali e tributari | BC24: =LEFT($AX24,4)
A25: =IF(E25>0.01,A24+1,"") -> 16 | B25: Spese realizzazione Progetto Best Choise | C25: 2019 | D25: uu53 | E25: 45892.43 | I25: =IF(K25>0.001,K25,"") -> 45892.43 | J25: uu44 | K25: =E25-F25-G25-H25 -> 45892.43 | Q25: =IF($C25=$M$6,$I25,"") | R25: =IF($C25=$M$6,"",IF($C25="","",IF($C25<$M$6,$I25))) -> 45892.43 | S25: =SUMIF($D25,S$9,$Q25) -> 0 | T25: =SUMIF($D25,T$9,$Q25) -> 0 | U25: =SUMIF($D25,U$9,$Q25) -> 0 | V25: =SUMIF($D25,V$9,$Q25) -> 0 | W25: =SUMIF($D25,W$9,$Q25) -> 0 | X25: =SUMIF($D25,X$9,$Q25) -> 0 | Y25: =SUMIF($D25,Y$9,$Q25) -> 0 | Z25: =SUMIF($D25,Z$9,$Q25) -> 0 | ... AV25: =SUMIF($D25,AV$9,$Q25) -> 0 | AY25: =BIL.PREV.!F21 -> uu46 | AZ25: =BIL.PREV.!G21 -> Oneri Bancari | BA25: - | BB25: =CONCATENATE(AY25,BA25,AZ25) -> uu46 - Oneri Bancari | BC25: =LEFT($AX25,4)
A26: =IF(E26>0.01,A25+1,"") | I26: =IF(K26>0.001,K26,"") | J26: uu45 | K26: =E26-F26-G26-H26 -> 0 | Q26: =IF($C26=$M$6,$I26,"") | R26: =IF($C26=$M$6,"",IF($C26="","",IF($C26<$M$6,$I26))) | S26: =SUMIF($D26,S$9,$Q26) -> 0 | T26: =SUMIF($D26,T$9,$Q26) -> 0 | U26: =SUMIF($D26,U$9,$Q26) -> 0 | V26: =SUMIF($D26,V$9,$Q26) -> 0 | W26: =SUMIF($D26,W$9,$Q26) -> 0 | X26: =SUMIF($D26,X$9,$Q26) -> 0 | Y26: =SUMIF($D26,Y$9,$Q26) -> 0 | Z26: =SUMIF($D26,Z$9,$Q26) -> 0 | ... AV26: =SUMIF($D26,AV$9,$Q26) -> 0 | AY26: =BIL.PREV.!F22 -> uu47 | AZ26: =BIL.PREV.!G22 -> Spese per progetti finanziati da Fondazioni e Cesv | BA26: - | BB26: =CONCATENATE(AY26,BA26,AZ26) -> uu47 - Spese per progetti finanziati da Fondazioni e Cesv | BC26: =LEFT($AX26,4)
A27: =IF(E27>0.01,A26+1,"") | I27: =IF(K27>0.001,K27,"") | J27: uu46 | K27: =E27-F27-G27-H27 -> 0 | Q27: =IF($C27=$M$6,$I27,"") | R27: =IF($C27=$M$6,"",IF($C27="","",IF($C27<$M$6,$I27))) | S27: =SUMIF($D27,S$9,$Q27) -> 0 | T27: =SUMIF($D27,T$9,$Q27) -> 0 | U27: =SUMIF($D27,U$9,$Q27) -> 0 | V27: =SUMIF($D27,V$9,$Q27) -> 0 | W27: =SUMIF($D27,W$9,$Q27) -> 0 | X27: =SUMIF($D27,X$9,$Q27) -> 0 | Y27: =SUMIF($D27,Y$9,$Q27) -> 0 | Z27: =SUMIF($D27,Z$9,$Q27) -> 0 | ... AV27: =SUMIF($D27,AV$9,$Q27) -> 0 | AY27: =BIL.PREV.!F23 -> uu48 | AZ27: =BIL.PREV.!G23 -> Spese per progetti e iniziative di Solidarietà | BA27: - | BB27: =CONCATENATE(AY27,BA27,AZ27) -> uu48 - Spese per progetti e iniziative di Solidarietà | BC27: =LEFT($AX27,4)
A28: =IF(E28>0.01,A27+1,"") | I28: =IF(K28>0.001,K28,"") | J28: uu47 | K28: =E28-F28-G28-H28 -> 0 | Q28: =IF($C28=$M$6,$I28,"") | R28: =IF($C28=$M$6,"",IF($C28="","",IF($C28<$M$6,$I28))) | S28: =SUMIF($D28,S$9,$Q28) -> 0 | T28: =SUMIF($D28,T$9,$Q28) -> 0 | U28: =SUMIF($D28,U$9,$Q28) -> 0 | V28: =SUMIF($D28,V$9,$Q28) -> 0 | W28: =SUMIF($D28,W$9,$Q28) -> 0 | X28: =SUMIF($D28,X$9,$Q28) -> 0 | Y28: =SUMIF($D28,Y$9,$Q28) -> 0 | Z28: =SUMIF($D28,Z$9,$Q28) -> 0 | ... AV28: =SUMIF($D28,AV$9,$Q28) -> 0 | AY28: =BIL.PREV.!F24 -> uu49 | AZ28: =BIL.PREV.!G24 -> Spese impreviste | BA28: - | BB28: =CONCATENATE(AY28,BA28,AZ28) -> uu49 - Spese impreviste | BC28: =LEFT($AX28,4)
A29: =IF(E29>0.01,A28+1,"") | I29: =IF(K29>0.001,K29,"") | J29: uu48 | K29: =E29-F29-G29-H29 -> 0 | Q29: =IF($C29=$M$6,$I29,"") | R29: =IF($C29=$M$6,"",IF($C29="","",IF($C29<$M$6,$I29))) | S29: =SUMIF($D29,S$9,$Q29) -> 0 | T29: =SUMIF($D29,T$9,$Q29) -> 0 | U29: =SUMIF($D29,U$9,$Q29) -> 0 | V29: =SUMIF($D29,V$9,$Q29) -> 0 | W29: =SUMIF($D29,W$9,$Q29) -> 0 | X29: =SUMIF($D29,X$9,$Q29) -> 0 | Y29: =SUMIF($D29,Y$9,$Q29) -> 0 | Z29: =SUMIF($D29,Z$9,$Q29) -> 0 | ... AV29: =SUMIF($D29,AV$9,$Q29) -> 0 | AY29: =BIL.PREV.!F25 -> uu50 | AZ29: =BIL.PREV.!G25 -> retribuzione dipendente | BA29: - | BB29: =CONCATENATE(AY29,BA29,AZ29) -> uu50 - retribuzione dipendente | BC29: =LEFT($AX29,4)
A30: =IF(E30>0.01,A29+1,"") | I30: =IF(K30>0.001,K30,"") | J30: uu49 | K30: =E30-F30-G30-H30 -> 0 | Q30: =IF($C30=$M$6,$I30,"") | R30: =IF($C30=$M$6,"",IF($C30="","",IF($C30<$M$6,$I30))) | S30: =SUMIF($D30,S$9,$Q30) -> 0 | T30: =SUMIF($D30,T$9,$Q30) -> 0 | U30: =SUMIF($D30,U$9,$Q30) -> 0 | V30: =SUMIF($D30,V$9,$Q30) -> 0 | W30: =SUMIF($D30,W$9,$Q30) -> 0 | X30: =SUMIF($D30,X$9,$Q30) -> 0 | Y30: =SUMIF($D30,Y$9,$Q30) -> 0 | Z30: =SUMIF($D30,Z$9,$Q30) -> 0 | ... AV30: =SUMIF($D30,AV$9,$Q30) -> 0 | AY30: =BIL.PREV.!F26 -> uu51 | AZ30: =BIL.PREV.!G26 -> oneri sociali | BA30: - | BB30: =CONCATENATE(AY30,BA30,AZ30) -> uu51 - oneri sociali | BC30: =LEFT($AX30,4)
A31: =IF(E31>0.01,A30+1,"") | I31: =IF(K31>0.001,K31,"") | J31: uu50 | K31: =E31-F31-G31-H31 -> 0 | Q31: =IF($C31=$M$6,$I31,"") | R31: =IF($C31=$M$6,"",IF($C31="","",IF($C31<$M$6,$I31))) | S31: =SUMIF($D31,S$9,$Q31) -> 0 | T31: =SUMIF($D31,T$9,$Q31) -> 0 | U31: =SUMIF($D31,U$9,$Q31) -> 0 | V31: =SUMIF($D31,V$9,$Q31) -> 0 | W31: =SUMIF($D31,W$9,$Q31) -> 0 | X31: =SUMIF($D31,X$9,$Q31) -> 0 | Y31: =SUMIF($D31,Y$9,$Q31) -> 0 | Z31: =SUMIF($D31,Z$9,$Q31) -> 0 | ... AV31: =SUMIF($D31,AV$9,$Q31) -> 0 | AY31: =BIL.PREV.!F27 -> uu52 | AZ31: =BIL.PREV.!G27 -> TFR | BA31: - | BB31: =CONCATENATE(AY31,BA31,AZ31) -> uu52 - TFR | BC31: =LEFT($AX31,4)
A32: =IF(E32>0.01,A31+1,"") | I32: =IF(K32>0.001,K32,"") | J32: uu51 | K32: =E32-F32-G32-H32 -> 0 | Q32: =IF($C32=$M$6,$I32,"") | R32: =IF($C32=$M$6,"",IF($C32="","",IF($C32<$M$6,$I32))) | S32: =SUMIF($D32,S$9,$Q32) -> 0 | T32: =SUMIF($D32,T$9,$Q32) -> 0 | U32: =SUMIF($D32,U$9,$Q32) -> 0 | V32: =SUMIF($D32,V$9,$Q32) -> 0 | W32: =SUMIF($D32,W$9,$Q32) -> 0 | X32: =SUMIF($D32,X$9,$Q32) -> 0 | Y32: =SUMIF($D32,Y$9,$Q32) -> 0 | Z32: =SUMIF($D32,Z$9,$Q32) -> 0 | ... AV32: =SUMIF($D32,AV$9,$Q32) -> 0 | AY32: =BIL.PREV.!F33 -> 0 | AZ32: =BIL.PREV.!G33 -> T O T A L E | BA32: - | BB32: =CONCATENATE(AY32,BA32,AZ32) -> 0 - T O T A L E | BC32: =LEFT($AX32,4)
A33: =IF(E33>0.01,A32+1,"") | I33: =IF(K33>0.001,K33,"") | J33: uu52 | K33: =E33-F33-G33-H33 -> 0 | Q33: =IF($C33=$M$6,$I33,"") | R33: =IF($C33=$M$6,"",IF($C33="","",IF($C33<$M$6,$I33))) | S33: =SUMIF($D33,S$9,$Q33) -> 0 | T33: =SUMIF($D33,T$9,$Q33) -> 0 | U33: =SUMIF($D33,U$9,$Q33) -> 0 | V33: =SUMIF($D33,V$9,$Q33) -> 0 | W33: =SUMIF($D33,W$9,$Q33) -> 0 | X33: =SUMIF($D33,X$9,$Q33) -> 0 | Y33: =SUMIF($D33,Y$9,$Q33) -> 0 | Z33: =SUMIF($D33,Z$9,$Q33) -> 0 | ... AV33: =SUMIF($D33,AV$9,$Q33) -> 0 | AY33: =BIL.PREV.!F36 -> 0 | AZ33: =BIL.PREV.!G36 -> PARTITE DI GIRO: | BA33: - | BB33: =CONCATENATE(AY33,BA33,AZ33) -> 0 - PARTITE DI GIRO: | BC33: =LEFT($AX33,4)
A34: =IF(E34>0.01,A33+1,"") | I34: =IF(K34>0.001,K34,"") | J34: uu53 | K34: =E34-F34-G34-H34 -> 0 | Q34: =IF($C34=$M$6,$I34,"") | R34: =IF($C34=$M$6,"",IF($C34="","",IF($C34<$M$6,$I34))) | S34: =SUMIF($D34,S$9,$Q34) -> 0 | T34: =SUMIF($D34,T$9,$Q34) -> 0 | U34: =SUMIF($D34,U$9,$Q34) -> 0 | V34: =SUMIF($D34,V$9,$Q34) -> 0 | W34: =SUMIF($D34,W$9,$Q34) -> 0 | X34: =SUMIF($D34,X$9,$Q34) -> 0 | Y34: =SUMIF($D34,Y$9,$Q34) -> 0 | Z34: =SUMIF($D34,Z$9,$Q34) -> 0 | ... AV34: =SUMIF($D34,AV$9,$Q34) -> 0 | AY34: =BIL.PREV.!F37 -> uu58 | AZ34: =BIL.PREV.!G37 -> Organizzazione Assemblea Nazionale | BA34: - | BB34: =CONCATENATE(AY34,BA34,AZ34) -> uu58 - Organizzazione Assemblea Nazionale | BC34: =LEFT($AX34,4)
A35: =IF(E35>0.01,A34+1,"") | I35: =IF(K35>0.001,K35,"") | J35: uu54 | K35: =E35-F35-G35-H35 -> 0 | Q35: =IF($C35=$M$6,$I35,"") | R35: =IF($C35=$M$6,"",IF($C35="","",IF($C35<$M$6,$I35))) | S35: =SUMIF($D35,S$9,$Q35) -> 0 | T35: =SUMIF($D35,T$9,$Q35) -> 0 | U35: =SUMIF($D35,U$9,$Q35) -> 0 | V35: =SUMIF($D35,V$9,$Q35) -> 0 | W35: =SUMIF($D35,W$9,$Q35) -> 0 | X35: =SUMIF($D35,X$9,$Q35) -> 0 | Y35: =SUMIF($D35,Y$9,$Q35) -> 0 | Z35: =SUMIF($D35,Z$9,$Q35) -> 0 | ... AV35: =SUMIF($D35,AV$9,$Q35) -> 0 | AY35: =BIL.PREV.!F38 -> uu59 | AZ35: =BIL.PREV.!G38 -> Spese partecipazione soci ad eventi associativi | BA35: - | BB35: =CONCATENATE(AY35,BA35,AZ35) -> uu59 - Spese partecipazione soci ad eventi associativi | BC35: =LEFT($AX35,4)
A36: =IF(E36>0.01,A35+1,"") | I36: =IF(K36>0.001,K36,"") | J36: uu55 | K36: =E36-F36-G36-H36 -> 0 | Q36: =IF($C36=$M$6,$I36,"") | R36: =IF($C36=$M$6,"",IF($C36="","",IF($C36<$M$6,$I36))) | S36: =SUMIF($D36,S$9,$Q36) -> 0 | T36: =SUMIF($D36,T$9,$Q36) -> 0 | U36: =SUMIF($D36,U$9,$Q36) -> 0 | V36: =SUMIF($D36,V$9,$Q36) -> 0 | W36: =SUMIF($D36,W$9,$Q36) -> 0 | X36: =SUMIF($D36,X$9,$Q36) -> 0 | Y36: =SUMIF($D36,Y$9,$Q36) -> 0 | Z36: =SUMIF($D36,Z$9,$Q36) -> 0 | ... AV36: =SUMIF($D36,AV$9,$Q36) -> 0 | AY36: =BIL.PREV.!#REF! -> #REF! | AZ36: =BIL.PREV.!#REF! -> #REF! | BA36: - | BB36: =CONCATENATE(AY36,BA36,AZ36) -> #REF! | BC36: =LEFT($AX36,4)
A37: =IF(E37>0.01,A36+1,"") | I37: =IF(K37>0.001,K37,"") | J37: uu56 | K37: =E37-F37-G37-H37 -> 0 | Q37: =IF($C37=$M$6,$I37,"") | R37: =IF($C37=$M$6,"",IF($C37="","",IF($C37<$M$6,$I37))) | S37: =SUMIF($D37,S$9,$Q37) -> 0 | T37: =SUMIF($D37,T$9,$Q37) -> 0 | U37: =SUMIF($D37,U$9,$Q37) -> 0 | V37: =SUMIF($D37,V$9,$Q37) -> 0 | W37: =SUMIF($D37,W$9,$Q37) -> 0 | X37: =SUMIF($D37,X$9,$Q37) -> 0 | Y37: =SUMIF($D37,Y$9,$Q37) -> 0 | Z37: =SUMIF($D37,Z$9,$Q37) -> 0 | ... AV37: =SUMIF($D37,AV$9,$Q37) -> 0 | AY37: =BIL.PREV.!#REF! -> #REF! | AZ37: =BIL.PREV.!#REF! -> #REF! | BA37: - | BB37: =CONCATENATE(AY37,BA37,AZ37) -> #REF! | BC37: =LEFT($AX37,4)
A38: =IF(E38>0.01,A37+1,"") | I38: =IF(K38>0.001,K38,"") | J38: uu57 | K38: =E38-F38-G38-H38 -> 0 | Q38: =IF($C38=$M$6,$I38,"") | R38: =IF($C38=$M$6,"",IF($C38="","",IF($C38<$M$6,$I38))) | S38: =SUMIF($D38,S$9,$Q38) -> 0 | T38: =SUMIF($D38,T$9,$Q38) -> 0 | U38: =SUMIF($D38,U$9,$Q38) -> 0 | V38: =SUMIF($D38,V$9,$Q38) -> 0 | W38: =SUMIF($D38,W$9,$Q38) -> 0 | X38: =SUMIF($D38,X$9,$Q38) -> 0 | Y38: =SUMIF($D38,Y$9,$Q38) -> 0 | Z38: =SUMIF($D38,Z$9,$Q38) -> 0 | ... AV38: =SUMIF($D38,AV$9,$Q38) -> 0 | AY38: =BIL.PREV.!#REF! -> #REF! | AZ38: =BIL.PREV.!#REF! -> #REF! | BA38: - | BB38: =CONCATENATE(AY38,BA38,AZ38) -> #REF! | BC38: =LEFT($AX38,4)
A39: =IF(E39>0.01,A38+1,"") | I39: =IF(K39>0.001,K39,"") | J39: uu58 | K39: =E39-F39-G39-H39 -> 0 | Q39: =IF($C39=$M$6,$I39,"") | R39: =IF($C39=$M$6,"",IF($C39="","",IF($C39<$M$6,$I39))) | S39: =SUMIF($D39,S$9,$Q39) -> 0 | T39: =SUMIF($D39,T$9,$Q39) -> 0 | U39: =SUMIF($D39,U$9,$Q39) -> 0 | V39: =SUMIF($D39,V$9,$Q39) -> 0 | W39: =SUMIF($D39,W$9,$Q39) -> 0 | X39: =SUMIF($D39,X$9,$Q39) -> 0 | Y39: =SUMIF($D39,Y$9,$Q39) -> 0 | Z39: =SUMIF($D39,Z$9,$Q39) -> 0 | ... AV39: =SUMIF($D39,AV$9,$Q39) -> 0 | BC39: =LEFT($AX39,4)
B40: T O T A L I | E40: =SUM(E10:E39) -> 53919.83 | F40: =SUM(F10:F39) -> 0 | G40: =SUM(G10:G39) -> 2498.99 | H40: =SUM(H10:H39) -> 0 | I40: =SUM(I10:I39) -> 51420.84 | J40: uu59
C41: ="TOTALE RESIDUI PASSIVI (somme da pagare) AL 31.12."&M6 -> TOTALE RESIDUI PASSIVI (somme da pagare) AL 31.12.2020 | I41: =I40 -> 51420.84 | Q41: Totali | R41: =SUM(R10:R39) -> 51420.84 | S41: =SUM(S10:S39) -> 0 | T41: =SUM(T10:T39) -> 0 | U41: =SUM(U10:U39) -> 0 | V41: =SUM(V10:V39) -> 0 | W41: =SUM(W10:W39) -> 0 | X41: =SUM(X10:X39) -> 0 | Y41: =SUM(Y10:Y39) -> 0 | ... AV41: =SUM(AV10:AV39) -> 0 | AW41: =SUM(S41:AV41) -> 0
B42: =BIL.PREV.!B41 -> Il Tesoriere | E42: =BIL.PREV.!G41 -> Il Presidente | R42: RR. Anni precedenti
B43: =BIL.PREV.!B42 -> ( ) | E43: =BIL.PREV.!G42 -> ( )
O46: RR pagati nell'anno | R46: =G40 -> 2498.99
O47: RR da pagare anni precedenti | R47: =R41 -> 51420.84
O48: Totale | R48: =SUM(R46:R47) -> 53919.83

Sheet CONS.ENTR
B3: A.V.I.S. - Associazione Volontari Italiani del Sangue | J3: =BIL.PREV.!K1 -> 2020
A4: =BIL.PREV.!A2:H2 -> 0
A5: ="RENDICONTO DI GESTIONE - Sez. ENTRATE - A N N O "&$J$3 -> RENDICONTO DI GESTIONE - Sez. ENTRATE - A N N O 2020
A6: Cod. | B6: D E S C R I Z I O N E | C6: ="A N N O "&$J$3 -> A N N O 2020 | H6: ="ANNO "&$J$3-1 -> ANNO 2019
C7: Previsione | D7: Somme riscosse | E7: Residui Attivi da riscuotere | F7: ="TOTALE anno "&$J$3 -> TOTALE anno 2020 | G7: % | H7: Rendiconto di Gestione | I7: %
A8: a | B8: b | C8: c | D8: d | E8: e | F8: f = (d + e) | H8: g
B9: ="FONDO CASSA al 1° gennaio "&J3 -> FONDO CASSA al 1° gennaio 2020 | D9: ='1^ NOTA CASSA'!M11 -> 18270.68 | F9: =D9+E9 -> 18270.68 | G9: =IF(F9>0,F9/F$41,"") -> 0.20483466 | I9: =IF(H9>0,H9/H$41,"")
A10: =BIL.PREV.!A5 -> ee10 | B10: =BIL.PREV.!B5 -> Contributi e Sovvenzioni Regionali | C10: =BIL.PREV.!C5 -> 7355.84 | D10: ='1^ NOTA CASSA'!AN46 -> 0 | E10: =RR.AA.!S$41 -> 0 | F10: =D10+E10 -> 0 | G10: =IF(F10>0,F10/F$41,"") | I10: =IF(H10>0,H10/H$41,"")
A11: =BIL.PREV.!A6 -> ee11 | B11: =BIL.PREV.!B6 -> Altri contributi da Enti Pubblici e Privati | C11: =BIL.PREV.!C6 -> 10960 | D11: ='1^ NOTA CASSA'!AN47 -> 0 | E11: =RR.AA.!T$41 -> 0 | F11: =D11+E11 -> 0 | G11: =IF(F11>0,F11/F$41,"") | I11: =IF(H11>0,H11/H$41,"")
A12: =BIL.PREV.!A7 -> ee12 | B12: =BIL.PREV.!B7 -> Quote Associative | C12: =BIL.PREV.!C7 -> 122802.54 | D12: ='1^ NOTA CASSA'!AN48 -> 0 | E12: =RR.AA.!U$41 -> 0 | F12: =D12+E12 -> 0 | G12: =IF(F12>0,F12/F$41,"") | I12: =IF(H12>0,H12/H$41,"")
A13: =BIL.PREV.!A8 -> ee13 | B13: =BIL.PREV.!B8 -> Proventi da partecipazioni ad Emoservizi srl | C13: =BIL.PREV.!C8 -> 50 | D13: ='1^ NOTA CASSA'!AN49 -> 0 | E13: =RR.AA.!V$41 -> 0 | F13: =D13+E13 -> 0 | G13: =IF(F13>0,F13/F$41,"") | I13: =IF(H13>0,H13/H$41,"")
A14: =BIL.PREV.!A9 -> ee14 | B14: =BIL.PREV.!B9 -> Contributi cinque per mille | C14: =BIL.PREV.!C9 -> 500 | D14: ='1^ NOTA CASSA'!AN50 -> 0 | E14: =RR.AA.!W$41 -> 0 | F14: =D14+E14 -> 0 | G14: =IF(F14>0,F14/F$41,"") | I14: =IF(H14>0,H14/H$41,"")
A15: =BIL.PREV.!A10 -> ee15 | B15: =BIL.PREV.!B10 -> Contributi da Fondazioni | C15: =BIL.PREV.!C10 -> 10000 | D15: ='1^ NOTA CASSA'!AN51 -> 0 | E15: =RR.AA.!X$41 -> 0 | F15: =D15+E15 -> 0 | G15: =IF(F15>0,F15/F$41,"") | I15: =IF(H15>0,H15/H$41,"")
A16: =BIL.PREV.!A11 -> ee16 | B16: =BIL.PREV.!B11 -> F/do Solidarietà | C16: =BIL.PREV.!C11 -> 500 | D16: ='1^ NOTA CASSA'!AN52 -> 0 | E16: =RR.AA.!Y$41 -> 0 | F16: =D16+E16 -> 0 | G16: =IF(F16>0,F16/F$41,"") | I16: =IF(H16>0,H16/H$41,"")
A17: =BIL.PREV.!A12 | B17: =BIL.PREV.!B12 -> 0 | C17: =BIL.PREV.!C12 -> 0 | D17: ='1^ NOTA CASSA'!AN53 -> 0 | E17: =RR.AA.!Z$41 -> 0 | F17: =D17+E17 -> 0 | G17: =IF(F17>0,F17/F$41,"") | I17: =IF(H17>0,H17/H$41,"")
A18: =BIL.PREV.!A13 | B18: =BIL.PREV.!B13 -> 0 | C18: =BIL.PREV.!C13 -> 0 | D18: ='1^ NOTA CASSA'!AN54 -> 0 | E18: =RR.AA.!AA$41 -> 0 | F18: =D18+E18 -> 0 | G18: =IF(F18>0,F18/F$41,"") | I18: =IF(H18>0,H18/H$41,"")
A19: =BIL.PREV.!A14 | B19: =BIL.PREV.!B14 -> 0 | C19: =BIL.PREV.!C14 -> 0 | D19: ='1^ NOTA CASSA'!AN55 -> 0 | E19: =RR.AA.!AB$41 -> 0 | F19: =D19+E19 -> 0 | G19: =IF(F19>0,F19/F$41,"") | I19: =IF(H19>0,H19/H$41,"")
A20: =BIL.PREV.!A15 | B20: =BIL.PREV.!B15 -> 0 | C20: =BIL.PREV.!C15 -> 0 | D20: ='1^ NOTA CASSA'!AN56 -> 0 | E20: =RR.AA.!AC$41 -> 0 | F20: =D20+E20 -> 0 | G20: =IF(F20>0,F20/F$41,"") | I20: =IF(H20>0,H20/H$41,"")
A21: =BIL.PREV.!A16 | B21: =BIL.PREV.!B16 -> 0 | C21: =BIL.PREV.!C16 -> 0 | D21: ='1^ NOTA CASSA'!AN57 -> 0 | E21: =RR.AA.!AD$41 -> 0 | F21: =D21+E21 -> 0 | G21: =IF(F21>0,F21/F$41,"") | I21: =IF(H21>0,H21/H$41,"")
A22: =BIL.PREV.!A17 | B22: =BIL.PREV.!B17 -> 0 | C22: =BIL.PREV.!C17 -> 0 | D22: ='1^ NOTA CASSA'!AN58 -> 0 | E22: =RR.AA.!AE$41 -> 0 | F22: =D22+E22 -> 0 | G22: =IF(F22>0,F22/F$41,"") | I22: =IF(H22>0,H22/H$41,"")
B23: =IF(C23>0,BIL.PREV.!B34,"") | C23: =BIL.PREV.!C34 -> 0 | D23: ='1^ NOTA CASSA'!AN59 -> 0 | E23: =RR.AA.!AF$41 -> 0 | F23: =D23+E23 -> 0 | G23: =IF(F23>0,F23/F$41,"") | I23: =IF(H23>0,H23/H$41,"")
B24: T O T A L I | C24: =SUM(C9:C23) -> 152168.38 | D24: =SUM(D9:D23) -> 18270.68 | E24: =SUM(E9:E23) -> 0 | F24: =SUM(F9:F23) -> 18270.68 | G24: =SUM(G9:G23) -> 0.20483466 | H24: =SUM(H9:H23) -> 0 | I24: =SUM(I9:I23) -> 0
N28: =D39 -> 24987.71
N30: =#REF! -> #REF!
A31: =IF(K31>0,"ra","") -> ra | B31: =IF(K31>0,"Residui attivi (crediti anni precedenti)","") -> Residui attivi (crediti anni precedenti) | D31: =RR.AA.!R45 -> 6717.03 | E31: =RR.AA.!R$41 -> 64209.5 | F31: =D31+E31 -> 70926.53 | G31: =IF(F31>0,F31/F$41,"") -> 0.79516534 | H31: =L24 -> 0 | I31: =IF(H31>0,H31/H$41,"") | K31: =L28+F31 -> 70926.53 | N31: =#REF! -> #REF!
B32: T O T A L I | C32: =C24 -> 152168.38 | D32: =D24+D31 -> 24987.71 | E32: =E24+E31 -> 64209.5 | F32: =F24+F31 -> 89197.21 | G32: =SUM(G24:G31) -> 1 | H32: =H24+H31 -> 0 | I32: =SUM(I24:I31) -> 0 | N32: =N28+N30-N31 -> #REF!
B33: =IF(L33>0,"Disavanzo d'Amministrazione",IF(RENDICONTO!E35<0,"Disavanzo d'Amministrazione","")) | F33: =F44 | G33: =IF(F33="","",F33/F$41) | H33: =L33 -> 0 | I33: =IF(H33>0,H33/H$41,"")
B34: T O T A L I | C34: =SUM(C32:C33) -> 152168.38 | D34: =SUM(D32:D33) -> 24987.71 | E34: =SUM(E32:E33) -> 64209.5 | F34: =SUM(F32:F33) -> 89197.21 | G34: =SUM(G32:G33) -> 1 | H34: =H32+H33 -> 0 | I34: =SUM(I32:I33) -> 0
B36: =IF(CONS.USC.!F59>0.001,"PARTITE DI GIRO:","") -> PARTITE DI GIRO:
A37: =BIL.PREV.!A37 -> ee24 | B37: =BIL.PREV.!B37 -> Organizzazione Assemblea Nazionale | C37: =BIL.PREV.!C37 -> 6000 | D37: ='1^ NOTA CASSA'!AN60 -> 0 | E37: =RR.AA.!AG$41 -> 0 | F37: =D37+E37 -> 0
A38: =BIL.PREV.!A38 -> ee25 | B38: =BIL.PREV.!B38 -> Contributo da soci per partecipaz. eventi associativi | C38: =BIL.PREV.!C38 -> 70000 | D38: ='1^ NOTA CASSA'!AN61 -> 0 | E38: =RR.AA.!AH$41 -> 0 | F38: =D38+E38 -> 0
B39: T O T A L I | C39: =SUM(C34:C38) -> 228168.38 | D39: =SUM(D34:D38) -> 24987.71 | E39: =E32 -> 64209.5 | F39: =SUM(F34:F38) -> 89197.21 | G39: =SUM(G34) -> 1 | H39: =SUM(H34:H38) -> 0 | I39: =SUM(I34) -> 0 | N39: =CONS.USC.!F47 -> 84979.17
B40: T O T A L E A P A R E G G I O | F40: =F39 -> 89197.21 | G40: =G39 -> 1 | H40: =H39 -> 0 | I40: =I39 -> 0
C41: totale meno partite giro | F41: =F40-F37-F38 -> 89197.21 | H41: =H40-H37-H38 -> 0
B43: =BIL.PREV.!B41 -> Il Tesoriere | C43: =BIL.PREV.!G41 -> Il Presidente
B44: =BIL.PREV.!B42 -> ( ) | D44: Competenza | F44: =IF(RENDICONTO!E40>0,RENDICONTO!E40,"") | H44: =CONS.USC.!H52 -> 0
B45: =BIL.PREV.!B43 -> 0
B46: =BIL.PREV.!B44 -> 0 | D46: =D39-D9-D31 -> 0 | F46: =CONS.USC.!F47 -> 84979.17
B47: =BIL.PREV.!B42 -> ( ) | C47: =BIL.PREV.!G42 -> ( )

Sheet CONS.USC.
K2: : | N2: % di scostamento
B3: A.V.I.S. - Associazione Volontari Italiani del Sangue | K3: =BIL.PREV.!K1 -> 2020 | L3: =CONCATENATE(K3,K2) -> 2020: | N3: U S C I T E
A4: =BIL.PREV.!A2:H2 -> 0 | N4: Previsione meno scostamento | O4: SOMME IMPEGNATE E NON ANCORA PAGATE | Q4: DISPONIBILITÀ (differrenza colonna A meno uscite e meno somme impegnate)
A5: ="RENDICONTO DI GESTIONE - Sez. USCITE - A N N O "&$K$3 -> RENDICONTO DI GESTIONE - Sez. USCITE - A N N O 2020 | K5: U S C I T E | P5: controllo
A6: Cod. | B6: D E S C R I Z I O N E | C6: ="A N N O "&$K$3 -> A N N O 2020 | H6: ="Anno "&$K$3-1 -> Anno 2019
C7: Previsione | D7: Somme pagate | E7: Residui Passivi da pagare | F7: ="TOTALE anno "&$K$3 -> TOTALE anno 2020 | G7: % | H7: Rendiconto di Gestione | I7: % | K7: BILANCIO PREVISIONE | L7: DISPONIBILITÀ (differenza bilancio previs. meno uscite) | N7: colonna A
A8: a | B8: b | C8: c | D8: d | E8: e | F8: f = (d + e) | H8: g
A9: =BIL.PREV.!F5 -> uu30 | B9: =BIL.PREV.!G5 -> Quote Associative | C9: =BIL.PREV.!H5 -> 85527 | D9: ='1^ NOTA CASSA'!AN12 -> 0 | E9: =RR.PP.!S$41 -> 0 | F9: =D9+E9 -> 0 | G9: =IF(F9>0,F9/F$53,"") | I9: =IF(H9>0,H9/H$47,"") | K9: =BIL.PREV.!H5 -> 85527 | L9: =K9-O2 -> 85527 | N9: =K9-(K9*$O$2/100) -> 85527 | O9: =IMPEGNI!J11 -> 0 | P9: =IF(O9<0,"1","") | Q9: =N9-F9-O9 -> 85527
A10: =BIL.PREV.!F6 -> uu31 | B10: =BIL.PREV.!G6 -> Spese trasferte e rimborsi ad organi istituzionali | C10: =BIL.PREV.!H6 -> 12000 | D10: ='1^ NOTA CASSA'!AN13 -> 0 | E10: =RR.PP.!T$41 -> 0 | F10: =D10+E10 -> 0 | G10: =IF(F10>0,F10/F$53,"") | I10: =IF(H10>0,H10/H$47,"") | K10: =BIL.PREV.!H6 -> 12000 | L10: =K10-#REF! -> #REF! | N10: =K10-(K10*$O$2/100) -> 12000 | O10: =IMPEGNI!J12 -> 0 | P10: =IF(O10<0,"1","") | Q10: =N10-F10-O10 -> 12000
A11: =BIL.PREV.!F7 -> uu32 | B11: =BIL.PREV.!G7 -> Spese x attività Avis giovani -organ.e partec.convegni-seminari- attività di formazione | C11: =BIL.PREV.!H7 -> 3500 | D11: ='1^ NOTA CASSA'!AN14 -> 0 | E11: =RR.PP.!U$41 -> 0 | F11: =D11+E11 -> 0 | G11: =IF(F11>0,F11/F$53,"") | I11: =IF(H11>0,H11/H$47,"") | K11: =BIL.PREV.!H7 -> 3500 | L11: =K11-#REF! -> #REF! | N11: =K11-(K11*$O$2/100) -> 3500 | O11: =IMPEGNI!J13 -> 0 | P11: =IF(O11<0,"1","") | Q11: =N11-F11-O11 -> 3500
A12: =BIL.PREV.!F8 -> uu33 | B12: =BIL.PREV.!G8 -> Spese finalità cinque per mille | C12: =BIL.PREV.!H8 -> 500 | D12: ='1^ NOTA CASSA'!AN15 -> 0 | E12: =RR.PP.!V$41 -> 0 | F12: =D12+E12 -> 0 | G12: =IF(F12>0,F12/F$53,"") | I12: =IF(H12>0,H12/H$47,"") | K12: =BIL.PREV.!H8 -> 500 | L12: =K12-#REF! -> #REF! | N12: =K12-(K12*$O$2/100) -> 500 | O12: =IMPEGNI!J14 -> 0 | P12: =IF(O12<0,"1","") | Q12: =N12-F12-O12 -> 500
A13: =BIL.PREV.!F9 -> uu34 | B13: =BIL.PREV.!G9 -> Spese per pubblicità e promozione eventi | C13: =BIL.PREV.!H9 -> 1950 | D13: ='1^ NOTA CASSA'!AN16 -> 0 | E13: =RR.PP.!W$41 -> 0 | F13: =D13+E13 -> 0 | G13: =IF(F13>0,F13/F$53,"") | I13: =IF(H13>0,H13/H$47,"") | K13: =BIL.PREV.!H9 -> 1950 | L13: =K13-#REF! -> #REF! | N13: =K13-(K13*$O$2/100) -> 1950 | O13: =IMPEGNI!J15 -> 0 | P13: =IF(O13<0,"1","") | Q13: =N13-F13-O13 -> 1950
A14: =BIL.PREV.!F10 -> uu35 | B14: =BIL.PREV.!G10 -> Spese organizzazione Assemblea ed eventi | C14: =BIL.PREV.!H10 -> 3000 | D14: ='1^ NOTA CASSA'!AN17 -> 0 | E14: =RR.PP.!X$41 -> 0 | F14: =D14+E14 -> 0 | G14: =IF(F14>0,F14/F$53,"") | I14: =IF(H14>0,H14/H$47,"") | K14: =BIL.PREV.!H10 -> 3000 | L14: =K14-#REF! -> #REF! | N14: =K14-(K14*$O$2/100) -> 3000 | O14: =IMPEGNI!J16 -> 0 | P14: =IF(O14<0,"1","") | Q14: =N14-F14-O14 -> 3000
A15: =BIL.PREV.!F11 -> uu36 | B15: =BIL.PREV.!G11 -> Spese funzionamento segreteria-consulenza e collaborazioni professionali | C15: =BIL.PREV.!H11 -> 1500 | D15: ='1^ NOTA CASSA'!AN18 -> 0 | E15: =RR.PP.!Y$41 -> 0 | F15: =D15+E15 -> 0 | G15: =IF(F15>0,F15/F$53,"") | I15: =IF(H15>0,H15/H$47,"") | K15: =BIL.PREV.!H11 -> 1500 | L15: =K15-#REF! -> #REF! | N15: =K15-(K15*$O$2/100) -> 1500 | O15: =IMPEGNI!J17 -> 0 | P15: =IF(O15<0,"1","") | Q15: =N15-F15-O15 -> 1500
A16: =BIL.PREV.!F12 -> uu37 | B16: =BIL.PREV.!G12 -> Spese e Oneri Servizio Civile | C16: =BIL.PREV.!H12 -> 2500 | D16: ='1^ NOTA CASSA'!AN19 -> 0 | E16: =RR.PP.!Z$41 -> 0 | F16: =D16+E16 -> 0 | G16: =IF(F16>0,F16/F$53,"") | I16: =IF(H16>0,H16/H$47,"") | K16: =BIL.PREV.!H12 -> 2500 | L16: =K16-#REF! -> #REF! | N16: =K16-(K16*$O$2/100) -> 2500 | O16: =IMPEGNI!J18 -> 0 | P16: =IF(O16<0,"1","") | Q16: =N16-F16-O16 -> 2500
A17: =BIL.PREV.!F13 -> uu38 | B17: =BIL.PREV.!G13 -> Spese gestione, manut. e riparazione automezzo e attrezz. | C17: =BIL.PREV.!H13 -> 4675.57 | D17: ='1^ NOTA CASSA'!AN20 -> 0 | E17: =RR.PP.!AA$41 -> 0 | F17: =D17+E17 -> 0 | G17: =IF(F17>0,F17/F$53,"") | I17: =IF(H17>0,H17/H$47,"") | K17: =BIL.PREV.!H13 -> 4675.57 | L17: =K17-#REF! -> #REF! | N17: =K17-(K17*$O$2/100) -> 4675.57 | O17: =IMPEGNI!J19 -> 0 | P17: =IF(O17<0,"1","") | Q17: =N17-F17-O17 -> 4675.57
A18: =BIL.PREV.!F14 -> uu39 | B18: =BIL.PREV.!G14 -> Spese forfettarie compartecip.forniture luce, acqua e gas | C18: =BIL.PREV.!H14 -> 100 | D18: ='1^ NOTA CASSA'!AN21 -> 0 | E18: =RR.PP.!AB$41 -> 0 | F18: =D18+E18 -> 0 | G18: =IF(F18>0,F18/F$53,"") | I18: =IF(H18>0,H18/H$47,"") | K18: =BIL.PREV.!H14 -> 100 | L18: =K18-#REF! -> #REF! | N18: =K18-(K18*$O$2/100) -> 100 | O18: =IMPEGNI!J20 -> 0 | P18: =IF(O18<0,"1","") | Q18: =N18-F18-O18 -> 100
A19: =BIL.PREV.!F15 -> uu40 | B19: =BIL.PREV.!G15 -> Spese di assicurazione | C19: =BIL.PREV.!H15 -> 1700 | D19: ='1^ NOTA CASSA'!AN22 -> 0 | E19: =RR.PP.!AC$41 -> 0 | F19: =D19+E19 -> 0 | G19: =IF(F19>0,F19/F$53,"") | I19: =IF(H19>0,H19/H$47,"") | K19: =BIL.PREV.!H15 -> 1700 | L19: =K19-#REF! -> #REF! | N19: =K19-(K19*$O$2/100) -> 1700 | O19: =IMPEGNI!J21 -> 0 | P19: =IF(O19<0,"1","") | Q19: =N19-F19-O19 -> 1700
A20: =BIL.PREV.!F16 -> uu41 | B20: =BIL.PREV.!G16 -> Spese telefono - postali e valori bollati | C20: =BIL.PREV.!H16 -> 2200 | D20: ='1^ NOTA CASSA'!AN23 -> 0 | E20: =RR.PP.!AD$41 -> 0 | F20: =D20+E20 -> 0 | G20: =IF(F20>0,F20/F$53,"") | I20: =IF(H20>0,H20/H$47,"") | K20: =BIL.PREV.!H16 -> 2200 | L20: =K20-#REF! -> #REF! | N20: =K20-(K20*$O$2/100) -> 2200 | O20: =IMPEGNI!J22 -> 0 | P20: =IF(O20<0,"1","") | Q20: =N20-F20-O20 -> 2200
A21: =BIL.PREV.!F17 -> uu42 | B21: =BIL.PREV.!G17 -> Spese per pulizia ed affitto locali | C21: =BIL.PREV.!H17 -> 100 | D21: ='1^ NOTA CASSA'!AN24 -> 0 | E21: =RR.PP.!AE$41 -> 0 | F21: =D21+E21 -> 0 | G21: =IF(F21>0,F21/F$53,"") | I21: =IF(H21>0,H21/H$47,"") | K21: =BIL.PREV.!H17 -> 100 | L21: =K21-#REF! -> #REF! | N21: =K21-(K21*$O$2/100) -> 100 | O21: =IMPEGNI!J23 -> 0 | P21: =IF(O21<0,"1","") | Q21: =N21-F21-O21 -> 100
A22: =BIL.PREV.!F18 -> uu43 | B22: =BIL.PREV.!G18 -> Spese per acquisto attrezzature e arredi | C22: =BIL.PREV.!H18 -> 500 | D22: ='1^ NOTA CASSA'!AN25 -> 0 | E22: =RR.PP.!AF$41 -> 0 | F22: =D22+E22 -> 0 | G22: =IF(F22>0,F22/F$53,"") | I22: =IF(H22>0,H22/H$47,"") | K22: =BIL.PREV.!H18 -> 500 | L22: =K22-#REF! -> #REF! | N22: =K22-(K22*$O$2/100) -> 500 | O22: =IMPEGNI!J24 -> 0 | P22: =IF(O22<0,"1","") | Q22: =N22-F22-O22 -> 500
A23: =BIL.PREV.!F19 -> uu44 | B23: =BIL.PREV.!G19 -> Spese di cancelleria e gestione ufficio | C23: =BIL.PREV.!H19 -> 1500 | D23: ='1^ NOTA CASSA'!AN26 -> 0 | E23: =RR.PP.!AG$41 -> 0 | F23: =D23+E23 -> 0 | G23: =IF(F23>0,F23/F$53,"") | I23: =IF(H23>0,H23/H$47,"") | K23: =BIL.PREV.!H19 -> 1500 | L23: =K23-#REF! -> #REF! | N23: =K23-(K23*$O$2/100) -> 1500 | O23: =IMPEGNI!J25 -> 0 | P23: =IF(O23<0,"1","") | Q23: =N23-F23-O23 -> 1500
A24: =BIL.PREV.!F20 -> uu45 | B24: =BIL.PREV.!G20 -> Oneri fiscali e tributari | C24: =BIL.PREV.!H20 -> 150 | D24: ='1^ NOTA CASSA'!AN27 -> 0 | E24: =RR.PP.!AH$41 -> 0 | F24: =D24+E24 -> 0 | G24: =IF(F24>0,F24/F$53,"") | I24: =IF(H24>0,H24/H$47,"") | K24: =BIL.PREV.!H20 -> 150 | L24: =K24-#REF! -> #REF! | N24: =K24-(K24*$O$2/100) -> 150 | O24: =IMPEGNI!J26 -> 0 | P24: =IF(O24<0,"1","") | Q24: =N24-F24-O24 -> 150
A25: =BIL.PREV.!F21 -> uu46 | B25: =BIL.PREV.!G21 -> Oneri Bancari | C25: =BIL.PREV.!H21 -> 500 | D25: ='1^ NOTA CASSA'!AN28 -> 29.94 | E25: =RR.PP.!AI$41 -> 0 | F25: =D25+E25 -> 29.94 | G25: =IF(F25>0,F25/F$53,"") -> 0.00035232163 | I25: =IF(H25>0,H25/H$47,"") | K25: =BIL.PREV.!H21 -> 500 | L25: =K25-#REF! -> #REF! | N25: =K25-(K25*$O$2/100) -> 500 | O25: =IMPEGNI!J27 -> 0 | P25: =IF(O25<0,"1","") | Q25: =N25-F25-O25 -> 470.06
A26: =BIL.PREV.!F22 -> uu47 | B26: =BIL.PREV.!G22 -> Spese per progetti finanziati da Fondazioni e Cesv | C26: =BIL.PREV.!H22 -> 10000 | D26: ='1^ NOTA CASSA'!AN29 -> 0 | E26: =RR.PP.!AJ$41 -> 0 | F26: =D26+E26 -> 0 | G26: =IF(F26>0,F26/F$53,"") | I26: =IF(H26>0,H26/H$47,"") | K26: =BIL.PREV.!H22 -> 10000 | L26: =K26-#REF! -> #REF! | N26: =K26-(K26*$O$2/100) -> 10000 | O26: =IMPEGNI!J28 -> 0 | P26: =IF(O26<0,"1","") | Q26: =N26-F26-O26 -> 10000
A27: =BIL.PREV.!F23 -> uu48 | B27: =BIL.PREV.!G23 -> Spese per progetti e iniziative di Solidarietà | C27: =BIL.PREV.!H23 -> 500 | D27: ='1^ NOTA CASSA'!AN30 -> 0 | E27: =RR.PP.!AK$41 -> 0 | F27: =D27+E27 -> 0 | G27: =IF(F27>0,F27/F$53,"") | I27: =IF(H27>0,H27/H$47,"") | K27: =BIL.PREV.!H23 -> 500 | L27: =K27-#REF! -> #REF! | N27: =K27-(K27*$O$2/100) -> 500 | O27: =IMPEGNI!J29 -> 0 | P27: =IF(O27<0,"1","") | Q27: =N27-F27-O27 -> 500
A28: =BIL.PREV.!F24 -> uu49 | B28: =BIL.PREV.!G24 -> Spese impreviste | C28: =BIL.PREV.!H24 -> 100 | D28: ='1^ NOTA CASSA'!AN31 -> 0 | E28: =RR.PP.!AL$41 -> 0 | F28: =D28+E28 -> 0 | G28: =IF(F28>0,F28/F$53,"") | I28: =IF(H28>0,H28/H$47,"") | K28: =BIL.PREV.!H24 -> 100 | L28: =K28-#REF! -> #REF! | N28: =K28-(K28*$O$2/100) -> 100 | O28: =IMPEGNI!J30 -> 0 | P28: =IF(O28<0,"1","") | Q28: =N28-F28-O28 -> 100
A29: =BIL.PREV.!F25 -> uu50 | B29: =BIL.PREV.!G25 -> retribuzione dipendente | C29: =BIL.PREV.!H25 -> 2150 | D29: ='1^ NOTA CASSA'!AN32 -> 0 | E29: =RR.PP.!AM$41 -> 0 | F29: =D29+E29 -> 0 | G29: =IF(F29>0,F29/F$53,"") | I29: =IF(H29>0,H29/H$47,"") | K29: =BIL.PREV.!H25 -> 2150 | L29: =K29-#REF! -> #REF! | N29: =K29-(K29*$O$2/100) -> 2150 | O29: =IMPEGNI!J31 -> 0 | P29: =IF(O29<0,"1","") | Q29: =N29-F29-O29 -> 2150
A30: =BIL.PREV.!F26 -> uu51 | B30: =BIL.PREV.!G26 -> oneri sociali | C30: =BIL.PREV.!H26 -> 2200 | D30: ='1^ NOTA CASSA'!AN33 -> 0 | E30: =RR.PP.!AN$41 -> 0 | F30: =D30+E30 -> 0 | G30: =IF(F30>0,F30/F$53,"") | I30: =IF(H30>0,H30/H$47,"") | K30: =BIL.PREV.!H26 -> 2200 | L30: =K30-#REF! -> #REF! | N30: =K30-(K30*$O$2/100) -> 2200 | O30: =IMPEGNI!J32 -> 0 | P30: =IF(O30<0,"1","") | Q30: =N30-F30-O30 -> 2200
A31: =BIL.PREV.!F27 -> uu52 | B31: =BIL.PREV.!G27 -> TFR | C31: =BIL.PREV.!H27 -> 800 | D31: ='1^ NOTA CASSA'!AN34 -> 0 | E31: =RR.PP.!AO$41 -> 0 | F31: =D31+E31 -> 0 | G31: =IF(F31>0,F31/F$53,"") | I31: =IF(H31>0,H31/H$47,"") | K31: =BIL.PREV.!H27 -> 800 | N31: =K31-(K31*$O$2/100) -> 800 | O31: =IMPEGNI!J33 -> 0 | Q31: =N31-F31-O31 -> 800
A32: =BIL.PREV.!F28 -> uu53 | B32: =BIL.PREV.!#REF! -> #REF! | C32: =BIL.PREV.!H28 -> 14515.81 | D32: ='1^ NOTA CASSA'!AN35 -> 0 | E32: =RR.PP.!AP$41 -> 0 | F32: =D32+E32 -> 0 | G32: =IF(F32>0,F32/F$53,"") | I32: =IF(H32>0,H32/H$47,"") | K32: =BIL.PREV.!H28 -> 14515.81 | N32: =K32-(K32*$O$2/100) -> 14515.81 | O32: =IMPEGNI!J34 -> 0 | Q32: =N32-F32-O32 -> 14515.81
A33: =BIL.PREV.!F29 | B33: =BIL.PREV.!G28 -> Cofinanziamento progetto Best Choise quota corrente esercizio | C33: =BIL.PREV.!H29 -> 0 | D33: ='1^ NOTA CASSA'!AN36 -> 0 | E33: =RR.PP.!AQ$41 -> 0 | F33: =D33+E33 -> 0 | G33: =IF(F33>0,F33/F$53,"") | I33: =IF(H33>0,H33/H$47,"") | K33: =BIL.PREV.!H29 -> 0 | N33: =K33-(K33*$O$2/100) -> 0 | O33: =IMPEGNI!J35 -> 0 | Q33: =N33-F33-O33 -> 0
A34: =BIL.PREV.!F30 | B34: =BIL.PREV.!G30 -> 0 | C34: =BIL.PREV.!H30 -> 0 | D34: ='1^ NOTA CASSA'!AN37 -> 0 | E34: =RR.PP.!AR$41 -> 0 | F34: =D34+E34 -> 0 | G34: =IF(F34>0,F34/F$53,"") | I34: =IF(H34>0,H34/H$47,"") | K34: =BIL.PREV.!H30 -> 0 | N34: =K34-(K34*$O$2/100) -> 0 | O34: =IMPEGNI!J36 -> 0 | Q34: =N34-F34-O34 -> 0
A35: =BIL.PREV.!F31 | B35: =BIL.PREV.!G31 -> 0 | C35: =BIL.PREV.!H31 -> 0 | D35: ='1^ NOTA CASSA'!AN38 -> 0 | E35: =RR.PP.!AS$41 -> 0 | F35: =D35+E35 -> 0 | G35: =IF(F35>0,F35/F$53,"") | I35: =IF(H35>0,H35/H$47,"") | K35: =BIL.PREV.!H31 -> 0 | N35: =K35-(K35*$O$2/100) -> 0 | O35: =IMPEGNI!J37 -> 0 | Q35: =N35-F35-O35 -> 0
A36: =BIL.PREV.!F32 | B36: =BIL.PREV.!G32 -> 0 | C36: =BIL.PREV.!H32 -> 0 | D36: ='1^ NOTA CASSA'!AN39 -> 0 | E36: =RR.PP.!AT$41 -> 0 | F36: =D36+E36 -> 0 | G36: =IF(F36>0,F36/F$53,"") | I36: =IF(H36>0,H36/H$47,"")
B37: =IF(C37>0,"Disavanzo anno "&$K$3-1,"") | C37: =BIL.PREV.!H34 -> 0 | G37: =IF(F37>0,F37/F$53,"") | I37: =IF(H37>0,H37/H$47,"") | K37: =BIL.PREV.!H32 -> 0 | L37: =K37-#REF! -> #REF! | N37: =K37-(K37*$O$2/100) -> 0 | O37: =IMPEGNI!J38 -> 0 | P37: =IF(O37<0,"1","") | Q37: =N37-F37-O37 -> 0
B38: T O T A L I | C38: =SUM(C9:C37) -> 152168.38 | D38: =SUM(D9:D37) -> 29.94 | E38: =SUM(E9:E37) -> 0 | F38: =SUM(F9:F37) -> 29.94 | G38: =SUM(G9:G37) -> 0.00035232163 | H38: =SUM(H9:H37) -> 0 | I38: =SUM(I9:I37) -> 0 | K38: =BIL.PREV.!H33 -> 152168.38 | L38: =K38-#REF! -> #REF! | O38: =IMPEGNI!J39 -> 0 | P38: =IF(O38<0,"1","") | Q38: =N38-F38-O38 -> -29.94
K39: =BIL.PREV.!H36 -> 0 | L39: =K39-#REF! -> #REF! | O39: =IMPEGNI!J40 -> 0 | P39: =IF(O39<0,"1","") | Q39: =N39-F39-O39 -> 0
